Workbook

Sheet warning
A1: real | B1: data belonging to real sector transactions
A2: acc | B2: data belonging to accumulation accounts | H2: Total number of time series | I2: Obs
A3: urflow | B3: uses-resources + flow table (tableau économique d'ensemble) | H3: =COUNTA(real!B10:XFD10)+COUNTA(acc!B10:XFD10) -> 1409 | I3: =H3*(2021-1979) -> 59178
A4: acc_table | B4: balance sheet + tables for flows, revaluations and other changes in volume
A10: line source | B10: DAA | C10: Detailed Accounts of Agents
A11: line time series | B11: variable ending in h | C11: Households only
B12: variable ending in n | C12: Non Profit Institutions Serving Households
B13: CDP | C13: Comptes de Patrimoine
B14: fcc | C14: fixed capital consumption (depreciation)
B16: bis | C16: data series that are modelled subsequently based on the assumptions taken

Sheet real
A1: source | B1: INSEE T_1102 | C1: INSEE T_1102 | D1: computed | E1: INSEE T_1102 | F1: INSEE T_1102 | G1: INSEE T_1102 | H1: INSEE T_1102 | I1: INSEE T_1102 | J1: INSEE T_1102 | K1: INSEE T_1102 | L1: INSEE T_1102 | M1: computed | N1: INSEE T_1102 | O1: INSEE T_1102 | P1: INSEE T_1102 | Q1: INSEE T_1101 | R1: INSEE T_1101 | S1: computed | T1: INSEE T_1101 | U1: INSEE T_1101 | V1: INSEE T_1101 | W1: INSEE T_1101 | X1: INSEE T_1101 | Y1: INSEE T_1101 | Z1: INSEE T_1101 | AA1: INSEE T_1101 | AB1: computed | AC1: INSEE T_1101 | AD1: INSEE T_1101 | AE1: INSEE T_1101 | AF1: computed | AG1: computed | AH1: computed | AI1: computed | AJ1: computed | AK1: computed | AL1: computed | AM1: computed | AN1: computed | AO1: computed | AP1: computed | AQ1: computed | AR1: computed | AS1: computed | AT1: computed | AU1: computed | AV1: INSEE DAA | AW1: INSEE DAA | AX1: INSEE DAA | AY1: INSEE DAA | AZ1: INSEE DAA | BA1: INSEE DAA | BB1: computed | BC1: INSEE DAA | BD1: INSEE DAA | BE1: computed | BF1: INSEE DAA | BG1: INSEE DAA | BH1: INSEE DAA | BI1: INSEE DAA | BJ1: INSEE DAA | BK1: INSEE DAA | BL1: INSEE DAA | BM1: INSEE DAA | BN1: INSEE DAA | BO1: INSEE DAA | BP1: INSEE DAA | BQ1: INSEE DAA | BR1: INSEE DAA | BS1: computed | BT1: INSEE DAA | BU1: INSEE DAA | BV1: computed | BW1: computed | BX1: INSEE DAA | BY1: computed | BZ1: INSEE DAA | CA1: computed | CB1: INSEE DAA | CC1: INSEE DAA | CD1: computed | CE1: computed | CF1: INSEE DAA | CG1: INSEE DAA | CH1: INSEE DAA | CI1: INSEE DAA | CJ1: computed | CK1: computed | CL1: INSEE DAA | CM1: INSEE DAA | CN1: computed | CO1: computed | CP1: INSEE DAA | CQ1: INSEE DAA | CR1: INSEE DAA | CS1: INSEE DAA | CT1: INSEE DAA | CU1: INSEE DAA | CV1: INSEE DAA | CW1: INSEE DAA | CX1: INSEE DAA | CY1: INSEE DAA | CZ1: computed | DA1: INSEE DAA | DB1: INSEE DAA | DC1: computed | DD1: INSEE DAA | DE1: INSEE DAA | DF1: INSEE DAA | DG1: computed | DH1: INSEE DAA | DI1: computed | DJ1: INSEE DAA | DK1: computed | DL1: INSEE DAA | DM1: INSEE DAA | DN1: computed | DO1: INSEE DAA | DP1: computed | DQ1: INSEE DAA | DR1: INSEE DAA | DS1: computed | DT1: INSEE DAA | DU1: INSEE DAA | DV1: INSEE DAA | DW1: computed | DX1: INSEE DAA | DY1: INSEE DAA | DZ1: INSEE DAA | EA1: computed | EB1: INSEE DAA | EC1: INSEE DAA | ED1: computed | EE1: computed | EF1: INSEE DAA | EG1: computed | EH1: INSEE DAA | EI1: INSEE DAA | EJ1: INSEE DAA | EK1: computed | EL1: INSEE DAA | EM1: INSEE DAA | EN1: INSEE DAA | EO1: INSEE DAA | EP1: computed | EQ1: computed | ER1: INSEE DAA | ES1: INSEE DAA | ET1: computed | EU1: computed | EV1: INSEE DAA | EW1: INSEE DAA | EX1: INSEE DAA | EY1: INSEE DAA | EZ1: INSEE DAA | FA1: INSEE DAA | FB1: INSEE DAA | FC1: INSEE DAA | FD1: INSEE DAA | FE1: computed | FF1: INSEE DAA | FG1: INSEE DAA | FH1: computed | FI1: INSEE DAA | FJ1: INSEE DAA | FK1: INSEE DAA | FL1: INSEE DAA | FM1: INSEE DAA | FN1: computed | FO1: INSEE DAA | FP1: INSEE DAA | FQ1: computed | FR1: INSEE DAA | FS1: INSEE DAA | FT1: INSEE DAA | FU1: INSEE DAA | FV1: INSEE DAA | FW1: INSEE DAA | FX1: computed | FY1: INSEE DAA | FZ1: INSEE DAA | GA1: computed | GB1: INSEE DAA | GC1: INSEE DAA | GD1: computed | GE1: computed | GF1: INSEE DAA | GG1: INSEE DAA | GH1: INSEE DAA | GI1: computed | GJ1: INSEE DAA | GK1: INSEE DAA | GL1: INSEE DAA | GM1: INSEE DAA | GN1: computed | GO1: computed | GP1: INSEE DAA | GQ1: computed | GR1: computed | GS1: INSEE DAA | GT1: INSEE DAA | GU1: INSEE DAA | GV1: computed | GW1: INSEE DAA | GX1: INSEE DAA | GY1: INSEE DAA | GZ1: INSEE DAA | HA1: INSEE DAA | HB1: computed | HC1: computed | HD1: INSEE DAA | HE1: INSEE DAA | HF1: INSEE DAA | HG1: computed | HH1: INSEE DAA | HI1: INSEE DAA | HJ1: INSEE DAA | HK1: INSEE DAA | HL1: computed | HM1: computed | HN1: INSEE DAA | HO1: INSEE DAA | HP1: computed | HQ1: computed | HR1: INSEE DAA | HS1: INSEE DAA | HT1: INSEE DAA | HU1: INSEE DAA | HV1: INSEE DAA | HW1: INSEE DAA | HX1: INSEE DAA | HY1: INSEE DAA | HZ1: INSEE DAA | IA1: computed | IB1: INSEE DAA | IC1: INSEE DAA | ID1: computed | IE1: INSEE DAA | IF1: INSEE DAA | IG1: computed | IH1: INSEE DAA | II1: INSEE DAA | IJ1: computed | IK1: INSEE DAA | IL1: INSEE DAA | IM1: computed | IN1: INSEE DAA | IO1: INSEE DAA | IP1: computed | IQ1: INSEE DAA | IR1: INSEE DAA | IS1: computed | IT1: computed | IU1: INSEE DAA | IV1: INSEE DAA | IW1: computed | IX1: INSEE DAA | IY1: INSEE DAA | IZ1: computed | JA1: INSEE DAA | JB1: computed | JC1: INSEE DAA | JD1: INSEE DAA | JE1: computed | JF1: INSEE DAA | JG1: INSEE DAA | JH1: computed | JI1: INSEE DAA | JJ1: computed | JK1: INSEE DAA | JL1: INSEE DAA | JM1: computed | JN1: INSEE DAA | JO1: computed | JP1: INSEE DAA | JQ1: INSEE DAA | JR1: computed | JS1: INSEE DAA | JT1: computed | JU1: INSEE DAA | JV1: INSEE DAA | JW1: INSEE DAA | JX1: computed | JY1: computed | JZ1: INSEE DAA | KA1: INSEE DAA | KB1: computed | KC1: INSEE DAA | KD1: INSEE DAA | KE1: computed | KF1: computed | KG1: computed | KH1: INSEE DAA | KI1: INSEE DAA | KJ1: computed | KK1: INSEE DAA | KL1: INSEE DAA | KM1: INSEE DAA | KN1: computed | KO1: INSEE DAA | KP1: computed | KQ1: computed | KR1: INSEE DAA | KS1: INSEE DAA | KT1: computed | KU1: INSEE DAA | KV1: INSEE DAA | KW1: computed | KX1: computed | KY1: computed | KZ1: INSEE DAA | LA1: INSEE DAA | LB1: computed | LC1: INSEE DAA | LD1: INSEE DAA | LE1: computed | LF1: INSEE DAA | LG1: INSEE DAA | LH1: computed | LI1: INSEE DAA | LJ1: INSEE DAA | LK1: computed | LL1: INSEE DAA | LM1: INSEE DAA | LN1: computed | LO1: computed | LP1: computed | LQ1: INSEE DAA | LR1: INSEE DAA | LS1: computed | LT1: INSEE DAA | LU1: computed | LV1: computed | LW1: INSEE DAA | LX1: INSEE DAA | LY1: computed | LZ1: INSEE DAA | MA1: computed | MB1: INSEE DAA | MC1: computed | MD1: INSEE DAA | ME1: computed | MF1: INSEE DAA | MG1: INSEE DAA | MH1: computed | MI1: INSEE DAA | MJ1: INSEE DAA | MK1: INSEE DAA | ML1: INSEE DAA | MM1: INSEE DAA | MN1: computed | MO1: INSEE DAA | MP1: INSEE DAA | MQ1: INSEE DAA | MR1: INSEE DAA | MS1: INSEE DAA | MT1: computed | MU1: INSEE DAA | MV1: INSEE DAA | MW1: INSEE DAA | MX1: INSEE DAA | MY1: computed | MZ1: INSEE DAA | NA1: computed | NB1: INSEE DAA | NC1: INSEE DAA | ND1: computed | NE1: INSEE DAA | NF1: computed | NG1: INSEE DAA | NH1: INSEE DAA | NI1: INSEE DAA | NJ1: INSEE DAA | NK1: computed | NL1: computed | NM1: INSEE DAA | NN1: INSEE DAA | NO1: INSEE DAA | NP1: computed | NQ1: INSEE DAA | NR1: INSEE DAA | NS1: INSEE DAA | NT1: computed | NU1: INSEE DAA | NV1: computed | NW1: INSEE DAA | NX1: INSEE DAA | NY1: INSEE DAA | NZ1: INSEE DAA | OA1: INSEE DAA | OB1: INSEE DAA | OC1: computed | OD1: INSEE DAA | OE1: INSEE DAA | OF1: computed | OG1: INSEE DAA | OH1: INSEE DAA | OI1: INSEE DAA | OJ1: computed | OK1: INSEE DAA | OL1: INSEE DAA | OM1: INSEE DAA | ON1: INSEE DAA | OO1: INSEE DAA | OP1: computed | OQ1: computed | OR1: INSEE DAA | OS1: INSEE DAA | OT1: computed | OU1: INSEE DAA | OV1: INSEE DAA | OW1: computed | OX1: INSEE DAA | OY1: INSEE t_pib_val | OZ1: computed | PA1: computed | PB1: computed | PC1: OECD | PD1: Eurostat | PE1: World Bank/BdF | PF1: BdF | PG1: computed | PH1: computed | PI1: computed | PJ1: computed | PK1: computed | PL1: computed | PM1: LBMA | PN1: macrotrends | PO1: OECD | PP1: INSEE | PQ1: computed | PR1: computed | PS1: computed | PT1: INSEE CpteEmploi | PU1: INSEE CpteEmploi | PV1: INSEE CpteEmploi | PW1: INSEE CpteEmploi | PX1: INSEE CpteEmploi | PY1: computed | PZ1: INSEE CpteEmploi | QA1: INSEE CpteEmploi | QB1: INSEE CpteEmploi | QC1: INSEE CpteEmploi | QD1: INSEE CpteEmploi | QE1: INSEE CpteEmploi | QF1: INSEE CpteEmploi | QG1: INSEE CpteEmploi | QH1: INSEE CpteEmploi | QI1: INSEE CpteEmploi | QJ1: INSEE CpteEmploi | QK1: INSEE CpteEmploi | QL1: INSEE CpteEmploi | QM1: INSEE CpteEmploi | QN1: IMF WEO | QO1: INSEE | QP1: INSEE | QQ1: INSEE | QR1: computed | QS1: WB | QT1: computed | QU1: computed | QV1: Banque de France | QW1: OECD | QX1: OECD computed | QY1: WB WDI | QZ1: ECB | RA1: BIS | RB1: BIS | RC1: WB WDI | RD1: OECD | RE1: OECD | RF1: BIS | RG1: BIS | RH1: computed | RI1: computed | RJ1: WB WDI | RL1: =W1 -> INSEE T_1101 | RM1: =CP1 -> INSEE DAA | RN1: computed | RO1: computed
A2: unit | B2: billion | C2: billion | D2: billion | E2: billion | F2: billion | G2: billion | H2: billion | I2: billion | J2: billion | K2: billion | L2: billion | M2: billion | N2: billion | O2: billion | P2: billion | Q2: billion | R2: billion | S2: billion | T2: billion | U2: billion | V2: billion | W2: billion | X2: billion | Y2: billion | Z2: billion | AA2: billion | AB2: billion | AC2: billion | AD2: billion | AE2: billion | AF2: base | AG2: base | AH2: base | AI2: base | AJ2: base | AK2: base | AL2: base | AM2: base | AN2: base | AO2: base | AP2: base | AQ2: base | AR2: base | AS2: base | AT2: base | AU2: base | AV2: billion | AW2: billion | AX2: billion | AY2: billion | AZ2: billion | BA2: billion | BB2: billion | BC2: billion | BD2: billion | BE2: billion | BF2: billion | BG2: billion | BH2: billion | BI2: billion | BJ2: billion | BK2: billion | BL2: billion | BM2: billion | BN2: billion | BO2: billion | BP2: billion | BQ2: billion | BR2: billion | BS2: billion | BT2: billion | BU2: billion | BV2: billion | BW2: billion | BX2: billion | BY2: billion | BZ2: billion | CA2: billion | CB2: billion | CC2: billion | CD2: billion | CE2: billion | CF2: billion | CG2: billion | CH2: billion | CI2: billion | CJ2: billion | CK2: billion | CL2: billion | CM2: billion | CN2: billion | CO2: billion | CP2: billion | CQ2: billion | CR2: billion | CS2: billion | CT2: billion | CU2: billion | CV2: billion | CW2: billion | CX2: billion | CY2: billion | CZ2: billion | DA2: billion | DB2: billion | DC2: billion | DD2: billion | DE2: billion | DF2: billion | DG2: billion | DH2: billion | DI2: billion | DJ2: billion | DK2: billion | DL2: billion | DM2: billion | DN2: billion | DO2: billion | DP2: billion | DQ2: billion | DR2: billion | DS2: billion | DT2: billion | DU2: billion | DV2: billion | DW2: billion | DX2: billion | DY2: billion | DZ2: billion | EA2: billion | EB2: billion | EC2: billion | ED2: billion | EE2: billion | EF2: billion | EG2: billion | EH2: billion | EI2: billion | EJ2: billion | EK2: billion | EL2: billion | EM2: billion | EN2: billion | EO2: billion | EP2: billion | EQ2: billion | ER2: billion | ES2: billion | ET2: billion | EU2: billion | EV2: billion | EW2: billion | EX2: billion | EY2: billion | EZ2: billion | FA2: billion | FB2: billion | FC2: billion | FD2: billion | FE2: billion | FF2: billion | FG2: billion | FH2: billion | FI2: billion | FJ2: billion | FK2: billion | FL2: billion | FM2: billion | FN2: billion | FO2: billion | FP2: billion | FQ2: billion | FR2: billion | FS2: billion | FT2: billion | FU2: billion | FV2: billion | FW2: billion | FX2: billion | FY2: billion | FZ2: billion | GA2: billion | GB2: billion | GC2: billion | GD2: billion | GE2: billion | GF2: billion | GG2: billion | GH2: billion | GI2: billion | GJ2: billion | GK2: billion | GL2: billion | GM2: billion | GN2: billion | GO2: billion | GP2: billion | GQ2: billion | GR2: billion | GS2: billion | GT2: billion | GU2: billion | GV2: billion | GW2: billion | GX2: billion | GY2: billion | GZ2: billion | HA2: billion | HB2: billion | HC2: billion | HD2: billion | HE2: billion | HF2: billion | HG2: billion | HH2: billion | HI2: billion | HJ2: billion | HK2: billion | HL2: billion | HM2: billion | HN2: billion | HO2: billion | HP2: billion | HQ2: billion | HR2: billion | HS2: billion | HT2: billion | HU2: billion | HV2: billion | HW2: billion | HX2: billion | HY2: billion | HZ2: billion | IA2: billion | IB2: billion | IC2: billion | ID2: billion | IE2: billion | IF2: billion | IG2: billion | IH2: billion | II2: billion | IJ2: billion | IK2: billion | IL2: billion | IM2: billion | IN2: billion | IO2: billion | IP2: billion | IQ2: billion | IR2: billion | IS2: billion | IT2: billion | IU2: billion | IV2: billion | IW2: billion | IX2: billion | IY2: billion | IZ2: billion | JA2: billion | JB2: billion | JC2: billion | JD2: billion | JE2: billion | JF2: billion | JG2: billion | JH2: billion | JI2: billion | JJ2: billion | JK2: billion | JL2: billion | JM2: billion | JN2: billion | JO2: billion | JP2: billion | JQ2: billion | JR2: billion | JS2: billion | JT2: billion | JU2: billion | JV2: billion | JW2: billion | JX2: billion | JY2: billion | JZ2: billion | KA2: billion | KB2: billion | KC2: billion | KD2: billion | KE2: billion | KF2: billion | KG2: billion | KH2: billion | KI2: billion | KJ2: billion | KK2: billion | KL2: billion | KM2: billion | KN2: billion | KO2: billion | KP2: billion | KQ2: billion | KR2: billion | KS2: billion | KT2: billion | KU2: billion | KV2: billion | KW2: billion | KX2: billion | KY2: billion | KZ2: billion | LA2: billion | LB2: billion | LC2: billion | LD2: billion | LE2: billion | LF2: billion | LG2: billion | LH2: billion | LI2: billion | LJ2: billion | LK2: billion | LL2: billion | LM2: billion | LN2: billion | LO2: billion | LP2: billion | LQ2: billion | LR2: billion | LS2: billion | LT2: billion | LU2: billion | LV2: billion | LW2: billion | LX2: billion | LY2: billion | LZ2: billion | MA2: billion | MB2: billion | MC2: billion | MD2: billion | ME2: billion | MF2: billion | MG2: billion | MH2: billion | MI2: billion | MJ2: billion | MK2: billion | ML2: billion | MM2: billion | MN2: billion | MO2: billion | MP2: billion | MQ2: billion | MR2: billion | MS2: billion | MT2: billion | MU2: billion | MV2: billion | MW2: billion | MX2: billion | MY2: billion | MZ2: billion | NA2: billion | NB2: billion | NC2: billion | ND2: billion | NE2: billion | NF2: billion | NG2: billion | NH2: billion | NI2: billion | NJ2: billion | NK2: billion | NL2: billion | NM2: billion | NN2: billion | NO2: billion | NP2: billion | NQ2: billion | NR2: billion | NS2: billion | NT2: billion | NU2: billion | NV2: billion | NW2: billion | NX2: billion | NY2: billion | NZ2: billion | OA2: billion | OB2: billion | OC2: billion | OD2: billion | OE2: billion | OF2: billion | OG2: billion | OH2: billion | OI2: billion | OJ2: billion | OK2: billion | OL2: billion | OM2: billion | ON2: billion | OO2: billion | OP2: billion | OQ2: billion | OR2: billion | OS2: billion | OT2: billion | OU2: billion | OV2: billion | OW2: billion | OX2: billion | OY2: billion | OZ2: ratio | PA2: billion | PB2: billion | PC2: % | PD2: % | PE2: % | PF2: % | PG2: billion | PH2: billion | PI2: billion | PJ2: billion | PK2: billion | PL2: billion | PO2: % | PR2: base | PS2: ratio | PT2: million | PU2: million | PV2: million | PW2: million | PX2: million | PY2: million | PZ2: million | QA2: million | QB2: million | QC2: million | QD2: million | QE2: million | QF2: million | QG2: million | QH2: million | QI2: million | QJ2: million | QK2: million | QL2: million | QM2: million | QN2: pct | QO2: pct | QP2: million | QQ2: pct | QR2: million | QS2: million | QT2: pct | QU2: pct | QV2: pct | QW2: pct | QX2: pct | QY2: pct | QZ2: pct | RD2: Index | RE2: Index | RF2: index | RG2: index | RH2: index | RI2: index | RL2: =W2 -> billion | RM2: =CP2 -> billion | RN2: % of GDP | RO2: % of GDP
A3: currency | B3: EUR | C3: EUR | D3: EUR | E3: EUR | F3: EUR | G3: EUR | H3: EUR | I3: EUR | J3: EUR | K3: EUR | L3: EUR | M3: EUR | N3: EUR | O3: EUR | P3: EUR | Q3: EUR | R3: EUR | S3: EUR | T3: EUR | U3: EUR | V3: EUR | W3: EUR | X3: EUR | Y3: EUR | Z3: EUR | AA3: EUR | AB3: EUR | AC3: EUR | AD3: EUR | AE3: EUR | AF3: 2015 | AG3: 2015 | AH3: 2015 | AI3: 2015 | AJ3: 2015 | AK3: 2015 | AL3: 2015 | AM3: 2015 | AN3: 2015 | AO3: 2015 | AP3: 2015 | AQ3: 2015 | AR3: 2015 | AS3: 2015 | AT3: 2015 | AU3: 2015 | AV3: EUR | AW3: EUR | AX3: EUR | AY3: EUR | AZ3: EUR | BA3: EUR | BB3: EUR | BC3: EUR | BD3: EUR | BE3: EUR | BF3: EUR | BG3: EUR | BH3: EUR | BI3: EUR | BJ3: EUR | BK3: EUR | BL3: EUR | BM3: EUR | BN3: EUR | BO3: EUR | BP3: EUR | BQ3: EUR | BR3: EUR | BS3: EUR | BT3: EUR | BU3: EUR | BV3: EUR | BW3: EUR | BX3: EUR | BY3: EUR | BZ3: EUR | CA3: EUR | CB3: EUR | CC3: EUR | CD3: EUR | CE3: EUR | CF3: EUR | CG3: EUR | CH3: EUR | CI3: EUR | CJ3: EUR | CK3: EUR | CL3: EUR | CM3: EUR | CN3: EUR | CO3: EUR | CP3: EUR | CQ3: EUR | CR3: EUR | CS3: EUR | CT3: EUR | CU3: EUR | CV3: EUR | CW3: EUR | CX3: EUR | CY3: EUR | CZ3: EUR | DA3: EUR | DB3: EUR | DC3: EUR | DD3: EUR | DE3: EUR | DF3: EUR | DG3: EUR | DH3: EUR | DI3: EUR | DJ3: EUR | DK3: EUR | DL3: EUR | DM3: EUR | DN3: EUR | DO3: EUR | DP3: EUR | DQ3: EUR | DR3: EUR | DS3: EUR | DT3: EUR | DU3: EUR | DV3: EUR | DW3: EUR | DX3: EUR | DY3: EUR | DZ3: EUR | EA3: EUR | EB3: EUR | EC3: EUR | ED3: EUR | EE3: EUR | EF3: EUR | EG3: EUR | EH3: EUR | EI3: EUR | EJ3: EUR | EK3: EUR | EL3: EUR | EM3: EUR | EN3: EUR | EO3: EUR | EP3: EUR | EQ3: EUR | ER3: EUR | ES3: EUR | ET3: EUR | EU3: EUR | EV3: EUR | EW3: EUR | EX3: EUR | EY3: EUR | EZ3: EUR | FA3: EUR | FB3: EUR | FC3: EUR | FD3: EUR | FE3: EUR | FF3: EUR | FG3: EUR | FH3: EUR | FI3: EUR | FJ3: EUR | FK3: EUR | FL3: EUR | FM3: EUR | FN3: EUR | FO3: EUR | FP3: EUR | FQ3: EUR | FR3: EUR | FS3: EUR | FT3: EUR | FU3: EUR | FV3: EUR | FW3: EUR | FX3: EUR | FY3: EUR | FZ3: EUR | GA3: EUR | GB3: EUR | GC3: EUR | GD3: EUR | GE3: EUR | GF3: EUR | GG3: EUR | GH3: EUR | GI3: EUR | GJ3: EUR | GK3: EUR | GL3: EUR | GM3: EUR | GN3: EUR | GO3: EUR | GP3: EUR | GQ3: EUR | GR3: EUR | GS3: EUR | GT3: EUR | GU3: EUR | GV3: EUR | GW3: EUR | GX3: EUR | GY3: EUR | GZ3: EUR | HA3: EUR | HB3: EUR | HC3: EUR | HD3: EUR | HE3: EUR | HF3: EUR | HG3: EUR | HH3: EUR | HI3: EUR | HJ3: EUR | HK3: EUR | HL3: EUR | HM3: EUR | HN3: EUR | HO3: EUR | HP3: EUR | HQ3: EUR | HR3: EUR | HS3: EUR | HT3: EUR | HU3: EUR | HV3: EUR | HW3: EUR | HX3: EUR | HY3: EUR | HZ3: EUR | IA3: EUR | IB3: EUR | IC3: EUR | ID3: EUR | IE3: EUR | IF3: EUR | IG3: EUR | IH3: EUR | II3: EUR | IJ3: EUR | IK3: EUR | IL3: EUR | IM3: EUR | IN3: EUR | IO3: EUR | IP3: EUR | IQ3: EUR | IR3: EUR | IS3: EUR | IT3: EUR | IU3: EUR | IV3: EUR | IW3: EUR | IX3: EUR | IY3: EUR | IZ3: EUR | JA3: EUR | JB3: EUR | JC3: EUR | JD3: EUR | JE3: EUR | JF3: EUR | JG3: EUR | JH3: EUR | JI3: EUR | JJ3: EUR | JK3: EUR | JL3: EUR | JM3: EUR | JN3: EUR | JO3: EUR | JP3: EUR | JQ3: EUR | JR3: EUR | JS3: EUR | JT3: EUR | JU3: EUR | JV3: EUR | JW3: EUR | JX3: EUR | JY3: EUR | JZ3: EUR | KA3: EUR | KB3: EUR | KC3: EUR | KD3: EUR | KE3: EUR | KF3: EUR | KG3: EUR | KH3: EUR | KI3: EUR | KJ3: EUR | KK3: EUR | KL3: EUR | KM3: EUR | KN3: EUR | KO3: EUR | KP3: EUR | KQ3: EUR | KR3: EUR | KS3: EUR | KT3: EUR | KU3: EUR | KV3: EUR | KW3: EUR | KX3: EUR | KY3: EUR | KZ3: EUR | LA3: EUR | LB3: EUR | LC3: EUR | LD3: EUR | LE3: EUR | LF3: EUR | LG3: EUR | LH3: EUR | LI3: EUR | LJ3: EUR | LK3: EUR | LL3: EUR | LM3: EUR | LN3: EUR | LO3: EUR | LP3: EUR | LQ3: EUR | LR3: EUR | LS3: EUR | LT3: EUR | LU3: EUR | LV3: EUR | LW3: EUR | LX3: EUR | LY3: EUR | LZ3: EUR | MA3: EUR | MB3: EUR | MC3: EUR | MD3: EUR | ME3: EUR | MF3: EUR | MG3: EUR | MH3: EUR | MI3: EUR | MJ3: EUR | MK3: EUR | ML3: EUR | MM3: EUR | MN3: EUR | MO3: EUR | MP3: EUR | MQ3: EUR | MR3: EUR | MS3: EUR | MT3: EUR | MU3: EUR | MV3: EUR | MW3: EUR | MX3: EUR | MY3: EUR | MZ3: EUR | NA3: EUR | NB3: EUR | NC3: EUR | ND3: EUR | NE3: EUR | NF3: EUR | NG3: EUR | NH3: EUR | NI3: EUR | NJ3: EUR | NK3: EUR | NL3: EUR | NM3: EUR | NN3: EUR | NO3: EUR | NP3: EUR | NQ3: EUR | NR3: EUR | NS3: EUR | NT3: EUR | NU3: EUR | NV3: EUR | NW3: EUR | NX3: EUR | NY3: EUR | NZ3: EUR | OA3: EUR | OB3: EUR | OC3: EUR | OD3: EUR | OE3: EUR | OF3: EUR | OG3: EUR | OH3: EUR | OI3: EUR | OJ3: EUR | OK3: EUR | OL3: EUR | OM3: EUR | ON3: EUR | OO3: EUR | OP3: EUR | OQ3: EUR | OR3: EUR | OS3: EUR | OT3: EUR | OU3: EUR | OV3: EUR | OW3: EUR | OX3: EUR | OY3: EUR | OZ3: - | PA3: EUR | PB3: EUR | PG3: EUR | PH3: EUR | PI3: EUR | PJ3: EUR | PK3: EUR | PL3: EUR | PM3: EUR | PO3: - | PR3: 2015 | PS3: ratio | PT3: people | PU3: people | PV3: people | PW3: people | PX3: people | PY3: people | PZ3: people | QA3: people | QB3: people | QC3: people | QD3: people | QE3: people | QF3: people | QG3: people | QH3: people | QI3: people | QJ3: people | QK3: people | QL3: people | QM3: people | QP3: people | QR3: people | QS3: people | RJ3: USD | RL3: =W3 -> EUR | RM3: =CP3 -> EUR
A4: label | B4: Gross domestic product | C4: Imports | D4: Final consumption expenditure | E4: Final consumption expenditure | F4: Final consumption expenditure | G4: Final consumption expenditure | H4: GFCF | I4: GFCF | J4: GFCF | K4: GFCF | L4: GFCF | M4: GFCF | N4: Acquisitions less disposals of valuables | O4: Changes in inventories | P4: Exports | Q4: Gross domestic product | R4: Imports | S4: Final consumption expenditure | T4: Final consumption expenditure | U4: Final consumption expenditure | V4: Final consumption expenditure | W4: GFCF | X4: GFCF | Y4: GFCF | Z4: GFCF | AA4: GFCF | AB4: GFCF | AC4: Acquisitions less disposals of valuables | AD4: Changes in inventories | AE4: Exports | AF4: Gross domestic product | AG4: Value added | AH4: Imports | AI4: Final consumption expenditure | AJ4: Final consumption expenditure | AK4: Final consumption expenditure | AL4: Final consumption expenditure | AM4: GFCF | AN4: GFCF | AO4: GFCF | AP4: GFCF | AQ4: GFCF | AR4: GFCF | AS4: Acquisitions less disposals of valuables | AT4: Changes in inventories | AU4: Exports | AV4: Production | AW4: Intermediate uses | AX4: Value added | AY4: Gross wages and salaries | AZ4: Employers actual social contributions | BA4: Employers imputed social contributions | BB4: D121+D122 | BC4: Taxes on payroll and workforce | BD4: Miscellaneous taxes on production | BE4: D291+D292 | BF4: Subsidies (-) | BG4: Gross operating surplus and mixed income | BH4: Interest | BI4: Distributed income of corporations | BJ4: Reinvested earnings on direct foreign investment | BK4: Property income attributed to insurance policy holders | BL4: Rents | BM4: Interest | BN4: Distributed income of corporations | BO4: Reinvested earnings on direct foreign investment | BP4: Rents | BQ4: Imputed social contributions | BR4: Households' actual social contributions | BS4: D612Z+D613Z | BT4: Non-life insurance claims | BU4: Miscellaneous current transfers | BV4: D72+D75 | BW4: D72+D75 | BX4: Taxes on income | BY4: D51 | BZ4: Other social insurance benefits | CA4: D622 | CB4: Net non-life insurance premiums | CC4: Miscellaneous current transfers | CD4: D71+D75 | CE4: D71+D75 | CF4: Gross disposable income | CG4: Gross saving | CH4: Investment grants | CI4: Other capital transfers | CJ4: D92+D99 | CK4: D92+D99 | CL4: Capital taxes | CM4: Other capital transfers | CN4: D91+D99 | CO4: D91+D99 | CP4: Gross fixed capital formation | CQ4: Changes in inventories | CR4: Acquisitions less disposals of non-financial non-produced assets | CS4: Non financial net lending/net borrowing | CT4: Production | CU4: Intermediate uses | CV4: Value added (gross) | CW4: Gross wages and salaries | CX4: Employers actual social contributions | CY4: Employers imputed social contributions | CZ4: D121+D122 | DA4: Total wage bill and payroll taxes (paid) | DB4: Other taxes on production | DC4: D291+D292 | DD4: Other subsidies on production | DE4: Gross operating surplus | DF4: Interest | DG4: Interest | DH4: Distributed income of corporations | DI4: Distributed income of corporations | DJ4: Reinvested earnings on direct foreign investment | DK4: Property income attributed to insurance policy holders | DL4: Property income attributed to insurance policy holders | DM4: Interest | DN4: Interest | DO4: Distributed income of corporations | DP4: Distributed income of corporations | DQ4: Reinvested earnings on direct foreign investment | DR4: Property income attributed to insurance policy holders | DS4: Property income attributed to insurance policy holders | DT4: Employers actual social contributions | DU4: Imputed social contributions | DV4: Households' actual social contributions | DW4: D611Z+D612Z+D613Z | DX4: Net non-life insurance premiums | DY4: Non-life insurance claims | DZ4: Miscellaneous current transfers | EA4: D71+D72+D75 | EB4: Taxes on income | EC4: Other current taxes | ED4: D51+D59 | EE4: D51+D59 minus D5 of BdF | EF4: Other social insurance benefits | EG4: D622 | EH4: Net non-life insurance premiums | EI4: Non-life insurance claims | EJ4: Miscellaneous current transfers | EK4: D71+D72+D75 | EL4: Gross disposable income | EM4: Gross savings | EN4: Investment grants | EO4: Other capital transfers | EP4: D92+D99 | EQ4: D92+D99 | ER4: Capital taxes | ES4: Other capital transfers | ET4: D91+D99 | EU4: D91+D99 | EV4: Gross fixed capital formation | EW4: Acquisitions less disposals of non-financial non-produced assets | EX4: Non financial net lending/net borrowing | EY4: Production | EZ4: Intermediate uses | FA4: Value added (gross) | FB4: Gross wages and salaries | FC4: Employers actual social contributions | FD4: Employers imputed social contributions | FE4: D121+D122 | FF4: Total wage bill and payroll taxes (paid) | FG4: Other taxes on production | FH4: D291+292 | FI4: Other subsidies on production | FJ4: Gross operating surplus | FK4: Value added type taxes (VAT) | FL4: Taxes and duties on imports excluding VAT | FM4: Taxes on products, except VAT and import taxes | FN4: D211+D212+D214 | FO4: Total wage bill and payroll taxes (paid) | FP4: Other taxes on production | FQ4: D291+D292 | FR4: Subsidies on products | FS4: Other subsidies on production | FT4: Interest | FU4: Distributed income of corporations | FV4: Property income attributed to insurance policy holders | FW4: Rents | FX4: Rents | FY4: Interest | FZ4: Rents | GA4: Rents | GB4: Taxes on income | GC4: Other current taxes | GD4: D51+D59 | GE4: D51+D59 | GF4: Employers actual social contributions | GG4: Imputed social contributions | GH4: Households' actual social contributions | GI4: D611Z+D612Z+D613Z | GJ4: Non-life insurance claims | GK4: Current transfers within general government | GL4: Current international co-operation | GM4: Miscellaneous current transfers | GN4: D72+D73+D74+D75 | GO4: D72+D73+D74+D75 | GP4: Taxes on income | GQ4: D51 | GR4: D51 | GS4: Social benefits other than social transfers in kind | GT4: Other social insurance benefits | GU4: Social assistance benefits in cash | GV4: D621+D622+D623 | GW4: Net non-life insurance premiums | GX4: Current transfers within general government | GY4: Current international co-operation | GZ4: Miscellaneous current transfers | HA4: VAT- and GNI-based EU own resources | HB4: D71+D73+D74+D75+D76 | HC4: D71+D73+D74+D75+D76 | HD4: Gross disposable income | HE4: Final consumption expenditure, individual | HF4: Final consumption expenditure, collective | HG4: P31+P32 | HH4: Gross saving | HI4: Capital taxes | HJ4: Investment grants | HK4: Other capital transfers | HL4: D91+D92+D99 | HM4: D91+D92+D99 | HN4: Investment grants | HO4: Other capital transfers | HP4: D92+D99 | HQ4: D92+D99 | HR4: Gross fixed capital formation | HS4: Changes in inventories | HT4: Acquisitions less disposals of non-financial non-produced assets | HU4: Non financial net lending/net borrowing | HV4: Social transfers in kind - non-market production | HW4: Social transfers in kind - purchased market production | HX4: Gross adjusted disposable income | HY4: Production | HZ4: Production | IA4: S14+S15 | IB4: Intermediate uses | IC4: Intermediate uses | ID4: S14+S15 | IE4: Vale added (gross) | IF4: Vale added (gross) | IG4: S14+S15 | IH4: Gross wages and salaries | II4: Gross wages and salaries | IJ4: S14+S15 | IK4: Employers actual social contributions | IL4: Employers actual social contributions | IM4: S14+S15 | IN4: Total wage bill and payroll taxes (paid) | IO4: Other taxes on production | IP4: D291+D292 | IQ4: Total wage bill and payroll taxes (paid) | IR4: Other taxes on production | IS4: D291+D292 | IT4: S14+S15 | IU4: Other subsidies on production | IV4: Other subsidies on production | IW4: S14+S15 | IX4: Gross operating surplus and mixed income | IY4: Gross operating surplus and mixed income | IZ4: S14+S15 | JA4: Gross wages and salaries | JB4: S14+S15 | JC4: Employers actual social contributions | JD4: Employers imputed social contributions | JE4: S14+S15 | JF4: Interest | JG4: Interest | JH4: S14+S15 | JI4: Distributed income of corporations | JJ4: S14+S15 | JK4: Property income attributed to insurance policy holders | JL4: Property income attributed to insurance policy holders | JM4: S14+S15 | JN4: Rents | JO4: S14+S15 | JP4: Interest | JQ4: Interest | JR4: S14+S15 | JS4: Rents | JT4: S14+S15 | JU4: Social benefits other than social transfers in kind | JV4: Other social insurance benefits | JW4: Social assistance benefits in cash | JX4: S14+S15 (D621+D622+D623) | JY4: S14+S15 (D621+D622+D623) | JZ4: Non-life insurance claims | KA4: Miscellaneous current transfers | KB4: D72+D75 | KC4: Non-life insurance claims | KD4: Miscellaneous current transfers | KE4: D72+D75 | KF4: S14+S15 (D72+D75) | KG4: S14+S15 (D72+D75) | KH4: Taxes on income | KI4: Other current taxes | KJ4: S14+S15 | KK4: Employers actual social contributions | KL4: Imputed social contributions | KM4: Households' actual social contributions | KN4: S14+S15 | KO4: Social assistance benefits in cash | KP4: S14+S15 | KQ4: S14+S15 | KR4: Net non-life insurance premiums | KS4: Miscellaneous current transfers | KT4: D71+D75 | KU4: Net non-life insurance premiums | KV4: Miscellaneous current transfers | KW4: D71+D75 | KX4: S14+S15 | KY4: S14+S15 | KZ4: Gross disposable income | LA4: Gross disposable income | LB4: S14+S15 | LC4: Final consumption expenditure, individual | LD4: Final consumption expenditure | LE4: S14+S15 | LF4: Gross saving | LG4: Gross saving | LH4: S14+S15 | LI4: Investment grants | LJ4: Other capital transfers | LK4: D92+D99 | LL4: Investment grants | LM4: Other capital transfers | LN4: D92+D99 | LO4: S14+S15 | LP4: S14+S15 | LQ4: Capital taxes | LR4: Other capital transfers | LS4: D91+D99 | LT4: Other capital transfers | LU4: S14+S15 (D91+D99) | LV4: S14+S15 (D91+D99) | LW4: Gross fixed capital formation | LX4: Gross fixed capital formation | LY4: S14+S15 | LZ4: Changes in inventories | MA4: S14+S15 | MB4: Acquisition less disposals of valuables | MC4: S14+S15 | MD4: Acquisitions less disposals of non-financial non-produced assets | ME4: S14+S15 | MF4: Non financial net lending/net borrowing | MG4: Non financial net lending/net borrowing | MH4: S14+S15 | MI4: Social transfers in kind - general government and NPISHs non-market production | MJ4: Social transfers in kind - market production purchased by general government and NPISHs | MK4: Social transfers in kind - general government and NPISHs non-market production | ML4: Gross adjusted disposable income | MM4: Gross adjusted disposable income | MN4: S14+S15 | MO4: Exports | MP4: Imports | MQ4: External balance of goods and services of the Nation | MR4: Gross wages and salaries | MS4: Employers actual social contributions | MT4: D121 | MU4: Interest | MV4: Distributed income of corporations | MW4: Reinvested earnings on direct foreign investment | MX4: Property income attributed to insurance policy holders | MY4: Property income attributed to insurance policy holders | MZ4: Taxes on income | NA4: D51 | NB4: Employers actual social contributions | NC4: Households' actual social contributions | ND4: D611Z+D613Z | NE4: Social benefits other than social transfers in kind | NF4: D621 | NG4: Net non-life insurance premiums | NH4: Non-life insurance claims | NI4: Current international co-operation | NJ4: Miscellaneous current transfers | NK4: D71+D72+D74+D75 | NL4: D71+D72+D74+D75 | NM4: Acquisitions less disposals of non-financial non-produced assets | NN4: Gross wages and salaries | NO4: Employers actual social contributions | NP4: D121 | NQ4: Value added type taxes (VAT) | NR4: Taxes and duties on imports excluding VAT | NS4: Taxes on products, except VAT and import taxes | NT4: D211+D212+D214 | NU4: Other taxes on production | NV4: D292 | NW4: Subsidies on products | NX4: Other subsidies on production | NY4: Interest | NZ4: Distributed income of corporations | OA4: Reinvested earnings on direct foreign investment | OB4: Property income attributed to insurance policy holders | OC4: Property income attributed to insurance policy holders | OD4: Employers actual social contributions | OE4: Households' actual social contributions | OF4: D611Z+D612Z | OG4: Social benefits other than social transfers in kind | OH4: Other social insurance benefits | OI4: Social assistance benefits in cash | OJ4: D621+D622+D623 | OK4: Net non-life insurance premiums | OL4: Non-life insurance claims | OM4: Current international co-operation | ON4: Miscellaneous current transfers | OO4: VAT- and GNI-based EU own resources | OP4: D71+D72+D74+D75+D76 | OQ4: D71+D72+D74+D75+D76 | OR4: Investment grants recepted to the rest of the world | OS4: Other capital transfers recepted to the rest of the world | OT4: D92+D99 | OU4: Investment grants versed from the rest of the world | OV4: Other capital transfers versed from the rest of the world | OW4: D92+D99 | OX4: Non financial net lending/net borrowing | OY4: Gross Domestic product | OZ4: D42_r_s12 / ( fa_5_s_s12(-1) + fa_5_s_s121(-1) ) | PA4: Dividend. gamma_div_r_s12 * fa_5_s_s121(-1) | PB4: Dividend. gamma_div_r_s12 * fl_5_s_s121(-1) | PC4: Govt 10-year bond yield for France | PD4: ECB refinancing rate | PE4: Deposit interest rate in France | PF4: Borrowing rate in France | PG4: Taxes on income and wealth | PH4: Interest | PI4: Interest | PJ4: Value added (B1_s11+B1_s12+B1_s13+B1_s14) | PK4: Value added (B2_s11+B2_s12+B2_s13+B2_s14) | PL4: GDP. D21_r_s13+D21_r_s2-D319_p_s13-D319_p_s2+B1_s1 | PM4: Gold price per troy ounce | PO4: Old-age dependency ratio | PP4: Total active population (15-64yrs old) | PQ4: Active population (15-64yrs old) | PR4: Historical S&P 500 prices rebased to 2015 | PT4: Employment | PU4: Employment | PV4: Employment | PW4: Employment | PX4: Employment | PY4: Employment (ind. ent+ non-ind entr + NPISH) | PZ4: Employment | QA4: Employment | QB4: Self-employment | QC4: Self-employment | QD4: Employment | QE4: Employment | QF4: Employment | QG4: Employment | QH4: Employment | QI4: Employment | QJ4: Employment (ind. ent+ non-ind entr + NPISH) | QK4: Employment | QL4: Self-employment | QM4: Self-employment | QN4: Output gap | QO4: Unemployment rate | QQ4: Activity rate | QR4: Active population | QS4: Total population between the ages 15 to 64 | QT4: Long-term interest rate differential | QU4: Short-term interest rate differential | QV4: Emprunt Phare 10 ans | QW4: Long-term interest rate | QX4: RoW int rate | QY4: Deposit rate | QZ4: Key interest rate - ECB Main refinancing operations | RA4: Euro – Average of observations through period (BIS/xru_current/A.FR.EUR.A) | RB4: Euro – End of period (BIS/xru_current/A.FR.EUR.E) | RC4: Annual – GDP (constant 2015 US$) – World (WB/WDI/A-NY.GDP.MKTP.KD-WLD) | RD4: Shadow price of goods and services imports – Annual (OECD/EO/FRA.PMSH.A) | RE4: Competitors' price of goods and services exports – Annual (OECD/EO/FRA.PXC.A) | RF4: Monthly – Nominal – Narrow (27 economies) | RG4: Monthly – Real – Narrow (27 economies) | RJ4: World | RL4: =W4 -> GFCF | RM4: =CP4 -> Gross fixed capital formation
A5: paid/received asset/liab | AY5: paid | AZ5: paid | BA5: paid | BB5: paid | BC5: paid | BD5: paid | BE5: received | BF5: received | BH5: received | BI5: received | BJ5: received | BK5: received | BL5: received | BM5: paid | BN5: paid | BO5: paid | BP5: paid | BQ5: received | BR5: received | BS5: received | BT5: received | BU5: received | BV5: received | BW5: received | BX5: paid | BY5: paid | BZ5: paid | CA5: paid | CB5: paid | CC5: paid | CD5: paid | CE5: paid | CH5: received | CI5: received | CJ5: received | CK5: received | CL5: paid | CM5: paid | CN5: paid | CO5: paid | CP5: paid | CQ5: paid | CW5: paid | CX5: paid | CY5: paid | CZ5: paid | DA5: paid | DB5: paid | DC5: paid | DD5: received | DF5: received | DG5: received | DH5: received | DI5: received | DJ5: received | DK5: received | DL5: received | DM5: paid | DN5: paid | DO5: paid | DP5: paid | DQ5: paid | DR5: paid | DS5: paid | DT5: received | DU5: received | DV5: received | DW5: received | DX5: received | DY5: received | DZ5: received | EA5: received | EB5: paid | EC5: paid | ED5: paid | EE5: paid | EF5: paid | EG5: paid | EH5: paid | EI5: paid | EJ5: paid | EK5: paid | EN5: received | EO5: received | EP5: received | EQ5: received | ER5: paid | ES5: paid | ET5: paid | EU5: paid | EV5: paid | EW5: paid | FB5: paid | FC5: paid | FD5: paid | FE5: paid | FF5: paid | FG5: paid | FH5: paid | FI5: received | FK5: received | FL5: received | FM5: received | FN5: received | FO5: received | FP5: received | FQ5: received | FR5: paid | FS5: paid | FT5: received | FU5: received | FV5: received | FW5: received | FX5: received | FY5: paid | FZ5: paid | GA5: paid | GB5: received | GC5: received | GD5: received | GE5: received | GF5: received | GG5: received | GH5: received | GI5: received | GJ5: received | GK5: received | GL5: received | GM5: received | GN5: received | GO5: received | GP5: paid | GQ5: paid | GR5: paid | GS5: paid | GT5: paid | GU5: paid | GV5: paid | GW5: paid | GX5: paid | GY5: paid | GZ5: paid | HA5: paid | HB5: paid | HC5: paid | HI5: received | HJ5: received | HK5: received | HL5: received | HM5: received | HN5: paid | HO5: paid | HP5: paid | HQ5: paid | HR5: paid | HS5: paid | HT5: paid | HV5: paid | HW5: paid | IH5: paid | II5: paid | IJ5: paid | IK5: paid | IL5: paid | IM5: paid | IN5: paid | IO5: paid | IP5: paid | IQ5: paid | IR5: paid | IS5: paid | IT5: paid | IU5: received | IV5: received | IW5: received | JA5: received | JB5: received | JC5: received | JD5: received | JE5: received | JF5: received | JG5: received | JH5: received | JI5: received | JJ5: received | JK5: received | JL5: received | JM5: received | JN5: received | JO5: received | JP5: paid | JQ5: paid | JR5: paid | JS5: paid | JT5: paid | JU5: received | JV5: received | JW5: received | JX5: received | JY5: received | JZ5: received | KA5: received | KB5: received | KC5: received | KD5: received | KE5: received | KF5: received | KG5: received | KH5: paid | KI5: paid | KJ5: paid | KK5: paid | KL5: paid | KM5: paid | KN5: paid | KO5: paid | KP5: paid | KQ5: paid | KR5: paid | KS5: paid | KT5: paid | KU5: paid | KV5: paid | KW5: paid | KX5: paid | KY5: paid | LI5: received | LJ5: received | LK5: received | LL5: received | LM5: received | LN5: received | LO5: received | LP5: received | LQ5: paid | LR5: paid | LS5: paid | LT5: paid | LU5: paid | LV5: paid | LW5: paid | LX5: paid | LY5: paid | LZ5: paid | MA5: paid | MB5: paid | MC5: paid | MD5: paid | ME5: paid | MI5: received | MJ5: received | MK5: paid | MR5: paid | MS5: paid | MT5: paid | MU5: paid | MV5: paid | MW5: paid | MX5: paid | MY5: paid | MZ5: paid | NA5: paid | NB5: paid | NC5: paid | ND5: paid | NE5: paid | NF5: paid | NG5: paid | NH5: paid | NI5: paid | NJ5: paid | NK5: paid | NL5: paid | NM5: paid | NN5: received | NO5: received | NP5: received | NQ5: received | NR5: received | NS5: received | NT5: received | NU5: received | NV5: received | NW5: received | NX5: received | NY5: received | NZ5: received | OA5: received | OB5: received | OC5: received | OD5: received | OE5: received | OF5: received | OG5: received | OH5: received | OI5: received | OJ5: received | OK5: received | OL5: received | OM5: received | ON5: received | OO5: received | OP5: received | OQ5: received | OR5: received | OS5: received | OT5: received | OU5: paid | OV5: paid | OW5: paid | PA5: received | PB5: paid | PG5: paid | PH5: received | PI5: paid | RL5: =W5 -> 0 | RM5: =CP5 -> paid
A6: type | B6: flow | C6: flow | D6: flow | E6: flow | F6: flow | G6: flow | H6: flow | I6: flow | J6: flow | K6: flow | L6: flow | M6: flow | N6: flow | O6: flow | P6: flow | Q6: flow | R6: flow | S6: flow | T6: flow | U6: flow | V6: flow | W6: flow | X6: flow | Y6: flow | Z6: flow | AA6: flow | AB6: flow | AC6: flow | AD6: flow | AE6: flow | AF6: price | AG6: price | AH6: price | AI6: price | AJ6: price | AK6: price | AL6: price | AM6: price | AN6: price | AO6: price | AP6: price | AQ6: price | AR6: price | AS6: price | AT6: price | AU6: price | AV6: flow | AW6: flow | AX6: flow | AY6: flow | AZ6: flow | BA6: flow | BB6: flow | BC6: flow | BD6: flow | BE6: flow | BF6: flow | BG6: flow | BH6: flow | BI6: flow | BJ6: flow | BK6: flow | BL6: flow | BM6: flow | BN6: flow | BO6: flow | BP6: flow | BQ6: flow | BR6: flow | BS6: flow | BT6: flow | BU6: flow | BV6: flow | BW6: flow | BX6: flow | BY6: flow | BZ6: flow | CA6: flow | CB6: flow | CC6: flow | CD6: flow | CE6: flow | CF6: flow | CG6: flow | CH6: flow | CI6: flow | CJ6: flow | CK6: flow | CL6: flow | CM6: flow | CN6: flow | CO6: flow | CP6: flow | CQ6: flow | CR6: flow | CS6: flow | CT6: flow | CU6: flow | CV6: flow | CW6: flow | CX6: flow | CY6: flow | CZ6: flow | DA6: flow | DB6: flow | DC6: flow | DD6: flow | DE6: flow | DF6: flow | DG6: flow | DH6: flow | DI6: flow | DJ6: flow | DK6: flow | DL6: flow | DM6: flow | DN6: flow | DO6: flow | DP6: flow | DQ6: flow | DR6: flow | DS6: flow | DT6: flow | DU6: flow | DV6: flow | DW6: flow | DX6: flow | DY6: flow | DZ6: flow | EA6: flow | EB6: flow | EC6: flow | ED6: flow | EE6: flow | EF6: flow | EG6: flow | EH6: flow | EI6: flow | EJ6: flow | EK6: flow | EL6: flow | EM6: flow | EN6: flow | EO6: flow | EP6: flow | EQ6: flow | ER6: flow | ES6: flow | ET6: flow | EU6: flow | EV6: flow | EW6: flow | EX6: flow | EY6: flow | EZ6: flow | FA6: flow | FB6: flow | FC6: flow | FD6: flow | FE6: flow | FF6: flow | FG6: flow | FH6: flow | FI6: flow | FJ6: flow | FK6: flow | FL6: flow | FM6: flow | FN6: flow | FO6: flow | FP6: flow | FQ6: flow | FR6: flow | FS6: flow | FT6: flow | FU6: flow | FV6: flow | FW6: flow | FX6: flow | FY6: flow | FZ6: flow | GA6: flow | GB6: flow | GC6: flow | GD6: flow | GE6: flow | GF6: flow | GG6: flow | GH6: flow | GI6: flow | GJ6: flow | GK6: flow | GL6: flow | GM6: flow | GN6: flow | GO6: flow | GP6: flow | GQ6: flow | GR6: flow | GS6: flow | GT6: flow | GU6: flow | GV6: flow | GW6: flow | GX6: flow | GY6: flow | GZ6: flow | HA6: flow | HB6: flow | HC6: flow | HD6: flow | HE6: flow | HF6: flow | HG6: flow | HH6: flow | HI6: flow | HJ6: flow | HK6: flow | HL6: flow | HM6: flow | HN6: flow | HO6: flow | HP6: flow | HQ6: flow | HR6: flow | HS6: flow | HT6: flow | HU6: flow | HV6: flow | HW6: flow | HX6: flow | HY6: flow | HZ6: flow | IA6: flow | IB6: flow | IC6: flow | ID6: flow | IE6: flow | IF6: flow | IG6: flow | IH6: flow | II6: flow | IJ6: flow | IK6: flow | IL6: flow | IM6: flow | IN6: flow | IO6: flow | IP6: flow | IQ6: flow | IR6: flow | IS6: flow | IT6: flow | IU6: flow | IV6: flow | IW6: flow | IX6: flow | IY6: flow | IZ6: flow | JA6: flow | JB6: flow | JC6: flow | JD6: flow | JE6: flow | JF6: flow | JG6: flow | JH6: flow | JI6: flow | JJ6: flow | JK6: flow | JL6: flow | JM6: flow | JN6: flow | JO6: flow | JP6: flow | JQ6: flow | JR6: flow | JS6: flow | JT6: flow | JU6: flow | JV6: flow | JW6: flow | JX6: flow | JY6: flow | JZ6: flow | KA6: flow | KB6: flow | KC6: flow | KD6: flow | KE6: flow | KF6: flow | KG6: flow | KH6: flow | KI6: flow | KJ6: flow | KK6: flow | KL6: flow | KM6: flow | KN6: flow | KO6: flow | KP6: flow | KQ6: flow | KR6: flow | KS6: flow | KT6: flow | KU6: flow | KV6: flow | KW6: flow | KX6: flow | KY6: flow | KZ6: flow | LA6: flow | LB6: flow | LC6: flow | LD6: flow | LE6: flow | LF6: flow | LG6: flow | LH6: flow | LI6: flow | LJ6: flow | LK6: flow | LL6: flow | LM6: flow | LN6: flow | LO6: flow | LP6: flow | LQ6: flow | LR6: flow | LS6: flow | LT6: flow | LU6: flow | LV6: flow | LW6: flow | LX6: flow | LY6: flow | LZ6: flow | MA6: flow | MB6: flow | MC6: flow | MD6: flow | ME6: flow | MF6: flow | MG6: flow | MH6: flow | MI6: flow | MJ6: flow | MK6: flow | ML6: flow | MM6: flow | MN6: flow | MO6: flow | MP6: flow | MQ6: flow | MR6: flow | MS6: flow | MT6: flow | MU6: flow | MV6: flow | MW6: flow | MX6: flow | MY6: flow | MZ6: flow | NA6: flow | NB6: flow | NC6: flow | ND6: flow | NE6: flow | NF6: flow | NG6: flow | NH6: flow | NI6: flow | NJ6: flow | NK6: flow | NL6: flow | NM6: flow | NN6: flow | NO6: flow | NP6: flow | NQ6: flow | NR6: flow | NS6: flow | NT6: flow | NU6: flow | NV6: flow | NW6: flow | NX6: flow | NY6: flow | NZ6: flow | OA6: flow | OB6: flow | OC6: flow | OD6: flow | OE6: flow | OF6: flow | OG6: flow | OH6: flow | OI6: flow | OJ6: flow | OK6: flow | OL6: flow | OM6: flow | ON6: flow | OO6: flow | OP6: flow | OQ6: flow | OR6: flow | OS6: flow | OT6: flow | OU6: flow | OV6: flow | OW6: flow | OX6: flow | OY6: flow | PA6: flow | PB6: flow | PG6: flow | PH6: flow | PI6: flow | PJ6: flow | PK6: flow | PL6: flow | PR6: price | PS6: ratio | PT6: stock | PU6: stock | PV6: stock | PW6: stock | PX6: stock | PY6: stock | PZ6: stock | QA6: stock | QB6: stock | QC6: stock | QD6: stock | QE6: stock | QF6: stock | QG6: stock | QH6: stock | QI6: stock | QJ6: stock | QK6: stock | QL6: stock | QM6: stock | QP6: stock | QR6: stock | RL6: =W6 -> flow | RM6: =CP6 -> flow
A7: sector | B7: France | C7: Rest of the world | D7: Households + NPISH | E7: Households | F7: Government | G7: NPISH | H7: Non-financial corporations | I7: Financial institutions | J7: Government | K7: Households | L7: NPISH | M7: Households + NPISH | N7: Households + NPISH | O7: Non-financial corporations | P7: Rest of the world | Q7: France | R7: Rest of the world | S7: Households + NPISH | T7: Households | U7: Government | V7: NPISH | W7: Non-financial corporations | X7: Financial institutions | Y7: Government | Z7: Households | AA7: NPISH | AB7: Households + NPISH | AC7: Households + NPISH | AD7: Non-financial corporations | AE7: Rest of the world | AF7: France | AG7: France | AH7: Rest of the world | AI7: Households + NPISH | AJ7: Households | AK7: Government | AL7: NPISH | AM7: Non-financial corporations | AN7: Financial institutions | AO7: Government | AP7: Households | AQ7: NPISH | AR7: Households + NPISH | AS7: Households + NPISH | AT7: Non-financial corporations | AU7: Rest of the world | AV7: Non-financial corporations | AW7: Non-financial corporations | AX7: Non-financial corporations | AY7: Non-financial corporations | AZ7: Non-financial corporations | BA7: Non-financial corporations | BB7: Non-financial corporations | BC7: Non-financial corporations | BD7: Non-financial corporations | BE7: Non-financial corporations | BF7: Non-financial corporations | BG7: Non-financial corporations | BH7: Non-financial corporations | BI7: Non-financial corporations | BJ7: Non-financial corporations | BK7: Non-financial corporations | BL7: Non-financial corporations | BM7: Non-financial corporations | BN7: Non-financial corporations | BO7: Non-financial corporations | BP7: Non-financial corporations | BQ7: Non-financial corporations | BR7: Non-financial corporations | BS7: Non-financial corporations | BT7: Non-financial corporations | BU7: Non-financial corporations | BV7: Non-financial corporations | BW7: Non-financial corporations | BX7: Non-financial corporations | BY7: Non-financial corporations | BZ7: Non-financial corporations | CA7: Non-financial corporations | CB7: Non-financial corporations | CC7: Non-financial corporations | CD7: Non-financial corporations | CE7: Non-financial corporations | CF7: Non-financial corporations | CG7: Non-financial corporations | CH7: Non-financial corporations | CI7: Non-financial corporations | CJ7: Non-financial corporations | CK7: Non-financial corporations | CL7: Non-financial corporations | CM7: Non-financial corporations | CN7: Non-financial corporations | CO7: Non-financial corporations | CP7: Non-financial corporations | CQ7: Non-financial corporations | CR7: Non-financial corporations | CS7: Non-financial corporations | CT7: Financial institutions | CU7: Financial institutions | CV7: Financial institutions | CW7: Financial institutions | CX7: Financial institutions | CY7: Financial institutions | CZ7: Financial institutions | DA7: Financial institutions | DB7: Financial institutions | DC7: Financial institutions | DD7: Financial institutions | DE7: Financial institutions | DF7: Financial institutions | DG7: Financial institutions | DH7: Financial institutions | DI7: Financial institutions | DJ7: Financial institutions | DK7: Financial institutions | DL7: Financial institutions | DM7: Financial institutions | DN7: Financial institutions | DO7: Financial institutions | DP7: Financial institutions | DQ7: Financial institutions | DR7: Financial institutions | DS7: Financial institutions | DT7: Financial institutions | DU7: Financial institutions | DV7: Financial institutions | DW7: Financial institutions | DX7: Financial institutions | DY7: Financial institutions | DZ7: Financial institutions | EA7: Financial institutions | EB7: Financial institutions | EC7: Financial institutions | ED7: Financial institutions | EE7: Financial institutions | EF7: Financial institutions | EG7: Financial institutions | EH7: Financial institutions | EI7: Financial institutions | EJ7: Financial institutions | EK7: Financial institutions | EL7: Financial institutions | EM7: Financial institutions | EN7: Financial institutions | EO7: Financial institutions | EP7: Financial institutions | EQ7: Financial institutions | ER7: Financial institutions | ES7: Financial institutions | ET7: Financial institutions | EU7: Financial institutions | EV7: Financial institutions | EW7: Financial institutions | EX7: Financial institutions | EY7: Government | EZ7: Government | FA7: Government | FB7: Government | FC7: Government | FD7: Government | FE7: Government | FF7: Government | FG7: Government | FH7: Government | FI7: Government | FJ7: Government | FK7: Government | FL7: Government | FM7: Government | FN7: Government | FO7: Government | FP7: Government | FQ7: Government | FR7: Government | FS7: Government | FT7: Government | FU7: Government | FV7: Government | FW7: Government | FX7: Government | FY7: Government | FZ7: Government | GA7: Government | GB7: Government | GC7: Government | GD7: Government | GE7: Government | GF7: Government | GG7: Government | GH7: Government | GI7: Government | GJ7: Government | GK7: Government | GL7: Government | GM7: Government | GN7: Government | GO7: Government | GP7: Government | GQ7: Government | GR7: Government | GS7: Government | GT7: Government | GU7: Government | GV7: Government | GW7: Government | GX7: Government | GY7: Government | GZ7: Government | HA7: Government | HB7: Government | HC7: Government | HD7: Government | HE7: Government | HF7: Government | HG7: Government | HH7: Government | HI7: Government | HJ7: Government | HK7: Government | HL7: Government | HM7: Government | HN7: Government | HO7: Government | HP7: Government | HQ7: Government | HR7: Government | HS7: Government | HT7: Government | HU7: Government | HV7: Government | HW7: Government | HX7: Government | HY7: Households | HZ7: NPISH | IA7: Households+NPISH | IB7: Households | IC7: NPISH | ID7: Households+NPISH | IE7: Households | IF7: NPISH | IG7: Households+NPISH | IH7: Households | II7: NPISH | IJ7: Households+NPISH | IK7: Households | IL7: NPISH | IM7: Households+NPISH | IN7: Households | IO7: Households | IP7: Households | IQ7: NPISH | IR7: NPISH | IS7: NPISH | IT7: Households+NPISH | IU7: Households | IV7: NPISH | IW7: Households+NPISH | IX7: Households | IY7: NPISH | IZ7: Households+NPISH | JA7: Households | JB7: Households+NPISH | JC7: Households | JD7: Households | JE7: Households+NPISH | JF7: Households | JG7: NPISH | JH7: Households+NPISH | JI7: Households | JJ7: Households+NPISH | JK7: Households | JL7: NPISH | JM7: Households+NPISH | JN7: Households | JO7: Households+NPISH | JP7: Households | JQ7: NPISH | JR7: Households+NPISH | JS7: Households | JT7: Households+NPISH | JU7: Households | JV7: Households | JW7: Households | JX7: Households+NPISH | JY7: Households+NPISH | JZ7: Households | KA7: Households | KB7: Households | KC7: NPISH | KD7: NPISH | KE7: NPISH | KF7: Households+NPISH | KG7: Households+NPISH | KH7: Households | KI7: Households | KJ7: Households+NPISH | KK7: Households | KL7: Households | KM7: Households | KN7: Households+NPISH | KO7: NPISH | KP7: Households+NPISH | KQ7: Households+NPISH | KR7: Households | KS7: Households | KT7: Households | KU7: NPISH | KV7: NPISH | KW7: NPISH | KX7: Households+NPISH | KY7: Households+NPISH | KZ7: Households | LA7: NPISH | LB7: Households+NPISH | LC7: Households | LD7: NPISH | LE7: Households+NPISH | LF7: Households | LG7: NPISH | LH7: Households+NPISH | LI7: Households | LJ7: Households | LK7: Households | LL7: NPISH | LM7: NPISH | LN7: NPISH | LO7: Households+NPISH | LP7: Households+NPISH | LQ7: Households | LR7: Households | LS7: Households | LT7: NPISH | LU7: Households+NPISH | LV7: Households+NPISH | LW7: Households | LX7: NPISH | LY7: Households+NPISH | LZ7: Households | MA7: Households+NPISH | MB7: Households | MC7: Households+NPISH | MD7: Households | ME7: Households+NPISH | MF7: Households | MG7: NPISH | MH7: Households+NPISH | MI7: Households | MJ7: Households | MK7: NPISH | ML7: Households | MM7: NPISH | MN7: Households+NPISH | MO7: Rest of the world | MP7: Rest of the world | MQ7: Rest of the world | MR7: Rest of the world | MS7: Rest of the world | MT7: Rest of the world | MU7: Rest of the world | MV7: Rest of the world | MW7: Rest of the world | MX7: Rest of the world | MY7: Rest of the world | MZ7: Rest of the world | NA7: Rest of the world | NB7: Rest of the world | NC7: Rest of the world | ND7: Rest of the world | NE7: Rest of the world | NF7: Rest of the world | NG7: Rest of the world | NH7: Rest of the world | NI7: Rest of the world | NJ7: Rest of the world | NK7: Rest of the world | NL7: Rest of the world | NM7: Rest of the world | NN7: Rest of the world | NO7: Rest of the world | NP7: Rest of the world | NQ7: Rest of the world | NR7: Rest of the world | NS7: Rest of the world | NT7: Rest of the world | NU7: Rest of the world | NV7: Rest of the world | NW7: Rest of the world | NX7: Rest of the world | NY7: Rest of the world | NZ7: Rest of the world | OA7: Rest of the world | OB7: Rest of the world | OC7: Rest of the world | OD7: Rest of the world | OE7: Rest of the world | OF7: Rest of the world | OG7: Rest of the world | OH7: Rest of the world | OI7: Rest of the world | OJ7: Rest of the world | OK7: Rest of the world | OL7: Rest of the world | OM7: Rest of the world | ON7: Rest of the world | OO7: Rest of the world | OP7: Rest of the world | OQ7: Rest of the world | OR7: Rest of the world | OS7: Rest of the world | OT7: Rest of the world | OU7: Rest of the world | OV7: Rest of the world | OW7: Rest of the world | OX7: Rest of the world | OY7: France | PA7: Banque de France | PB7: Banque de France | PG7: Banque de France | PH7: Banque de France | PI7: Banque de France | PJ7: Domestic sector | PK7: Domestic sector | PP7: Domestic sector | PQ7: Domestic sector | PT7: Non-financial corporations | PU7: Financial corporations | PV7: General government | PW7: Unincorporated entreprises | PX7: Households excluding unincorporated entreprises | PY7: Households excluding unincorporated entreprises | PZ7: Non-profit institutions serving households (NPISHs) | QA7: Total | QB7: Unincorporated entreprises | QC7: Total | QD7: Non-financial corporations | QE7: Financial corporations | QF7: General government | QG7: Unincorporated entreprises | QH7: Households excluding unincorporated entreprises | QI7: Non-profit institutions serving households (NPISHs) | QJ7: Non-profit institutions serving households (NPISHs) | QK7: Total | QL7: Unincorporated entreprises | QM7: Total | QN7: France | QO7: France hors Mayotte | QP7: France hors Mayotte | QQ7: France hors Mayotte | QR7: France hors Mayotte | QT7: FR - RoW | QU7: FR - RoW | QV7: France | QW7: France | QX7: RoW | QY7: France | QZ7: Euro area | RA7: France | RB7: France | RC7: World | RD7: France | RE7: France | RF7: France | RG7: France | RH7: France | RI7: France | RL7: =W7 -> Non-financial corporations | RM7: =CP7 -> Non-financial corporations
A8: vol / val | B8: in vol at linked prices | C8: in vol at linked prices | D8: in vol at linked prices | E8: in vol at linked prices | F8: in vol at linked prices | G8: in vol at linked prices | H8: in vol at linked prices | I8: in vol at linked prices | J8: in vol at linked prices | K8: in vol at linked prices | L8: in vol at linked prices | M8: in vol at linked prices | N8: in vol at linked prices | O8: in vol at linked prices | P8: in vol at linked prices | Q8: current prices | R8: current prices | S8: current prices | T8: current prices | U8: current prices | V8: current prices | W8: current prices | X8: current prices | Y8: current prices | Z8: current prices | AA8: current prices | AB8: current prices | AC8: current prices | AD8: current prices | AE8: current prices | AF8: price | AG8: price | AH8: price | AI8: price | AJ8: price | AK8: price | AL8: price | AM8: price | AN8: price | AO8: price | AP8: price | AQ8: price | AR8: price | AS8: price | AT8: price | AU8: price | AV8: current prices | AW8: current prices | AX8: current prices | AY8: current prices | AZ8: current prices | BA8: current prices | BB8: current prices | BC8: current prices | BD8: current prices | BE8: current prices | BF8: current prices | BG8: current prices | BH8: current prices | BI8: current prices | BJ8: current prices | BK8: current prices | BL8: current prices | BM8: current prices | BN8: current prices | BO8: current prices | BP8: current prices | BQ8: current prices | BR8: current prices | BS8: current prices | BT8: current prices | BU8: current prices | BV8: current prices | BW8: current prices | BX8: current prices | BY8: current prices | BZ8: current prices | CA8: current prices | CB8: current prices | CC8: current prices | CD8: current prices | CE8: current prices | CF8: current prices | CG8: current prices | CH8: current prices | CI8: current prices | CJ8: current prices | CK8: current prices | CL8: current prices | CM8: current prices | CN8: current prices | CO8: current prices | CP8: current prices | CQ8: current prices | CR8: current prices | CS8: current prices | CT8: current prices | CU8: current prices | CV8: current prices | CW8: current prices | CX8: current prices | CY8: current prices | CZ8: current prices | DA8: current prices | DB8: current prices | DC8: current prices | DD8: current prices | DE8: current prices | DF8: current prices | DG8: current prices | DH8: current prices | DI8: current prices | DJ8: current prices | DK8: current prices | DL8: current prices | DM8: current prices | DN8: current prices | DO8: current prices | DP8: current prices | DQ8: current prices | DR8: current prices | DS8: current prices | DT8: current prices | DU8: current prices | DV8: current prices | DW8: current prices | DX8: current prices | DY8: current prices | DZ8: current prices | EA8: current prices | EB8: current prices | EC8: current prices | ED8: current prices | EE8: current prices | EF8: current prices | EG8: current prices | EH8: current prices | EI8: current prices | EJ8: current prices | EK8: current prices | EL8: current prices | EM8: current prices | EN8: current prices | EO8: current prices | EP8: current prices | EQ8: current prices | ER8: current prices | ES8: current prices | ET8: current prices | EU8: current prices | EV8: current prices | EW8: current prices | EX8: current prices | EY8: current prices | EZ8: current prices | FA8: current prices | FB8: current prices | FC8: current prices | FD8: current prices | FE8: current prices | FF8: current prices | FG8: current prices | FH8: current prices | FI8: current prices | FJ8: current prices | FK8: current prices | FL8: current prices | FM8: current prices | FN8: current prices | FO8: current prices | FP8: current prices | FQ8: current prices | FR8: current prices | FS8: current prices | FT8: current prices | FU8: current prices | FV8: current prices | FW8: current prices | FX8: current prices | FY8: current prices | FZ8: current prices | GA8: current prices | GB8: current prices | GC8: current prices | GD8: current prices | GE8: current prices | GF8: current prices | GG8: current prices | GH8: current prices | GI8: current prices | GJ8: current prices | GK8: current prices | GL8: current prices | GM8: current prices | GN8: current prices | GO8: current prices | GP8: current prices | GQ8: current prices | GR8: current prices | GS8: current prices | GT8: current prices | GU8: current prices | GV8: current prices | GW8: current prices | GX8: current prices | GY8: current prices | GZ8: current prices | HA8: current prices | HB8: current prices | HC8: current prices | HD8: current prices | HE8: current prices | HF8: current prices | HG8: current prices | HH8: current prices | HI8: current prices | HJ8: current prices | HK8: current prices | HL8: current prices | HM8: current prices | HN8: current prices | HO8: current prices | HP8: current prices | HQ8: current prices | HR8: current prices | HS8: current prices | HT8: current prices | HU8: current prices | HV8: current prices | HW8: current prices | HX8: current prices | HY8: current prices | HZ8: current prices | IA8: current prices | IB8: current prices | IC8: current prices | ID8: current prices | IE8: current prices | IF8: current prices | IG8: current prices | IH8: current prices | II8: current prices | IJ8: current prices | IK8: current prices | IL8: current prices | IM8: current prices | IN8: current prices | IO8: current prices | IP8: current prices | IQ8: current prices | IR8: current prices | IS8: current prices | IT8: current prices | IU8: current prices | IV8: current prices | IW8: current prices | IX8: current prices | IY8: current prices | IZ8: current prices | JA8: current prices | JB8: current prices | JC8: current prices | JD8: current prices | JE8: current prices | JF8: current prices | JG8: current prices | JH8: current prices | JI8: current prices | JJ8: current prices | JK8: current prices | JL8: current prices | JM8: current prices | JN8: current prices | JO8: current prices | JP8: current prices | JQ8: current prices | JR8: current prices | JS8: current prices | JT8: current prices | JU8: current prices | JV8: current prices | JW8: current prices | JX8: current prices | JY8: current prices | JZ8: current prices | KA8: current prices | KB8: current prices | KC8: current prices | KD8: current prices | KE8: current prices | KF8: current prices | KG8: current prices | KH8: current prices | KI8: current prices | KJ8: current prices | KK8: current prices | KL8: current prices | KM8: current prices | KN8: current prices | KO8: current prices | KP8: current prices | KQ8: current prices | KR8: current prices | KS8: current prices | KT8: current prices | KU8: current prices | KV8: current prices | KW8: current prices | KX8: current prices | KY8: current prices | KZ8: current prices | LA8: current prices | LB8: current prices | LC8: current prices | LD8: current prices | LE8: current prices | LF8: current prices | LG8: current prices | LH8: current prices | LI8: current prices | LJ8: current prices | LK8: current prices | LL8: current prices | LM8: current prices | LN8: current prices | LO8: current prices | LP8: current prices | LQ8: current prices | LR8: current prices | LS8: current prices | LT8: current prices | LU8: current prices | LV8: current prices | LW8: current prices | LX8: current prices | LY8: current prices | LZ8: current prices | MA8: current prices | MB8: current prices | MC8: current prices | MD8: current prices | ME8: current prices | MF8: current prices | MG8: current prices | MH8: current prices | MI8: current prices | MJ8: current prices | MK8: current prices | ML8: current prices | MM8: current prices | MN8: current prices | MO8: current prices | MP8: current prices | MQ8: current prices | MR8: current prices | MS8: current prices | MT8: current prices | MU8: current prices | MV8: current prices | MW8: current prices | MX8: current prices | MY8: current prices | MZ8: current prices | NA8: current prices | NB8: current prices | NC8: current prices | ND8: current prices | NE8: current prices | NF8: current prices | NG8: current prices | NH8: current prices | NI8: current prices | NJ8: current prices | NK8: current prices | NL8: current prices | NM8: current prices | NN8: current prices | NO8: current prices | NP8: current prices | NQ8: current prices | NR8: current prices | NS8: current prices | NT8: current prices | NU8: current prices | NV8: current prices | NW8: current prices | NX8: current prices | NY8: current prices | NZ8: current prices | OA8: current prices | OB8: current prices | OC8: current prices | OD8: current prices | OE8: current prices | OF8: current prices | OG8: current prices | OH8: current prices | OI8: current prices | OJ8: current prices | OK8: current prices | OL8: current prices | OM8: current prices | ON8: current prices | OO8: current prices | OP8: current prices | OQ8: current prices | OR8: current prices | OS8: current prices | OT8: current prices | OU8: current prices | OV8: current prices | OW8: current prices | OX8: current prices | OY8: current prices | PA8: current prices | PB8: current prices | PG8: current prices | PH8: current prices | PI8: current prices | PJ8: current prices | PK8: current prices | PL8: current prices | PR8: price | PS8: ratio | RC8: vol | RL8: =W8 -> current prices | RM8: =CP8 -> current prices
A9: comments | B9: 2010 value is taken from v_gdpbis | BF9: changed sign | BW9: zero | CE9: minus received | CK9: minus paid | CO9: zero | DD9: changed sign | DG9: minus int rec by BdF | DI9: minus div rec by BdF | DL9: zero | DN9: minus int paid by BdF | DP9: minus div paid by BdF | DS9: minus received | EE9: minus D5 of BdF | EQ9: minus paid | EU9: zero | FI9: changed sign | FR9: changed sign & from _r_ to _p_ | FS9: changed sign & from _r_ to _p_ | FX9: minus paid | GA9: minus received | GF9: minus received | GO9: zero | GR9: zero | HC9: minues received | HM9: zero | HQ9: minus received | HY9: P1_s14_ei + P1_s14_nei | IB9: P2_s14_ei + P2_s14_nei | IU9: *_ei + *_nei; changed sign | IV9: changed sign | JO9: Same as for s14h as nothing for s15 | JY9: minus paid | KG9: minus paid | KQ9: zero | KY9: zero | LP9: zero | LV9: minus received | NL9: zero | NW9: changed sign & from _r_ to _p_ | NX9: changed sign & from _r_ to _p_ | OC9: minus paid | OQ9: minus paid | PD9: Pre-1999 values are 3-month interest rate for BdF | PE9: Last values from BdF | PG9: net earnings of BdF (div & int) | PL9: calculated using production approach | PO9: Interpolated for 2016 & 2018 | PQ9: Based on % of TAP in activity | PT9: last quarter | PU9: last quarter | PV9: last quarter | PW9: last quarter | PX9: last quarter | PY9: last quarter | PZ9: last quarter | QA9: last quarter | QB9: last quarter | QC9: last quarter | QD9: last quarter | QE9: last quarter | QF9: last quarter | QG9: last quarter | QH9: last quarter | QI9: last quarter | QJ9: last quarter | QK9: last quarter | QL9: last quarter | QM9: last quarter | QO9: Personnes actives de 15 ans ou plus vivant en logement ordinaire. | QQ9: taux d'activité (15-64) | QT9: int rate FR - weighted avg rate of 16 countries | QU9: int rate FR - weighted avg rate of 16 countries | QW9: 10yr govt bond yield | QX9: Weighted avg rate of 16 countries | QY9: Duplicate | RC9: From World Dev Indicators | RD9: Economic outlook | RE9: Economic outlook | RF9: end of period | RG9: end of period | RH9: base 2015 | RI9: base 2015 | RL9: =W9 -> 0 | RM9: =CP9 -> 0
A10: time series | B10: v_gdp | C10: v_p7_s2 | D10: v_p3_s14 | E10: v_p3_s14h | F10: v_p3_s13 | G10: v_p3_s15 | H10: v_p51_p_s11 | I10: v_p51_p_s12 | J10: v_p51_p_s13 | K10: v_p51_p_s14h | L10: v_p51_p_s15 | M10: v_p51_p_s14 | N10: v_p53_p_s14 | O10: v_p52_p_s11 | P10: v_p6_s2 | Q10: gdp | R10: p7_s2bis | S10: p3_s14bis | T10: p3_s14h | U10: p3_s13bis | V10: p3_s15 | W10: p51_p_s11bis | X10: p51_p_s12bis | Y10: p51_p_s13bis | Z10: p51_p_s14h | AA10: p51_p_s15 | AB10: p51_p_s14bis | AC10: p53_p_s14bis | AD10: p52_p_s11bis | AE10: p6_s2bis | AF10: p_gdp | AG10: p_va | AH10: p_p7_s2 | AI10: p_p3_s14bis | AJ10: p_p3_s14h | AK10: p_p3_s13bis | AL10: p_p3_s15 | AM10: p_p51_p_s11 | AN10: p_p51_p_s12 | AO10: p_p51_p_s13 | AP10: p_p51_p_s14h | AQ10: p_p51_p_s15 | AR10: p_p51_p_s14 | AS10: p_p53_p_s14 | AT10: p_p52_p_s11 | AU10: p_p6_s2 | AV10: P1_s11 | AW10: P2_s11 | AX10: B1_s11 | AY10: D11_p_s11 | AZ10: D121_p_s11 | BA10: D122_p_s11 | BB10: D12_p_s11 | BC10: D291_p_s11 | BD10: D292_p_s11 | BE10: D29_p_s11 | BF10: D39_r_s11 | BG10: B2_s11 | BH10: D41_r_s11 | BI10: D42_r_s11 | BJ10: D43_r_s11 | BK10: D44_r_s11 | BL10: D45_r_s11 | BM10: D41_p_s11 | BN10: D42_p_s11 | BO10: D43_p_s11 | BP10: D45_p_s11 | BQ10: D612Z_r_s11 | BR10: D613Z_r_s11 | BS10: D61_r_s11 | BT10: D72_r_s11 | BU10: D75_r_s11 | BV10: D7_r_s11bis | BW10: D7_r_s11 | BX10: D51_p_s11 | BY10: D5_p_s11 | BZ10: D622_p_s11 | CA10: D62_p_s11 | CB10: D71_p_s11 | CC10: D75_p_s11 | CD10: D7_p_s11bis | CE10: D7_p_s11 | CF10: B6_s11 | CG10: B8_s11 | CH10: D92_r_s11 | CI10: D99_r_s11 | CJ10: D9_r_s11bis | CK10: D9_r_s11 | CL10: D91_p_s11 | CM10: D99_p_s11 | CN10: D9_p_s11bis | CO10: D9_p_s11 | CP10: P51_p_s11 | CQ10: P52_p_s11 | CR10: NP_p_s11 | CS10: B9NF_s11 | CT10: P1_s12 | CU10: P2_s12 | CV10: B1_s12 | CW10: D11_p_s12 | CX10: D121_p_S12 | CY10: D122_p_S12 | CZ10: D12_p_s12 | DA10: D291_p_s12 | DB10: D292_p_s12 | DC10: D29_p_s12 | DD10: D39_r_s12 | DE10: B2_s12 | DF10: D41_r_s12bis | DG10: D41_r_s12 | DH10: D42_r_s12bis | DI10: D42_r_s12 | DJ10: D43_r_s12 | DK10: D44_r_s12 | DL10: D44_r_s12bis | DM10: D41_p_s12bis | DN10: D41_p_s12 | DO10: D42_p_s12bis | DP10: D42_p_s12 | DQ10: D43_p_s12 | DR10: D44_p_s12bis | DS10: D44_p_s12 | DT10: D611Z_r_s12 | DU10: D612Z_r_s12 | DV10: D613Z_r_s12 | DW10: D61_r_s12 | DX10: D71_r_s12 | DY10: D72_r_s12 | DZ10: D75_r_s12 | EA10: D7_r_s12 | EB10: D51_p_s12 | EC10: D59_p_s12 | ED10: D5_p_s12bis | EE10: D5_p_s12 | EF10: D622_p_s12 | EG10: D62_p_s12 | EH10: D71_p_s12 | EI10: D72_p_s12 | EJ10: D75_p_s12 | EK10: D7_p_s12 | EL10: B6_s12 | EM10: B8_s12 | EN10: D92_r_s12 | EO10: D99_r_s12 | EP10: D9_r_s12bis | EQ10: D9_r_s12 | ER10: D91_p_s12 | ES10: D99_p_s12 | ET10: D9_p_s12bis | EU10: D9_p_s12 | EV10: P51_p_s12 | EW10: NP_p_s12 | EX10: B9NF_s12 | EY10: P1_s13 | EZ10: P2_s13 | FA10: B1_s13 | FB10: D11_p_s13 | FC10: D121_p_s13 | FD10: D122_p_s13 | FE10: D12_p_s13 | FF10: D291_p_s13 | FG10: D292_p_s13 | FH10: D29_p_s13 | FI10: D39_r_s13 | FJ10: B2_s13 | FK10: D211_r_s13 | FL10: D212_r_s13 | FM10: D214_r_s13 | FN10: D21_r_s13 | FO10: D291_r_s13 | FP10: D292_r_s13 | FQ10: D29_r_s13 | FR10: D319_p_s13 | FS10: D39_p_s13 | FT10: D41_r_s13 | FU10: D42_r_s13 | FV10: D44_r_s13 | FW10: D45_r_s13bis | FX10: D45_r_s13 | FY10: D41_p_s13 | FZ10: D45_p_s13bis | GA10: D45_p_s13 | GB10: D51_r_s13 | GC10: D59_r_s13 | GD10: D5_r_s13 | GE10: D5_r_s13bis | GF10: D611Z_r_s13 | GG10: D612Z_r_s13 | GH10: D613Z_r_s13 | GI10: D61_r_s13 | GJ10: D72_r_s13 | GK10: D73_r_s13 | GL10: D74_r_s13 | GM10: D75_r_s13 | GN10: D7_r_s13bis | GO10: D7_r_s13 | GP10: D51_p_s13 | GQ10: D5_p_s13bis | GR10: D5_p_s13 | GS10: D621_p_s13 | GT10: D622_p_s13 | GU10: D623_p_s13 | GV10: D62_p_s13 | GW10: D71_p_s13 | GX10: D73_p_s13 | GY10: D74_p_s13 | GZ10: D75_p_s13 | HA10: D76_p_s13 | HB10: D7_p_s13bis | HC10: D7_p_s13 | HD10: B6_s13 | HE10: P31_s13 | HF10: P32_s13 | HG10: P3_s13 | HH10: B8_s13 | HI10: D91_r_s13 | HJ10: D92_r_s13 | HK10: D99_r_s13 | HL10: D9_r_s13bis | HM10: D9_r_s13 | HN10: D92_p_s13 | HO10: D99_p_s13 | HP10: D9_p_s13bis | HQ10: D9_p_s13 | HR10: P51_p_s13 | HS10: P52_p_s13 | HT10: NP_p_s13 | HU10: B9NF_s13 | HV10: D631_p_s13 | HW10: D632_p_s13 | HX10: B7_s13 | HY10: P1_s14h | HZ10: P1_s14n | IA10: P1_s14 | IB10: P2_s14h | IC10: P2_s14n | ID10: P2_s14 | IE10: B1_s14h | IF10: B1_s14n | IG10: B1_s14 | IH10: D11_p_s14h | II10: D11_p_s14n | IJ10: D11_p_s14 | IK10: D121_p_s14h | IL10: D121_p_s14n | IM10: D12_p_s14 | IN10: D291_p_s14h | IO10: D292_p_s14h | IP10: D29_p_s14h | IQ10: D291_p_s14n | IR10: D292_p_s14n | IS10: D29_p_s14n | IT10: D29_p_s14 | IU10: D39_r_s14h | IV10: D39_r_s14n | IW10: D39_r_s14 | IX10: B2_s14h | IY10: B2_s14n | IZ10: B2_s14 | JA10: D11_r_s14h | JB10: D11_r_s14 | JC10: D121_r_s14h | JD10: D122_r_s14h | JE10: D12_r_s14 | JF10: D41_r_s14h | JG10: D41_r_s14n | JH10: D41_r_s14 | JI10: D42_r_s14h | JJ10: D42_r_s14 | JK10: D44_r_s14h | JL10: D44_r_s14n | JM10: D44_r_s14 | JN10: D45_r_s14h | JO10: D45_r_s14 | JP10: D41_p_s14h | JQ10: D41_p_s14n | JR10: D41_p_s14 | JS10: D45_p_s14h | JT10: D45_p_s14 | JU10: D621_r_s14h | JV10: D622_r_s14h | JW10: D623_r_s14h | JX10: D62_r_s14bis | JY10: D62_r_s14 | JZ10: D72_r_s14h | KA10: D75_r_s14h | KB10: D7_r_s14h | KC10: D72_r_s14n | KD10: D75_r_s14n | KE10: D7_r_s14n | KF10: D7_r_s14bis | KG10: D7_r_s14 | KH10: D51_p_s14h | KI10: D59_p_s14h | KJ10: D5_p_s14 | KK10: D611Z_p_s14h | KL10: D612Z_p_s14h | KM10: D613Z_p_s14h | KN10: D61_p_s14 | KO10: D623_p_s14n | KP10: D62_p_s14bis | KQ10: D62_p_s14 | KR10: D71_p_s14h | KS10: D75_p_s14h | KT10: D7_p_s14h | KU10: D71_p_s14n | KV10: D75_p_s14n | KW10: D7_p_s14n | KX10: D7_p_s14bis | KY10: D7_p_s14 | KZ10: B6_s14h | LA10: B6_s14n | LB10: B6_s14 | LC10: P31_s14h | LD10: P3_s14n | LE10: P3_s14 | LF10: B8_s14h | LG10: B8_s14n | LH10: B8_s14 | LI10: D92_r_s14h | LJ10: D99_r_s14h | LK10: D9_r_s14h | LL10: D92_r_s14n | LM10: D99_r_s14n | LN10: D9_r_s14n | LO10: D9_r_s14bis | LP10: D9_r_s14 | LQ10: D91_p_s14h | LR10: D99_p_s14h | LS10: D9_p_s14h | LT10: D99_p_s14n | LU10: D9_p_s14bis | LV10: D9_p_s14 | LW10: P51_p_s14hbis | LX10: P51_p_s14n | LY10: P51_p_s14 | LZ10: P52_p_s14h | MA10: P52_p_s14 | MB10: P53_p_s14h | MC10: P53_p_s14 | MD10: NP_p_s14h | ME10: NP_p_s14 | MF10: B9NF_s14h | MG10: B9NF_s14n | MH10: B9NF_s14 | MI10: D631_r_s14h | MJ10: D632_r_s14h | MK10: D631_p_s14n | ML10: B7_s14h | MM10: B7_s14n | MN10: B7_s14 | MO10: P6_s2 | MP10: P7_s2 | MQ10: B11_s2 | MR10: D11_p_s2 | MS10: D121_p_s2 | MT10: D12_p_s2 | MU10: D41_p_s2 | MV10: D42_p_s2 | MW10: D43_p_s2 | MX10: D44_p_s2bis | MY10: D44_p_s2 | MZ10: D51_p_s2 | NA10: D5_p_s2 | NB10: D611Z_p_s2 | NC10: D613Z_p_s2 | ND10: D61_p_s2 | NE10: D621_p_s2 | NF10: D62_p_s2 | NG10: D71_p_s2 | NH10: D72_p_s2 | NI10: D74_p_s2 | NJ10: D75_p_s2 | NK10: D7_p_s2bis | NL10: D7_p_s2 | NM10: NP_p_s2 | NN10: D11_r_s2 | NO10: D121_r_s2 | NP10: D12_r_s2 | NQ10: D211_r_s2 | NR10: D212_r_s2 | NS10: D214_r_s2 | NT10: D21_r_s2 | NU10: D292_r_s2 | NV10: D29_r_s2 | NW10: D319_p_s2 | NX10: D39_p_s2 | NY10: D41_r_s2 | NZ10: D42_r_s2 | OA10: D43_r_s2 | OB10: D44_r_s2bis | OC10: D44_r_s2 | OD10: D611Z_r_s2 | OE10: D613Z_r_s2 | OF10: D61_r_s2 | OG10: D621_r_s2 | OH10: D622_r_s2 | OI10: D623_r_s2 | OJ10: D62_r_s2 | OK10: D71_r_s2 | OL10: D72_r_s2 | OM10: D74_r_s2 | ON10: D75_r_s2 | OO10: D76_r_s2 | OP10: D7_r_s2bis | OQ10: D7_r_s2 | OR10: D92_r_s2 | OS10: D99_r_s2 | OT10: D9_r_s2 | OU10: D92_p_s2 | OV10: D99_p_s2 | OW10: D9_p_s2 | OX10: B9NF_s2 | OY10: gdp_data | OZ10: gamma_div_r_s12 | PA10: D42_r_s121 | PB10: D42_p_s121 | PC10: int_rate_10yrs | PD10: irate_ecb | PE10: deprate_fra | PF10: intr_credit | PG10: D5_p_s121 | PH10: D41_r_s121 | PI10: D41_p_s121 | PJ10: B1_s1 | PK10: B2_s1 | PL10: gdp_cal | PM10: P_goldbis | PN10: p_gold | PO10: dep_ratio_old | PP10: TAP | PQ10: AP | PR10: sp500 | PS10: d61bis_p_s14_wm | PT10: ns_we_s_s11 | PU10: ns_we_s_s12 | PV10: ns_we_s_s13 | PW10: ns_we_s_s14_ei | PX10: ns_we_s_s14_nonei | PY10: ns_we_s_s14 | PZ10: ns_we_s_s15 | QA10: ns_we_s_s1 | QB10: ns_we_ns_s14_ei | QC10: ns_we_ns_s1 | QD10: ns_ft_s_s11 | QE10: ns_ft_s_s12 | QF10: ns_ft_s_s13 | QG10: ns_ft_s_s14_ei | QH10: ns_ft_s_s14_nonei | QI10: ns_ft_s_s15 | QJ10: ns_ft_s_s14 | QK10: ns_ft_s_s1 | QL10: ns_ft_ns_s14_ei | QM10: ns_ft_ns_s1 | QN10: gap_imf | QO10: unempl_rate | QP10: pop | QQ10: act_rate | QR10: act_pop | QS10: pop_15_64 | QT10: ltint_diffw | QU10: stint_diffw | QV10: intr_credit | QW10: ltint_fra | QX10: ltint_w | QY10: deprate_frabis | QZ10: refin_rate | RA10: xr_eur_usdbis | RB10: xr_eur_usd | RC10: foreign_demand | RD10: pmsh | RE10: pxc | RF10: neerbis | RG10: reerbis | RH10: neer | RI10: reer | RJ10: world_gdp | RL10: =W10 -> p51_p_s11bis | RM10: =CP10 -> P51_p_s11 | RN10: =CONCATENATE(RL10,"/GDP") -> p51_p_s11bis/GDP | RO10: =CONCATENATE(RM10,"/GDP") -> P51_p_s11/GDP
A11: 1949 | B11: 270.2211 | C11: 14.864761 | D11: =E11+G11 -> 157.02465 | E11: 148.95028 | F11: 66.842703 | G11: 8.0743684 | H11: 26.51748 | I11: 0.15493612 | J11: 8.5680061 | K11: 11.355483 | L11: 0.19857012 | M11: =K11+L11 -> 11.554053 | N11: 0.6947153 | P11: 14.970629 | Q11: 13.225398 | R11: 1.721852 | S11: =T11+V11 -> 8.201448 | T11: 7.984426 | U11: 1.969111 | V11: 0.217022 | W11: 1.736257 | X11: 0.017215 | Y11: 0.369048 | Z11: 0.389814 | AA11: 0.028288 | AB11: =Z11+AA11 -> 0.418102 | AC11: 0.006842 | AD11: 0.37689 | AE11: 1.852337 | AF11: =(Q11/B11)/(Q$77/B$77) -> 0.048392055 | AG11: 0.048107209 | AH11: =(R11/C11)/(R$77/C$77) -> 0.11861532 | AI11: =(S11/D11)/(S$77/D$77) -> 0.052082138 | AJ11: =(T11/E11)/(T$77/E$77) -> 0.053463813 | AK11: =(U11/F11)/(U$77/F$77) -> 0.029485331 | AL11: =(V11/G11)/(V$77/G$77) -> 0.026661035 | AM11: =(W11/H11)/(W$77/H$77) -> 0.065577104 | AN11: =(X11/I11)/(X$77/I$77) -> 0.11201663 | AO11: =(Y11/J11)/(Y$77/J$77) -> 0.043687721 | ... AS11: =(AC11/N11)/(AC$77/N$77) -> 0.0096730552 | AU11: =(AE11/P11)/(AE$77/P$77) -> 0.12278138 | AV11: 17.618 | AW11: 12.585 | AX11: 5.033 | AY11: 2.754 | AZ11: 0.488 | BA11: 0.196 | BB11: 0.684 | BC11: 0.033 | BD11: 0.134 | BE11: 0.167 | BF11: 0.091 | BG11: 1.518 | BH11: 0.067 | BI11: 0.239 | BJ11: 0 | BK11: 0.004 | BL11: 0 | BM11: 0.119 | BN11: 0.311 | BO11: 0 | BP11: 0.024 | BQ11: 0.196 | BR11: 0.027 | BS11: 0.223 | BT11: 0.019 | BU11: 0.008 | BV11: 0.027 | BW11: 0 | BX11: 0.169 | BY11: 0.169 | BZ11: 0.177 | CA11: 0.177 | CB11: 0.028 | CC11: 0.266 | CD11: 0.294 | CE11: =CD11-BV11 -> 0.267 | CF11: 0.982 | CG11: 0.982 | CH11: 0.192 | CI11: 0.172 | CJ11: 0.364 | CK11: =CJ11-CN11 -> 0.298 | CL11: 0 | CM11: 0.066 | CN11: 0.066 | CO11: 0 | CP11: 1.459 | CQ11: 0.279 | CR11: 0 | CS11: -0.459 | CT11: 0.468 | CU11: 0.175 | CV11: 0.291 | CW11: 0.094 | CX11: 0.028 | CY11: 0.004 | CZ11: 0.032 | DA11: 0.008 | DB11: 0.012 | DC11: 0.02 | DD11: 0 | DE11: 0.144 | DF11: 0.171 | DG11: =DF11-PH11 -> 0.171 | DH11: 0.016 | DI11: =DH11-PA11 -> 0.016 | DJ11: 0 | DK11: 0 | DL11: 0.008 | DM11: 0.141 | DN11: =DM11-PI11 -> 0.141 | DO11: 0.008 | DP11: =DO11-PB11 -> 0.008 | DQ11: 0 | DR11: 0.024 | DS11: =DR11-DL11 -> 0.016 | DT11: 0 | DU11: 0.004 | DV11: 0.038 | DW11: 0.042 | DX11: 0.122 | DY11: 0.024 | DZ11: 0 | EA11: 0.146 | EB11: 0.024 | EC11: 0 | ED11: 0.024 | EE11: =ED11-PG11 -> 0.024 | EF11: 0.051 | EG11: 0.051 | EH11: 0.024 | EI11: 0.111 | EJ11: 0 | EK11: 0.135 | EL11: 0.142 | EM11: 0.142 | EN11: 0 | EO11: 0.008 | EP11: 0.008 | EQ11: =EP11-ET11 -> 0.008 | ER11: 0 | ES11: 0 | ET11: 0 | EU11: 0 | EV11: 0.017 | EW11: 0 | EX11: 0.133 | EY11: 1.899 | EZ11: 0.546 | FA11: 1.354 | FB11: 0.89 | FC11: 0.035 | FD11: 0.171 | FE11: 0.206 | FF11: 0.028 | FG11: 0.004 | FH11: 0.032 | FI11: 0 | FJ11: 0.228 | FK11: 0.936 | FL11: 0.03 | FM11: 0.649 | FN11: 1.615 | FO11: 0.076 | FP11: 0.234 | FQ11: 0.31 | FR11: 0.123 | FS11: 0.11 | FT11: 0.016 | FU11: 0.019 | FV11: 0.004 | FW11: 0.014 | FX11: =FW11-FZ11 -> 0.014 | FY11: 0.103 | FZ11: 0 | GA11: 0 | GB11: 0.445 | GC11: 0.056 | GD11: =GE11-GQ11 -> 0.501 | GE11: 0.501 | GF11: 0.742 | GG11: 0.171 | GH11: 0.213 | GI11: 1.126 | GJ11: 0.004 | GK11: 0 | GL11: 0.333 | GM11: 0.092 | GN11: 0.429 | GO11: 0 | GP11: 0 | GQ11: 0 | GR11: 0 | GS11: 0.7 | GT11: 0.187 | GU11: 0.244 | GV11: 1.131 | GW11: 0.004 | GX11: 0 | GY11: 0.112 | GZ11: 0.141 | HA11: 0 | HB11: 0.257 | HC11: =HB11-GN11 -> -0.172 | HD11: 2.535 | HE11: 1.017 | HF11: 0.953 | HG11: 1.97 | HH11: 0.565 | HI11: -0.036 | HJ11: 0.048 | HK11: 0.209 | HL11: 0.221 | HM11: 0 | HN11: 0.293 | HO11: 0.466 | HP11: 0.759 | HQ11: =HP11-HL11 -> 0.538 | HR11: 0.37 | HS11: 0 | HT11: 0 | HU11: -0.27 | HV11: 1.017 | HW11: 0 | HX11: 1.517 | HY11: 7.718 | HZ11: 0.305 | IA11: 8.023 | IB11: 2.933 | IC11: 0.036 | ID11: 2.969 | IE11: 4.786 | IF11: 0.27 | IG11: 5.056 | IH11: 0.764 | II11: 0.167 | IJ11: 0.931 | IK11: 0.144 | IL11: 0.048 | IM11: 0.192 | IN11: 0.004 | IO11: 0.086 | IP11: 0.09 | IQ11: 0 | IR11: 0 | IS11: 0 | IT11: 0.09 | IU11: 0.02 | IV11: 0 | IW11: 0.02 | IX11: 3.805 | IY11: 0.055 | IZ11: 3.86 | JA11: 4.668 | JB11: 4.668 | JC11: 0.744 | JD11: 0.371 | JE11: 1.115 | JF11: 0.107 | JG11: 0.004 | JH11: 0.111 | JI11: 0.171 | JJ11: 0.171 | JK11: 0.012 | JL11: 0 | JM11: 0.012 | JN11: 0.119 | JO11: 0.119 | JP11: 0.043 | JQ11: 0 | JR11: 0.043 | JS11: 0.108 | JT11: 0.108 | JU11: 0.677 | JV11: 0.411 | JW11: 0.245 | JX11: 1.333 | JY11: =JX11-KP11 -> 1.333 | JZ11: 0.054 | KA11: 0.43 | KB11: 0.484 | KC11: 0 | KD11: 0.306 | KE11: 0.306 | KF11: 0.79 | KG11: =KF11-KX11 -> 0.273 | KH11: 0.252 | KI11: 0.056 | KJ11: 0.308 | KK11: 0.741 | KL11: 0.371 | KM11: 0.281 | KN11: 1.393 | KO11: 0 | KP11: 0 | KQ11: 0 | KR11: 0.06 | KS11: 0.431 | KT11: 0.491 | KU11: 0 | KV11: 0.026 | KW11: 0.026 | KX11: 0.517 | KY11: 0 | KZ11: 9.469 | LA11: 0.339 | LB11: 9.808 | LC11: 7.979 | LD11: 0.217 | LE11: 8.196 | LF11: 1.489 | LG11: 0.122 | LH11: 1.611 | LI11: 0.032 | LJ11: 0.168 | LK11: 0.2 | LL11: 0 | LM11: 0 | LN11: 0 | LO11: 0.2 | LP11: 0 | LQ11: 0.036 | LR11: 0.028 | LS11: 0.064 | LT11: 0 | LU11: 0.064 | LV11: =LU11-LO11 -> -0.136 | LW11: 0.667 | LX11: 0.028 | LY11: 0.695 | LZ11: 0.102 | MA11: 0.102 | MB11: 0.008 | MC11: 0.008 | MD11: 0 | ME11: 0 | MF11: 0.85 | MG11: 0.094 | MH11: 0.944 | MI11: 1.017 | MJ11: 0.218 | MK11: 0.217 | ML11: 10.702 | MM11: 0.122 | MN11: 10.824 | MO11: 1.852 | MP11: 1.719 | MQ11: 0.134 | MR11: 0.011 | MS11: 0.004 | MT11: 0.004 | MU11: 0.008 | MV11: 0.129 | MW11: 0 | MX11: 0 | MY11: 0 | MZ11: 0 | NA11: 0 | NB11: 0.004 | NC11: 0 | ND11: 0.004 | NE11: 0.007 | NF11: 0.007 | NG11: 0.01 | NH11: 0 | NI11: 0.333 | NJ11: 0.008 | NK11: 0.351 | NL11: 0 | NM11: 0 | NN11: 0.012 | NO11: 0 | NP11: 0 | NQ11: 0 | NR11: 0 | NS11: 0 | NT11: 0 | NU11: 0 | NV11: 0 | NW11: 0 | NX11: 0 | NY11: 0.051 | NZ11: 0.004 | OA11: 0 | OB11: 0 | OC11: =OB11-MX11 -> 0 | OD11: 0.004 | OE11: 0.004 | OF11: 0.008 | OG11: 0.03 | OH11: 0.004 | OI11: 0 | OJ11: 0.034 | OK11: 0.002 | OL11: 0.012 | OM11: 0.112 | ON11: 0.037 | OO11: 0 | OP11: 0.163 | OQ11: =OP11-NK11 -> -0.188 | OR11: 0.023 | OS11: 0 | OT11: 0.023 | OU11: 0 | OV11: 0 | OW11: 0 | OX11: -0.461 | OY11: 13.225 | PJ11: 11.734 | PK11: =IFERROR(HLOOKUP("b2_s11",real!$B$10:$AMM$83,$A11-1947,FALSE)+HLOOKUP("b2_s12",real!$B$10:$AMM$83,$A11-1947,FALSE)+HLOOKUP("b2_s13",real!$B$10:$AMM$83,$A11-1947,FALSE)+HLOOKUP("b2_s14",real!$B$10:$AMM$83,$A11-1947,FALSE),"") -> 5.75 | PL11: 13.226 | PN11: 29.816099 | PR11: 0.0087980819 | PS11: 0.073564435 | RL11: =W11 -> 1.736257 | RM11: =CP11 -> 1.459 | RN11: =RL11*100/Q11 -> 13.128202 | RO11: =RM11*100/Q11 -> 11.031804
A12: 1950 | B12: 293.36721 | C12: 15.501023 | D12: =E12+G12 -> 167.46691 | E12: 158.91266 | F12: 71.473836 | G12: 8.5542423 | H12: 27.365792 | I12: 0.20017045 | J12: 9.1073721 | K12: 12.506022 | L12: 0.20434724 | M12: =K12+L12 -> 12.710369 | N12: 0.77391406 | O12: -4.709995 | P12: 18.106938 | Q12: 15.513387 | R12: 2.005482 | S12: =T12+V12 -> 9.457936 | T12: 9.202508 | U12: 2.333015 | V12: 0.255428 | W12: 1.903342 | X12: 0.023275 | Y12: 0.399175 | Z12: 0.455037 | AA12: 0.029444 | AB12: =Z12+AA12 -> 0.484481 | AC12: 0.008015 | AD12: 0.54189 | AE12: 2.36774 | AF12: =(Q12/B12)/(Q$77/B$77) -> 0.052285303 | AG12: 0.052412822 | AH12: =(R12/C12)/(R$77/C$77) -> 0.13248335 | AI12: =(S12/D12)/(S$77/D$77) -> 0.056316217 | AJ12: =(T12/E12)/(T$77/E$77) -> 0.057757083 | AK12: =(U12/F12)/(U$77/F$77) -> 0.032670836 | AL12: =(V12/G12)/(V$77/G$77) -> 0.029618889 | AM12: =(W12/H12)/(W$77/H$77) -> 0.06965933 | AN12: =(X12/I12)/(X$77/I$77) -> 0.11722436 | AO12: =(Y12/J12)/(Y$77/J$77) -> 0.044455609 | ... AU12: =(AE12/P12)/(AE$77/P$77) -> 0.12976021 | AV12: 20.277 | AW12: 14.362 | AX12: 5.915 | AY12: 3.053 | AZ12: 0.553 | BA12: 0.215 | BB12: 0.768 | BC12: 0.04 | BD12: 0.169 | BE12: 0.209 | BF12: 0.109 | BG12: 1.996 | BH12: 0.083 | BI12: 0.277 | BJ12: 0 | BK12: 0.004 | BL12: 0 | BM12: 0.152 | BN12: 0.384 | BO12: 0 | BP12: 0.028 | BQ12: 0.215 | BR12: 0.044 | BS12: 0.259 | BT12: 0.014 | BU12: 0.008 | BV12: 0.022 | BW12: 0 | BX12: 0.21 | BY12: 0.21 | BZ12: 0.205 | CA12: 0.205 | CB12: 0.028 | CC12: 0.305 | CD12: 0.333 | CE12: =CD12-BV12 -> 0.311 | CF12: 1.327 | CG12: 1.327 | CH12: 0.189 | CI12: 0.17 | CJ12: 0.359 | CK12: =CJ12-CN12 -> 0.287 | CL12: 0 | CM12: 0.072 | CN12: 0.072 | CO12: 0 | CP12: 1.602 | CQ12: 0.306 | CR12: 0 | CS12: -0.294 | CT12: 0.536 | CU12: 0.192 | CV12: 0.343 | CW12: 0.107 | CX12: 0.031 | CY12: 0.004 | CZ12: 0.035 | DA12: 0.01 | DB12: 0.013 | DC12: 0.023 | DD12: 0 | DE12: 0.178 | DF12: 0.194 | DG12: =DF12-PH12 -> 0.194 | DH12: 0.016 | DI12: =DH12-PA12 -> 0.016 | DJ12: 0 | DK12: 0 | DL12: 0.008 | DM12: 0.155 | DN12: =DM12-PI12 -> 0.155 | DO12: 0.008 | DP12: =DO12-PB12 -> 0.008 | DQ12: 0 | DR12: 0.025 | DS12: =DR12-DL12 -> 0.017 | DT12: 0 | DU12: 0.004 | DV12: 0.045 | DW12: 0.049 | DX12: 0.144 | DY12: 0.028 | DZ12: 0 | EA12: 0.172 | EB12: 0.029 | EC12: 0 | ED12: 0.029 | EE12: =ED12-PG12 -> 0.029 | EF12: 0.062 | EG12: 0.062 | EH12: 0.028 | EI12: 0.132 | EJ12: 0 | EK12: 0.16 | EL12: 0.175 | EM12: 0.175 | EN12: 0 | EO12: 0.009 | EP12: 0.009 | EQ12: =EP12-ET12 -> 0.009 | ER12: 0 | ES12: 0 | ET12: 0 | EU12: 0 | EV12: 0.023 | EW12: 0 | EX12: 0.162 | EY12: 2.32 | EZ12: 0.678 | FA12: 1.639 | FB12: 1.024 | FC12: 0.033 | FD12: 0.284 | FE12: 0.317 | FF12: 0.034 | FG12: 0.004 | FH12: 0.038 | FI12: 0 | FJ12: 0.265 | FK12: 1.131 | FL12: 0.064 | FM12: 0.775 | FN12: 1.97 | FO12: 0.091 | FP12: 0.283 | FQ12: 0.374 | FR12: 0.148 | FS12: 0.132 | FT12: 0.047 | FU12: 0.013 | FV12: 0.004 | FW12: 0.016 | FX12: =FW12-FZ12 -> 0.016 | FY12: 0.152 | FZ12: 0 | GA12: 0 | GB12: 0.592 | GC12: 0.062 | GD12: =GE12-GQ12 -> 0.654 | GE12: 0.654 | GF12: 0.829 | GG12: 0.283 | GH12: 0.234 | GI12: 1.346 | GJ12: 0.004 | GK12: 0 | GL12: 0.244 | GM12: 0.094 | GN12: 0.342 | GO12: 0 | GP12: 0 | GQ12: 0 | GR12: 0 | GS12: 0.821 | GT12: 0.289 | GU12: 0.261 | GV12: 1.371 | GW12: 0.004 | GX12: 0 | GY12: 0.077 | GZ12: 0.155 | HA12: 0 | HB12: 0.236 | HC12: =HB12-GN12 -> -0.106 | HD12: 2.99 | HE12: 1.191 | HF12: 1.141 | HG12: 2.332 | HH12: 0.657 | HI12: -0.039 | HJ12: 0.061 | HK12: 0.267 | HL12: 0.289 | HM12: 0 | HN12: 0.324 | HO12: 0.52 | HP12: 0.844 | HQ12: =HP12-HL12 -> 0.555 | HR12: 0.399 | HS12: 0 | HT12: 0 | HU12: -0.216 | HV12: 1.192 | HW12: 0 | HX12: 1.798 | HY12: 8.702 | HZ12: 0.339 | IA12: 9.041 | IB12: 3.204 | IC12: 0.046 | ID12: 3.25 | IE12: 5.498 | IF12: 0.293 | IG12: 5.791 | IH12: 0.813 | II12: 0.184 | IJ12: 0.997 | IK12: 0.164 | IL12: 0.047 | IM12: 0.211 | IN12: 0.008 | IO12: 0.099 | IP12: 0.107 | IQ12: 0 | IR12: 0 | IS12: 0 | IT12: 0.107 | IU12: 0.023 | IV12: 0 | IW12: 0.023 | IX12: 4.439 | IY12: 0.063 | IZ12: 4.502 | JA12: 5.178 | JB12: 5.178 | JC12: 0.83 | JD12: 0.502 | JE12: 1.332 | JF12: 0.132 | JG12: 0.004 | JH12: 0.136 | JI12: 0.2 | JJ12: 0.2 | JK12: 0.012 | JL12: 0 | JM12: 0.012 | JN12: 0.126 | JO12: 0.126 | JP12: 0.054 | JQ12: 0 | JR12: 0.054 | JS12: 0.115 | JT12: 0.115 | JU12: 0.801 | JV12: 0.553 | JW12: 0.263 | JX12: 1.617 | JY12: =JX12-KP12 -> 1.617 | JZ12: 0.064 | KA12: 0.495 | KB12: 0.559 | KC12: 0 | KD12: 0.335 | KE12: 0.335 | KF12: 0.894 | KG12: =KF12-KX12 -> 0.325 | KH12: 0.352 | KI12: 0.062 | KJ12: 0.414 | KK12: 0.829 | KL12: 0.502 | KM12: 0.326 | KN12: 1.657 | KO12: 0 | KP12: 0 | KQ12: 0 | KR12: 0.071 | KS12: 0.477 | KT12: 0.548 | KU12: 0 | KV12: 0.021 | KW12: 0.021 | KX12: 0.569 | KY12: 0 | KZ12: 10.803 | LA12: 0.38 | LB12: 11.183 | LC12: 9.207 | LD12: 0.255 | LE12: 9.462 | LF12: 1.597 | LG12: 0.125 | LH12: 1.722 | LI12: 0.032 | LJ12: 0.174 | LK12: 0.206 | LL12: 0 | LM12: 0 | LN12: 0 | LO12: 0.206 | LP12: 0 | LQ12: 0.039 | LR12: 0.031 | LS12: 0.07 | LT12: 0 | LU12: 0.07 | LV12: =LU12-LO12 -> -0.136 | LW12: 0.757 | LX12: 0.029 | LY12: 0.786 | LZ12: 0.226 | MA12: 0.226 | MB12: 0.008 | MC12: 0.008 | MD12: 0 | ME12: 0 | MF12: 0.74 | MG12: 0.096 | MH12: 0.836 | MI12: 1.192 | MJ12: 0.255 | MK12: 0.255 | ML12: 12.251 | MM12: 0.125 | MN12: 12.376 | MO12: 2.368 | MP12: 2.001 | MQ12: 0.367 | MR12: 0.01 | MS12: 0.004 | MT12: 0.004 | MU12: 0.008 | MV12: 0.12 | MW12: 0 | MX12: 0 | MY12: 0 | MZ12: 0 | NA12: 0 | NB12: 0.004 | NC12: 0 | ND12: 0.004 | NE12: 0.004 | NF12: 0.004 | NG12: 0.015 | NH12: 0 | NI12: 0.244 | NJ12: 0.008 | NK12: 0.267 | NL12: 0 | NM12: 0 | NN12: 0.012 | NO12: 0 | NP12: 0 | NQ12: 0 | NR12: 0 | NS12: 0 | NT12: 0 | NU12: 0 | NV12: 0 | NW12: 0 | NX12: 0 | NY12: 0.063 | NZ12: 0.005 | OA12: 0 | OB12: 0 | OC12: =OB12-MX12 -> 0 | OD12: 0.004 | OE12: 0.004 | OF12: 0.008 | OG12: 0.028 | OH12: 0.004 | OI12: 0 | OJ12: 0.032 | OK12: 0.004 | OL12: 0.024 | OM12: 0.077 | ON12: 0.037 | OO12: 0 | OP12: 0.142 | OQ12: =OP12-NK12 -> -0.125 | OR12: 0.041 | OS12: 0 | OT12: 0.041 | OU12: 0 | OV12: 0 | OW12: 0 | OX12: -0.634 | OY12: 15.512 | PJ12: 13.688 | PK12: =IFERROR(HLOOKUP("b2_s11",real!$B$10:$AMM$83,$A12-1947,FALSE)+HLOOKUP("b2_s12",real!$B$10:$AMM$83,$A12-1947,FALSE)+HLOOKUP("b2_s13",real!$B$10:$AMM$83,$A12-1947,FALSE)+HLOOKUP("b2_s14",real!$B$10:$AMM$83,$A12-1947,FALSE),"") -> 6.941 | PL12: 15.51 | PN12: 32.735095 | PO12: 19.5 | PR12: 0.011054936 | PS12: 0.078181381 | RL12: =W12 -> 1.903342 | RM12: =CP12 -> 1.602 | RN12: =RL12*100/Q12 -> 12.269029 | RO12: =RM12*100/Q12 -> 10.326565
A13: 1951 | B13: 310.35763 | C13: 18.428195 | D13: =E13+G13 -> 179.44206 | E13: 170.26139 | F13: 75.886866 | G13: 9.1806697 | H13: 29.195549 | I13: 0.21410283 | J13: 9.0461581 | K13: 16.431495 | L13: 0.20650564 | M13: =K13+L13 -> 16.638 | N13: 0.91604775 | O13: -6.172779 | P13: 20.27656 | Q13: 19.542336 | R13: 3.037134 | S13: =T13+V13 -> 11.918319 | T13: 11.594895 | U13: 2.938316 | V13: 0.323424 | W13: 2.388893 | X13: 0.029459 | Y13: 0.488225 | Z13: 0.727098 | AA13: 0.033315 | AB13: =Z13+AA13 -> 0.760413 | AC13: 0.012805 | AD13: 0.8865 | AE13: 3.15654 | AF13: =(Q13/B13)/(Q$77/B$77) -> 0.062258496 | AG13: 0.064902528 | AH13: =(R13/C13)/(R$77/C$77) -> 0.16876564 | AI13: =(S13/D13)/(S$77/D$77) -> 0.06623032 | AJ13: =(T13/E13)/(T$77/E$77) -> 0.067921644 | AK13: =(U13/F13)/(U$77/F$77) -> 0.03875446 | AL13: =(V13/G13)/(V$77/G$77) -> 0.034944569 | AM13: =(W13/H13)/(W$77/H$77) -> 0.081950298 | AN13: =(X13/I13)/(X$77/I$77) -> 0.1387151 | AO13: =(Y13/J13)/(Y$77/J$77) -> 0.054740927 | ... AU13: =(AE13/P13)/(AE$77/P$77) -> 0.15447904 | AV13: 27.052 | AW13: 19.289 | AX13: 7.764 | AY13: 4.02 | AZ13: 0.742 | BA13: 0.283 | BB13: 1.025 | BC13: 0.05 | BD13: 0.22 | BE13: 0.27 | BF13: 0.123 | BG13: 2.571 | BH13: 0.102 | BI13: 0.347 | BJ13: 0 | BK13: 0.004 | BL13: 0 | BM13: 0.172 | BN13: 0.513 | BO13: 0 | BP13: 0.033 | BQ13: 0.283 | BR13: 0.039 | BS13: 0.322 | BT13: 0.02 | BU13: 0.008 | BV13: 0.028 | BW13: 0 | BX13: 0.3 | BY13: 0.3 | BZ13: 0.255 | CA13: 0.255 | CB13: 0.031 | CC13: 0.397 | CD13: 0.428 | CE13: =CD13-BV13 -> 0.4 | CF13: 1.673 | CG13: 1.673 | CH13: 0.175 | CI13: 0.159 | CJ13: 0.334 | CK13: =CJ13-CN13 -> 0.264 | CL13: 0 | CM13: 0.07 | CN13: 0.07 | CO13: 0 | CP13: 2.021 | CQ13: 0.574 | CR13: 0 | CS13: -0.659 | CT13: 0.687 | CU13: 0.238 | CV13: 0.449 | CW13: 0.139 | CX13: 0.041 | CY13: 0.004 | CZ13: 0.045 | DA13: 0.015 | DB13: 0.019 | DC13: 0.034 | DD13: 0 | DE13: 0.229 | DF13: 0.198 | DG13: =DF13-PH13 -> 0.198 | DH13: 0.018 | DI13: =DH13-PA13 -> 0.018 | DJ13: 0 | DK13: 0 | DL13: 0.008 | DM13: 0.195 | DN13: =DM13-PI13 -> 0.195 | DO13: 0.009 | DP13: =DO13-PB13 -> 0.009 | DQ13: 0 | DR13: 0.028 | DS13: =DR13-DL13 -> 0.02 | DT13: 0 | DU13: 0.004 | DV13: 0.052 | DW13: 0.056 | DX13: 0.169 | DY13: 0.034 | DZ13: 0 | EA13: 0.203 | EB13: 0.038 | EC13: 0 | ED13: 0.038 | EE13: =ED13-PG13 -> 0.038 | EF13: 0.074 | EG13: 0.074 | EH13: 0.034 | EI13: 0.155 | EJ13: 0 | EK13: 0.189 | EL13: 0.18 | EM13: 0.18 | EN13: 0 | EO13: 0.012 | EP13: 0.012 | EQ13: =EP13-ET13 -> 0.012 | ER13: 0 | ES13: 0 | ET13: 0 | EU13: 0 | EV13: 0.03 | EW13: 0 | EX13: 0.163 | EY13: 2.97 | EZ13: 0.895 | FA13: 2.076 | FB13: 1.344 | FC13: 0.047 | FD13: 0.301 | FE13: 0.348 | FF13: 0.042 | FG13: 0.004 | FH13: 0.046 | FI13: 0 | FJ13: 0.337 | FK13: 1.534 | FL13: 0.081 | FM13: 0.941 | FN13: 2.556 | FO13: 0.114 | FP13: 0.347 | FQ13: 0.461 | FR13: 0.168 | FS13: 0.149 | FT13: 0.078 | FU13: 0.036 | FV13: 0.004 | FW13: 0.02 | FX13: =FW13-FZ13 -> 0.02 | FY13: 0.175 | FZ13: 0 | GA13: 0 | GB13: 0.734 | GC13: 0.069 | GD13: =GE13-GQ13 -> 0.803 | GE13: 0.803 | GF13: 1.07 | GG13: 0.301 | GH13: 0.321 | GI13: 1.692 | GJ13: 0.004 | GK13: 0 | GL13: 0.199 | GM13: 0.103 | GN13: 0.306 | GO13: 0 | GP13: 0 | GQ13: 0 | GR13: 0 | GS13: 1.075 | GT13: 0.322 | GU13: 0.335 | GV13: 1.732 | GW13: 0.004 | GX13: 0 | GY13: 0.092 | GZ13: 0.183 | HA13: 0 | HB13: 0.279 | HC13: =HB13-GN13 -> -0.027 | HD13: 3.789 | HE13: 1.515 | HF13: 1.423 | HG13: 2.938 | HH13: 0.851 | HI13: -0.044 | HJ13: 0.068 | HK13: 0.3 | HL13: 0.324 | HM13: 0 | HN13: 0.324 | HO13: 0.555 | HP13: 0.879 | HQ13: =HP13-HL13 -> 0.555 | HR13: 0.488 | HS13: 0 | HT13: 0 | HU13: -0.103 | HV13: 1.515 | HW13: 0 | HX13: 2.274 | HY13: 10.535 | HZ13: 0.426 | IA13: 10.961 | IB13: 4.014 | IC13: 0.087 | ID13: 4.101 | IE13: 6.523 | IF13: 0.339 | IG13: 6.862 | IH13: 0.906 | II13: 0.212 | IJ13: 1.118 | IK13: 0.174 | IL13: 0.066 | IM13: 0.24 | IN13: 0.008 | IO13: 0.103 | IP13: 0.111 | IQ13: 0 | IR13: 0 | IS13: 0 | IT13: 0.111 | IU13: 0.026 | IV13: 0 | IW13: 0.026 | IX13: 5.358 | IY13: 0.061 | IZ13: 5.419 | JA13: 6.62 | JB13: 6.62 | JC13: 1.074 | JD13: 0.59 | JE13: 1.664 | JF13: 0.163 | JG13: 0.008 | JH13: 0.171 | JI13: 0.259 | JJ13: 0.259 | JK13: 0.016 | JL13: 0 | JM13: 0.016 | JN13: 0.143 | JO13: 0.143 | JP13: 0.064 | JQ13: 0 | JR13: 0.064 | JS13: 0.13 | JT13: 0.13 | JU13: 1.051 | JV13: 0.648 | JW13: 0.337 | JX13: 2.036 | JY13: =JX13-KP13 -> 2.036 | JZ13: 0.076 | KA13: 0.63 | KB13: 0.706 | KC13: 0 | KD13: 0.388 | KE13: 0.388 | KF13: 1.094 | KG13: =KF13-KX13 -> 0.424 | KH13: 0.397 | KI13: 0.069 | KJ13: 0.466 | KK13: 1.071 | KL13: 0.589 | KM13: 0.414 | KN13: 2.074 | KO13: 0 | KP13: 0 | KQ13: 0 | KR13: 0.083 | KS13: 0.565 | KT13: 0.648 | KU13: 0 | KV13: 0.022 | KW13: 0.022 | KX13: 0.67 | KY13: 0 | KZ13: 13.579 | LA13: 0.433 | LB13: 14.012 | LC13: 11.594 | LD13: 0.323 | LE13: 11.917 | LF13: 1.985 | LG13: 0.11 | LH13: 2.095 | LI13: 0.035 | LJ13: 0.188 | LK13: 0.223 | LL13: 0 | LM13: 0 | LN13: 0 | LO13: 0.223 | LP13: 0 | LQ13: 0.044 | LR13: 0.034 | LS13: 0.078 | LT13: 0 | LU13: 0.078 | LV13: =LU13-LO13 -> -0.145 | LW13: 1.095 | LX13: 0.033 | LY13: 1.128 | LZ13: 0.303 | MA13: 0.303 | MB13: 0.013 | MC13: 0.013 | MD13: 0 | ME13: 0 | MF13: 0.719 | MG13: 0.078 | MH13: 0.797 | MI13: 1.515 | MJ13: 0.323 | MK13: 0.323 | ML13: 15.417 | MM13: 0.11 | MN13: 15.527 | MO13: 3.157 | MP13: 3.029 | MQ13: 0.127 | MR13: 0.013 | MS13: 0.004 | MT13: 0.004 | MU13: 0.009 | MV13: 0.147 | MW13: 0 | MX13: 0 | MY13: 0 | MZ13: 0 | NA13: 0 | NB13: 0.004 | NC13: 0 | ND13: 0.004 | NE13: 0.007 | NF13: 0.007 | NG13: 0.02 | NH13: 0.004 | NI13: 0.199 | NJ13: 0.013 | NK13: 0.236 | NL13: 0 | NM13: 0 | NN13: 0.012 | NO13: 0 | NP13: 0 | NQ13: 0 | NR13: 0 | NS13: 0 | NT13: 0 | NU13: 0 | NV13: 0 | NW13: 0 | NX13: 0 | NY13: 0.066 | NZ13: 0.009 | OA13: 0 | OB13: 0 | OC13: =OB13-MX13 -> 0 | OD13: 0.004 | OE13: 0.004 | OF13: 0.008 | OG13: 0.031 | OH13: 0.004 | OI13: 0 | OJ13: 0.035 | OK13: 0.004 | OL13: 0.025 | OM13: 0.092 | ON13: 0.051 | OO13: 0 | OP13: 0.172 | OQ13: =OP13-NK13 -> -0.064 | OR13: 0.045 | OS13: 0 | OT13: 0.045 | OU13: 0 | OV13: 0 | OW13: 0 | OX13: -0.378 | OY13: 19.54 | PJ13: 17.151 | PK13: =IFERROR(HLOOKUP("b2_s11",real!$B$10:$AMM$83,$A13-1947,FALSE)+HLOOKUP("b2_s12",real!$B$10:$AMM$83,$A13-1947,FALSE)+HLOOKUP("b2_s13",real!$B$10:$AMM$83,$A13-1947,FALSE)+HLOOKUP("b2_s14",real!$B$10:$AMM$83,$A13-1947,FALSE),"") -> 8.556 | PL13: 19.539 | PN13: 32.735095 | PO13: 19.6 | PR13: 0.012608152 | PS13: 0.07769566 | RL13: =W13 -> 2.388893 | RM13: =CP13 -> 2.021 | RN13: =RL13*100/Q13 -> 12.224194 | RO13: =RM13*100/Q13 -> 10.34165
A14: 1952 | B14: 320.02227 | C14: 18.967298 | D14: =E14+G14 -> 187.63443 | E14: 177.80659 | F14: 81.001912 | G14: 9.827839 | H14: 27.012103 | I14: 0.23876982 | J14: 10.877995 | K14: 18.900384 | L14: 0.20848919 | M14: =K14+L14 -> 19.108873 | N14: 1.1463295 | O14: -5.823643 | P14: 19.62353 | Q14: 22.770736 | R14: 3.176344 | S14: =T14+V14 -> 13.84808 | T14: 13.445847 | U14: 3.651617 | V14: 0.402233 | W14: 2.651049 | X14: 0.03951 | Y14: 0.706227 | Z14: 1.033446 | AA14: 0.038247 | AB14: =Z14+AA14 -> 1.071693 | AC14: 0.018181 | AD14: 0.73471 | AE14: 3.226013 | AF14: =(Q14/B14)/(Q$77/B$77) -> 0.070352808 | AG14: 0.068369629 | AH14: =(R14/C14)/(R$77/C$77) -> 0.17148453 | AI14: =(S14/D14)/(S$77/D$77) -> 0.073594123 | AJ14: =(T14/E14)/(T$77/E$77) -> 0.075421969 | AK14: =(U14/F14)/(U$77/F$77) -> 0.045121109 | AL14: =(V14/G14)/(V$77/G$77) -> 0.040597704 | AM14: =(W14/H14)/(W$77/H$77) -> 0.098294641 | AN14: =(X14/I14)/(X$77/I$77) -> 0.16682293 | AO14: =(Y14/J14)/(Y$77/J$77) -> 0.065849394 | ... AU14: =(AE14/P14)/(AE$77/P$77) -> 0.16313289 | AV14: 30.237 | AW14: 21.18 | AX14: 9.056 | AY14: 4.88 | AZ14: 0.931 | BA14: 0.304 | BB14: 1.235 | BC14: 0.065 | BD14: 0.284 | BE14: 0.349 | BF14: 0.148 | BG14: 2.743 | BH14: 0.119 | BI14: 0.398 | BJ14: 0 | BK14: 0.004 | BL14: 0 | BM14: 0.255 | BN14: 0.621 | BO14: 0 | BP14: 0.05 | BQ14: 0.304 | BR14: 0.046 | BS14: 0.35 | BT14: 0.021 | BU14: 0.009 | BV14: 0.03 | BW14: 0 | BX14: 0.338 | BY14: 0.338 | BZ14: 0.275 | CA14: 0.275 | CB14: 0.046 | CC14: 0.435 | CD14: 0.481 | CE14: =CD14-BV14 -> 0.451 | CF14: 1.623 | CG14: 1.623 | CH14: 0.179 | CI14: 0.162 | CJ14: 0.341 | CK14: =CJ14-CN14 -> 0.26 | CL14: 0 | CM14: 0.081 | CN14: 0.081 | CO14: 0 | CP14: 2.244 | CQ14: 0.547 | CR14: 0 | CS14: -0.908 | CT14: 0.784 | CU14: 0.292 | CV14: 0.492 | CW14: 0.168 | CX14: 0.051 | CY14: 0.004 | CZ14: 0.055 | DA14: 0.02 | DB14: 0.024 | DC14: 0.044 | DD14: 0 | DE14: 0.224 | DF14: 0.354 | DG14: =DF14-PH14 -> 0.354 | DH14: 0.024 | DI14: =DH14-PA14 -> 0.024 | DJ14: 0 | DK14: 0 | DL14: 0.008 | DM14: 0.241 | DN14: =DM14-PI14 -> 0.241 | DO14: 0.013 | DP14: =DO14-PB14 -> 0.013 | DQ14: 0 | DR14: 0.032 | DS14: =DR14-DL14 -> 0.024 | DT14: 0 | DU14: 0.004 | DV14: 0.049 | DW14: 0.053 | DX14: 0.217 | DY14: 0.042 | DZ14: 0 | EA14: 0.259 | EB14: 0.041 | EC14: 0 | ED14: 0.041 | EE14: =ED14-PG14 -> 0.041 | EF14: 0.079 | EG14: 0.079 | EH14: 0.042 | EI14: 0.199 | EJ14: 0 | EK14: 0.241 | EL14: 0.274 | EM14: 0.274 | EN14: 0 | EO14: 0.012 | EP14: 0.012 | EQ14: =EP14-ET14 -> 0.012 | ER14: 0 | ES14: 0 | ET14: 0 | EU14: 0 | EV14: 0.039 | EW14: 0 | EX14: 0.247 | EY14: 4.025 | EZ14: 1.506 | FA14: 2.519 | FB14: 1.657 | FC14: 0.074 | FD14: 0.343 | FE14: 0.417 | FF14: 0.049 | FG14: 0.004 | FH14: 0.053 | FI14: 0 | FJ14: 0.392 | FK14: 1.734 | FL14: 0.078 | FM14: 1.269 | FN14: 3.081 | FO14: 0.142 | FP14: 0.437 | FQ14: 0.579 | FR14: 0.203 | FS14: 0.181 | FT14: 0.084 | FU14: 0.07 | FV14: 0.004 | FW14: 0.033 | FX14: =FW14-FZ14 -> 0.033 | FY14: 0.243 | FZ14: 0 | GA14: 0 | GB14: 0.888 | GC14: 0.08 | GD14: =GE14-GQ14 -> 0.968 | GE14: 0.968 | GF14: 1.329 | GG14: 0.343 | GH14: 0.432 | GI14: 2.104 | GJ14: 0.004 | GK14: 0 | GL14: 0.211 | GM14: 0.101 | GN14: 0.316 | GO14: 0 | GP14: 0 | GQ14: 0 | GR14: 0 | GS14: 1.284 | GT14: 0.372 | GU14: 0.397 | GV14: 2.053 | GW14: 0.004 | GX14: 0 | GY14: 0.142 | GZ14: 0.206 | HA14: 0 | HB14: 0.352 | HC14: =HB14-GN14 -> 0.036 | HD14: 4.591 | HE14: 1.868 | HF14: 1.785 | HG14: 3.653 | HH14: 0.94 | HI14: -0.039 | HJ14: 0.083 | HK14: 0.361 | HL14: 0.405 | HM14: 0 | HN14: 0.349 | HO14: 0.611 | HP14: 0.96 | HQ14: =HP14-HL14 -> 0.555 | HR14: 0.707 | HS14: 0 | HT14: 0 | HU14: -0.244 | HV14: 1.867 | HW14: 0 | HX14: 2.724 | HY14: 12.026 | HZ14: 0.466 | IA14: 12.492 | IB14: 4.582 | IC14: 0.085 | ID14: 4.667 | IE14: 7.442 | IF14: 0.383 | IG14: 7.825 | IH14: 0.992 | II14: 0.238 | IJ14: 1.23 | IK14: 0.196 | IL14: 0.076 | IM14: 0.272 | IN14: 0.008 | IO14: 0.124 | IP14: 0.132 | IQ14: 0 | IR14: 0 | IS14: 0 | IT14: 0.132 | IU14: 0.032 | IV14: 0 | IW14: 0.032 | IX14: 6.155 | IY14: 0.069 | IZ14: 6.224 | JA14: 7.938 | JB14: 7.938 | JC14: 1.333 | JD14: 0.652 | JE14: 1.985 | JF14: 0.192 | JG14: 0.008 | JH14: 0.2 | JI14: 0.303 | JJ14: 0.303 | JK14: 0.019 | JL14: 0 | JM14: 0.019 | JN14: 0.164 | JO14: 0.164 | JP14: 0.087 | JQ14: 0 | JR14: 0.087 | JS14: 0.146 | JT14: 0.146 | JU14: 1.259 | JV14: 0.719 | JW14: 0.4 | JX14: 2.378 | JY14: =JX14-KP14 -> 2.378 | JZ14: 0.097 | KA14: 0.724 | KB14: 0.821 | KC14: 0 | KD14: 0.429 | KE14: 0.429 | KF14: 1.25 | KG14: =KF14-KX14 -> 0.465 | KH14: 0.51 | KI14: 0.08 | KJ14: 0.59 | KK14: 1.329 | KL14: 0.652 | KM14: 0.529 | KN14: 2.51 | KO14: 0 | KP14: 0 | KQ14: 0 | KR14: 0.107 | KS14: 0.654 | KT14: 0.761 | KU14: 0 | KV14: 0.024 | KW14: 0.024 | KX14: 0.785 | KY14: 0 | KZ14: 15.858 | LA14: 0.482 | LB14: 16.34 | LC14: 13.434 | LD14: 0.402 | LE14: 13.836 | LF14: 2.423 | LG14: 0.08 | LH14: 2.503 | LI14: 0.036 | LJ14: 0.187 | LK14: 0.223 | LL14: 0 | LM14: 0 | LN14: 0 | LO14: 0.223 | LP14: 0 | LQ14: 0.039 | LR14: 0.031 | LS14: 0.07 | LT14: 0 | LU14: 0.07 | LV14: =LU14-LO14 -> -0.153 | LW14: 1.44 | LX14: 0.038 | LY14: 1.478 | LZ14: 0.205 | MA14: 0.205 | MB14: 0.019 | MC14: 0.019 | MD14: 0 | ME14: 0 | MF14: 0.911 | MG14: 0.043 | MH14: 0.954 | MI14: 1.867 | MJ14: 0.402 | MK14: 0.402 | ML14: 18.127 | MM14: 0.08 | MN14: 18.207 | MO14: 3.227 | MP14: 3.182 | MQ14: 0.045 | MR14: 0.016 | MS14: 0.004 | MT14: 0.004 | MU14: 0.015 | MV14: 0.174 | MW14: 0 | MX14: 0 | MY14: 0 | MZ14: 0 | NA14: 0 | NB14: 0.004 | NC14: 0 | ND14: 0.004 | NE14: 0.008 | NF14: 0.008 | NG14: 0.02 | NH14: 0.004 | NI14: 0.211 | NJ14: 0.016 | NK14: 0.251 | NL14: 0 | NM14: 0 | NN14: 0.015 | NO14: 0 | NP14: 0 | NQ14: 0 | NR14: 0 | NS14: 0 | NT14: 0 | NU14: 0 | NV14: 0 | NW14: 0 | NX14: 0 | NY14: 0.083 | NZ14: 0.012 | OA14: 0 | OB14: 0 | OC14: =OB14-MX14 -> 0 | OD14: 0.004 | OE14: 0.004 | OF14: 0.008 | OG14: 0.032 | OH14: 0.007 | OI14: 0 | OJ14: 0.039 | OK14: 0.004 | OL14: 0.036 | OM14: 0.142 | ON14: 0.071 | OO14: 0 | OP14: 0.253 | OQ14: =OP14-NK14 -> 0.002 | OR14: 0.052 | OS14: 0 | OT14: 0.052 | OU14: 0 | OV14: 0 | OW14: 0 | OX14: -0.139 | OY14: 22.773 | PJ14: 19.892 | PK14: =IFERROR(HLOOKUP("b2_s11",real!$B$10:$AMM$83,$A14-1947,FALSE)+HLOOKUP("b2_s12",real!$B$10:$AMM$83,$A14-1947,FALSE)+HLOOKUP("b2_s13",real!$B$10:$AMM$83,$A14-1947,FALSE)+HLOOKUP("b2_s14",real!$B$10:$AMM$83,$A14-1947,FALSE),"") -> 9.583 | PL14: 22.77 | PN14: 32.443753 | PO14: 19.8 | PR14: 0.013645366 | PS14: 0.083625358 | RL14: =W14 -> 2.651049 | RM14: =CP14 -> 2.244 | RN14: =RL14*100/Q14 -> 11.642351 | RO14: =RM14*100/Q14 -> 9.8547539
A15: 1953 | B15: 331.08298 | C15: 18.962622 | D15: =E15+G15 -> 196.64478 | E15: 186.47737 | F15: 83.910611 | G15: 10.167412 | H15: 27.7454 | I15: 0.25862803 | J15: 11.913798 | K15: 20.021499 | L15: 0.21986024 | M15: =K15+L15 -> 20.241359 | N15: 1.2325202 | O15: -7.845876 | P15: 19.37272 | Q15: 23.61555 | R15: 2.929378 | S15: =T15+V15 -> 14.469754 | T15: 14.03981 | U15: 3.894201 | V15: 0.429944 | W15: 2.753128 | X15: 0.042342 | Y15: 0.755284 | Z15: 1.087909 | AA15: 0.040748 | AB15: =Z15+AA15 -> 1.128657 | AC15: 0.019061 | AD15: 0.3357 | AE15: 3.146801 | AF15: =(Q15/B15)/(Q$77/B$77) -> 0.070525437 | AG15: 0.068458071 | AH15: =(R15/C15)/(R$77/C$77) -> 0.15819032 | AI15: =(S15/D15)/(S$77/D$77) -> 0.073374443 | AJ15: =(T15/E15)/(T$77/E$77) -> 0.075091823 | AK15: =(U15/F15)/(U$77/F$77) -> 0.046450596 | AL15: =(V15/G15)/(V$77/G$77) -> 0.041945299 | AM15: =(W15/H15)/(W$77/H$77) -> 0.099381579 | AN15: =(X15/I15)/(X$77/I$77) -> 0.16505319 | AO15: =(Y15/J15)/(Y$77/J$77) -> 0.064300795 | ... AU15: =(AE15/P15)/(AE$77/P$77) -> 0.16118745 | AV15: 30.248 | AW15: 20.921 | AX15: 9.326 | AY15: 5.007 | AZ15: 0.964 | BA15: 0.314 | BB15: 1.278 | BC15: 0.072 | BD15: 0.3 | BE15: 0.372 | BF15: 0.182 | BG15: 2.852 | BH15: 0.141 | BI15: 0.415 | BJ15: 0 | BK15: 0.004 | BL15: 0 | BM15: 0.269 | BN15: 0.667 | BO15: 0 | BP15: 0.049 | BQ15: 0.314 | BR15: 0.052 | BS15: 0.366 | BT15: 0.024 | BU15: 0.014 | BV15: 0.038 | BW15: 0 | BX15: 0.401 | BY15: 0.401 | BZ15: 0.288 | CA15: 0.288 | CB15: 0.056 | CC15: 0.453 | CD15: 0.509 | CE15: =CD15-BV15 -> 0.471 | CF15: 1.627 | CG15: 1.627 | CH15: 0.216 | CI15: 0.195 | CJ15: 0.411 | CK15: =CJ15-CN15 -> 0.326 | CL15: 0 | CM15: 0.085 | CN15: 0.085 | CO15: 0 | CP15: 2.312 | CQ15: 0.231 | CR15: 0 | CS15: -0.588 | CT15: 0.939 | CU15: 0.333 | CV15: 0.605 | CW15: 0.175 | CX15: 0.053 | CY15: 0.004 | CZ15: 0.057 | DA15: 0.02 | DB15: 0.024 | DC15: 0.044 | DD15: 0 | DE15: 0.325 | DF15: 0.364 | DG15: =DF15-PH15 -> 0.364 | DH15: 0.028 | DI15: =DH15-PA15 -> 0.028 | DJ15: 0 | DK15: 0 | DL15: 0.008 | DM15: 0.306 | DN15: =DM15-PI15 -> 0.306 | DO15: 0.017 | DP15: =DO15-PB15 -> 0.017 | DQ15: 0 | DR15: 0.038 | DS15: =DR15-DL15 -> 0.03 | DT15: 0 | DU15: 0.004 | DV15: 0.061 | DW15: 0.065 | DX15: 0.253 | DY15: 0.05 | DZ15: 0 | EA15: 0.303 | EB15: 0.044 | EC15: 0 | ED15: 0.044 | EE15: =ED15-PG15 -> 0.044 | EF15: 0.087 | EG15: 0.087 | EH15: 0.05 | EI15: 0.232 | EJ15: 0.004 | EK15: 0.286 | EL15: 0.318 | EM15: 0.318 | EN15: 0 | EO15: 0.012 | EP15: 0.012 | EQ15: =EP15-ET15 -> 0.012 | ER15: 0 | ES15: 0 | ET15: 0 | EU15: 0 | EV15: 0.042 | EW15: 0 | EX15: 0.289 | EY15: 4.357 | EZ15: 1.675 | FA15: 2.683 | FB15: 1.716 | FC15: 0.077 | FD15: 0.366 | FE15: 0.443 | FF15: 0.052 | FG15: 0.004 | FH15: 0.056 | FI15: 0 | FJ15: 0.469 | FK15: 1.727 | FL15: 0.084 | FM15: 1.437 | FN15: 3.248 | FO15: 0.152 | FP15: 0.462 | FQ15: 0.614 | FR15: 0.246 | FS15: 0.22 | FT15: 0.088 | FU15: 0.089 | FV15: 0.004 | FW15: 0.031 | FX15: =FW15-FZ15 -> 0.031 | FY15: 0.225 | FZ15: 0 | GA15: 0 | GB15: 1.125 | GC15: 0.087 | GD15: =GE15-GQ15 -> 1.212 | GE15: 1.212 | GF15: 1.398 | GG15: 0.366 | GH15: 0.493 | GI15: 2.257 | GJ15: 0.004 | GK15: 0 | GL15: 0.264 | GM15: 0.089 | GN15: 0.357 | GO15: 0 | GP15: 0 | GQ15: 0 | GR15: 0 | GS15: 1.402 | GT15: 0.395 | GU15: 0.44 | GV15: 2.237 | GW15: 0.004 | GX15: 0 | GY15: 0.152 | GZ15: 0.222 | HA15: 0 | HB15: 0.378 | HC15: =HB15-GN15 -> 0.021 | HD15: 5.057 | HE15: 1.99 | HF15: 1.904 | HG15: 3.894 | HH15: 1.163 | HI15: -0.036 | HJ15: 0.084 | HK15: 0.365 | HL15: 0.413 | HM15: 0 | HN15: 0.38 | HO15: 0.649 | HP15: 1.029 | HQ15: =HP15-HL15 -> 0.616 | HR15: 0.755 | HS15: 0 | HT15: 0 | HU15: -0.136 | HV15: 1.99 | HW15: 0 | HX15: 3.066 | HY15: 12.595 | HZ15: 0.471 | IA15: 13.066 | IB15: 4.974 | IC15: 0.091 | ID15: 5.065 | IE15: 7.621 | IF15: 0.38 | IG15: 8.001 | IH15: 1.109 | II15: 0.239 | IJ15: 1.348 | IK15: 0.222 | IL15: 0.08 | IM15: 0.302 | IN15: 0.008 | IO15: 0.131 | IP15: 0.139 | IQ15: 0 | IR15: 0 | IS15: 0 | IT15: 0.139 | IU15: 0.039 | IV15: 0 | IW15: 0.039 | IX15: 6.188 | IY15: 0.061 | IZ15: 6.249 | JA15: 8.247 | JB15: 8.247 | JC15: 1.401 | JD15: 0.685 | JE15: 2.086 | JF15: 0.226 | JG15: 0.008 | JH15: 0.234 | JI15: 0.322 | JJ15: 0.322 | JK15: 0.024 | JL15: 0 | JM15: 0.024 | JN15: 0.166 | JO15: 0.166 | JP15: 0.095 | JQ15: 0 | JR15: 0.095 | JS15: 0.148 | JT15: 0.148 | JU15: 1.376 | JV15: 0.764 | JW15: 0.441 | JX15: 2.581 | JY15: =JX15-KP15 -> 2.577 | JZ15: 0.114 | KA15: 0.756 | KB15: 0.87 | KC15: 0 | KD15: 0.449 | KE15: 0.449 | KF15: 1.319 | KG15: =KF15-KX15 -> 0.505 | KH15: 0.681 | KI15: 0.087 | KJ15: 0.768 | KK15: 1.401 | KL15: 0.685 | KM15: 0.607 | KN15: 2.693 | KO15: 0.004 | KP15: 0.004 | KQ15: 0 | KR15: 0.126 | KS15: 0.664 | KT15: 0.79 | KU15: 0 | KV15: 0.024 | KW15: 0.024 | KX15: 0.814 | KY15: 0 | KZ15: 16.219 | LA15: 0.491 | LB15: 16.71 | LC15: 14.043 | LD15: 0.43 | LE15: 14.473 | LF15: 2.175 | LG15: 0.061 | LH15: 2.236 | LI15: 0.034 | LJ15: 0.187 | LK15: 0.221 | LL15: 0 | LM15: 0 | LN15: 0 | LO15: 0.221 | LP15: 0 | LQ15: 0.036 | LR15: 0.028 | LS15: 0.064 | LT15: 0 | LU15: 0.064 | LV15: =LU15-LO15 -> -0.157 | LW15: 1.53 | LX15: 0.04 | LY15: 1.57 | LZ15: 0.112 | MA15: 0.112 | MB15: 0.02 | MC15: 0.02 | MD15: 0 | ME15: 0 | MF15: 0.673 | MG15: 0.022 | MH15: 0.695 | MI15: 1.99 | MJ15: 0.43 | MK15: 0.43 | ML15: 18.639 | MM15: 0.061 | MN15: 18.7 | MO15: 3.147 | MP15: 2.938 | MQ15: 0.208 | MR15: 0.016 | MS15: 0.004 | MT15: 0.004 | MU15: 0.014 | MV15: 0.181 | MW15: 0 | MX15: 0 | MY15: 0 | MZ15: 0 | NA15: 0 | NB15: 0.004 | NC15: 0 | ND15: 0.004 | NE15: 0.008 | NF15: 0.008 | NG15: 0.02 | NH15: 0.004 | NI15: 0.264 | NJ15: 0.016 | NK15: 0.304 | NL15: 0 | NM15: 0 | NN15: 0.016 | NO15: 0 | NP15: 0 | NQ15: 0 | NR15: 0 | NS15: 0 | NT15: 0 | NU15: 0 | NV15: 0 | NW15: 0 | NX15: 0 | NY15: 0.082 | NZ15: 0.012 | OA15: 0 | OB15: 0 | OC15: =OB15-MX15 -> 0 | OD15: 0.004 | OE15: 0.004 | OF15: 0.008 | OG15: 0.032 | OH15: 0.008 | OI15: 0 | OJ15: 0.04 | OK15: 0.004 | OL15: 0.043 | OM15: 0.152 | ON15: 0.075 | OO15: 0 | OP15: 0.274 | OQ15: =OP15-NK15 -> -0.03 | OR15: 0.045 | OS15: 0 | OT15: 0.045 | OU15: 0 | OV15: 0 | OW15: 0 | OX15: -0.313 | OY15: 23.616 | PJ15: 20.615 | PK15: =IFERROR(HLOOKUP("b2_s11",real!$B$10:$AMM$83,$A15-1947,FALSE)+HLOOKUP("b2_s12",real!$B$10:$AMM$83,$A15-1947,FALSE)+HLOOKUP("b2_s13",real!$B$10:$AMM$83,$A15-1947,FALSE)+HLOOKUP("b2_s14",real!$B$10:$AMM$83,$A15-1947,FALSE),"") -> 9.895 | PL15: 23.617 | PN15: 32.732502 | PO15: 19.9 | PR15: 0.013270093 | PS15: 0.09295559 | RA15: 0.536067 | RB15: 0.537513 | RL15: =W15 -> 2.753128 | RM15: =CP15 -> 2.312 | RN15: =RL15*100/Q15 -> 11.658115 | RO15: =RM15*100/Q15 -> 9.7901595
A16: 1954 | B16: 349.55184 | C16: 19.754069 | D16: =E16+G16 -> 204.06791 | E16: 193.86751 | F16: 83.897295 | G16: 10.200401 | H16: 28.717381 | I16: 0.29360285 | J16: 13.493116 | K16: 24.003093 | L16: 0.23116403 | M16: =K16+L16 -> 24.234257 | N16: 1.554795 | O16: -5.629071 | P16: 20.978991 | Q16: 25.082365 | R16: 3.01937 | S16: =T16+V16 -> 15.229542 | T16: 14.785876 | U16: 3.973202 | V16: 0.443666 | W16: 2.758975 | X16: 0.047815 | Y16: 0.869504 | Z16: 1.309205 | AA16: 0.042842 | AB16: =Z16+AA16 -> 1.352047 | AC16: 0.022873 | AD16: 0.49339 | AE16: 3.354386 | AF16: =(Q16/B16)/(Q$77/B$77) -> 0.070948212 | AG16: 0.069510283 | AH16: =(R16/C16)/(R$77/C$77) -> 0.15651741 | AI16: =(S16/D16)/(S$77/D$77) -> 0.074418038 | AJ16: =(T16/E16)/(T$77/E$77) -> 0.076067576 | AK16: =(U16/F16)/(U$77/F$77) -> 0.047400454 | AL16: =(V16/G16)/(V$77/G$77) -> 0.043144031 | AM16: =(W16/H16)/(W$77/H$77) -> 0.096221786 | AN16: =(X16/I16)/(X$77/I$77) -> 0.16418445 | AO16: =(Y16/J16)/(Y$77/J$77) -> 0.065360541 | ... AU16: =(AE16/P16)/(AE$77/P$77) -> 0.15866495 | AV16: 32.042 | AW16: 22.067 | AX16: 9.975 | AY16: 5.431 | AZ16: 1.076 | BA16: 0.332 | BB16: 1.408 | BC16: 0.074 | BD16: 0.324 | BE16: 0.398 | BF16: 0.215 | BG16: 2.953 | BH16: 0.158 | BI16: 0.42 | BJ16: 0 | BK16: 0.004 | BL16: 0 | BM16: 0.265 | BN16: 0.718 | BO16: 0 | BP16: 0.051 | BQ16: 0.332 | BR16: 0.051 | BS16: 0.383 | BT16: 0.027 | BU16: 0.007 | BV16: 0.034 | BW16: 0 | BX16: 0.384 | BY16: 0.384 | BZ16: 0.302 | CA16: 0.302 | CB16: 0.07 | CC16: 0.463 | CD16: 0.533 | CE16: =CD16-BV16 -> 0.499 | CF16: 1.698 | CG16: 1.698 | CH16: 0.189 | CI16: 0.169 | CJ16: 0.358 | CK16: =CJ16-CN16 -> 0.265 | CL16: 0 | CM16: 0.093 | CN16: 0.093 | CO16: 0 | CP16: 2.309 | CQ16: 0.303 | CR16: 0 | CS16: -0.647 | CT16: 1.013 | CU16: 0.375 | CV16: 0.638 | CW16: 0.195 | CX16: 0.058 | CY16: 0.008 | CZ16: 0.066 | DA16: 0.021 | DB16: 0.027 | DC16: 0.048 | DD16: 0 | DE16: 0.331 | DF16: 0.425 | DG16: =DF16-PH16 -> 0.425 | DH16: 0.038 | DI16: =DH16-PA16 -> 0.038 | DJ16: 0 | DK16: 0 | DL16: 0.011 | DM16: 0.372 | DN16: =DM16-PI16 -> 0.372 | DO16: 0.024 | DP16: =DO16-PB16 -> 0.024 | DQ16: 0 | DR16: 0.053 | DS16: =DR16-DL16 -> 0.042 | DT16: 0 | DU16: 0.008 | DV16: 0.078 | DW16: 0.086 | DX16: 0.295 | DY16: 0.058 | DZ16: 0 | EA16: 0.353 | EB16: 0.044 | EC16: 0 | ED16: 0.044 | EE16: =ED16-PG16 -> 0.044 | EF16: 0.094 | EG16: 0.094 | EH16: 0.059 | EI16: 0.271 | EJ16: 0.004 | EK16: 0.334 | EL16: 0.324 | EM16: 0.324 | EN16: 0 | EO16: 0.015 | EP16: 0.015 | EQ16: =EP16-ET16 -> 0.015 | ER16: 0 | ES16: 0 | ET16: 0 | EU16: 0 | EV16: 0.048 | EW16: 0 | EX16: 0.291 | EY16: 4.363 | EZ16: 1.511 | FA16: 2.852 | FB16: 1.821 | FC16: 0.09 | FD16: 0.393 | FE16: 0.483 | FF16: 0.056 | FG16: 0.004 | FH16: 0.06 | FI16: 0 | FJ16: 0.487 | FK16: 1.809 | FL16: 0.092 | FM16: 1.523 | FN16: 3.424 | FO16: 0.162 | FP16: 0.503 | FQ16: 0.665 | FR16: 0.293 | FS16: 0.262 | FT16: 0.112 | FU16: 0.13 | FV16: 0.004 | FW16: 0.03 | FX16: =FW16-FZ16 -> 0.03 | FY16: 0.293 | FZ16: 0 | GA16: 0 | GB16: 1.04 | GC16: 0.104 | GD16: =GE16-GQ16 -> 1.144 | GE16: 1.144 | GF16: 1.546 | GG16: 0.393 | GH16: 0.512 | GI16: 2.451 | GJ16: 0.004 | GK16: 0 | GL16: 0.397 | GM16: 0.089 | GN16: 0.49 | GO16: 0 | GP16: 0 | GQ16: 0 | GR16: 0 | GS16: 1.534 | GT16: 0.424 | GU16: 0.475 | GV16: 2.433 | GW16: 0.007 | GX16: 0 | GY16: 0.176 | GZ16: 0.224 | HA16: 0 | HB16: 0.407 | HC16: =HB16-GN16 -> -0.083 | HD16: 5.243 | HE16: 2.056 | HF16: 1.916 | HG16: 3.972 | HH16: 1.27 | HI16: -0.038 | HJ16: 0.081 | HK16: 0.358 | HL16: 0.401 | HM16: 0 | HN16: 0.358 | HO16: 0.636 | HP16: 0.994 | HQ16: =HP16-HL16 -> 0.593 | HR16: 0.87 | HS16: 0.006 | HT16: 0 | HU16: -0.121 | HV16: 2.056 | HW16: 0 | HX16: 3.187 | HY16: 13.348 | HZ16: 0.509 | IA16: 13.857 | IB16: 5.28 | IC16: 0.089 | ID16: 5.369 | IE16: 8.07 | IF16: 0.419 | IG16: 8.489 | IH16: 1.194 | II16: 0.267 | IJ16: 1.461 | IK16: 0.244 | IL16: 0.076 | IM16: 0.32 | IN16: 0.008 | IO16: 0.147 | IP16: 0.155 | IQ16: 0 | IR16: 0 | IS16: 0 | IT16: 0.155 | IU16: 0.047 | IV16: 0 | IW16: 0.047 | IX16: 6.521 | IY16: 0.076 | IZ16: 6.597 | JA16: 8.913 | JB16: 8.913 | JC16: 1.549 | JD16: 0.732 | JE16: 2.281 | JF16: 0.244 | JG16: 0.01 | JH16: 0.254 | JI16: 0.334 | JJ16: 0.334 | JK16: 0.033 | JL16: 0 | JM16: 0.033 | JN16: 0.171 | JO16: 0.171 | JP16: 0.088 | JQ16: 0 | JR16: 0.088 | JS16: 0.148 | JT16: 0.148 | JU16: 1.508 | JV16: 0.814 | JW16: 0.476 | JX16: 2.798 | JY16: =JX16-KP16 -> 2.794 | JZ16: 0.133 | KA16: 0.757 | KB16: 0.89 | KC16: 0 | KD16: 0.501 | KE16: 0.501 | KF16: 1.391 | KG16: =KF16-KX16 -> 0.512 | KH16: 0.613 | KI16: 0.104 | KJ16: 0.717 | KK16: 1.547 | KL16: 0.732 | KM16: 0.645 | KN16: 2.924 | KO16: 0.004 | KP16: 0.004 | KQ16: 0 | KR16: 0.145 | KS16: 0.708 | KT16: 0.853 | KU16: 0 | KV16: 0.026 | KW16: 0.026 | KX16: 0.879 | KY16: 0 | KZ16: 17.452 | LA16: 0.559 | LB16: 18.011 | LC16: 14.792 | LD16: 0.444 | LE16: 15.236 | LF16: 2.66 | LG16: 0.116 | LH16: 2.776 | LI16: 0.04 | LJ16: 0.216 | LK16: 0.256 | LL16: 0 | LM16: 0 | LN16: 0 | LO16: 0.256 | LP16: 0 | LQ16: 0.038 | LR16: 0.03 | LS16: 0.068 | LT16: 0 | LU16: 0.068 | LV16: =LU16-LO16 -> -0.188 | LW16: 1.76 | LX16: 0.044 | LY16: 1.804 | LZ16: 0.186 | MA16: 0.186 | MB16: 0.023 | MC16: 0.023 | MD16: 0 | ME16: 0 | MF16: 0.878 | MG16: 0.075 | MH16: 0.953 | MI16: 2.056 | MJ16: 0.443 | MK16: 0.444 | ML16: 19.952 | MM16: 0.116 | MN16: 20.068 | MO16: 3.355 | MP16: 3.023 | MQ16: 0.331 | MR16: 0.019 | MS16: 0.004 | MT16: 0.004 | MU16: 0.012 | MV16: 0.191 | MW16: 0 | MX16: 0 | MY16: 0 | MZ16: 0 | NA16: 0 | NB16: 0.004 | NC16: 0 | ND16: 0.004 | NE16: 0.008 | NF16: 0.008 | NG16: 0.02 | NH16: 0.004 | NI16: 0.397 | NJ16: 0.02 | NK16: 0.441 | NL16: 0 | NM16: 0 | NN16: 0.016 | NO16: 0 | NP16: 0 | NQ16: 0 | NR16: 0 | NS16: 0 | NT16: 0 | NU16: 0 | NV16: 0 | NW16: 0 | NX16: 0 | NY16: 0.082 | NZ16: 0.014 | OA16: 0 | OB16: 0 | OC16: =OB16-MX16 -> 0 | OD16: 0.005 | OE16: 0.004 | OF16: 0.009 | OG16: 0.032 | OH16: 0.008 | OI16: 0 | OJ16: 0.04 | OK16: 0.004 | OL16: 0.051 | OM16: 0.176 | ON16: 0.089 | OO16: 0 | OP16: 0.32 | OQ16: =OP16-NK16 -> -0.121 | OR16: 0.048 | OS16: 0 | OT16: 0.048 | OU16: 0 | OV16: 0 | OW16: 0 | OX16: -0.556 | OY16: 25.085 | PJ16: 21.954 | PK16: =IFERROR(HLOOKUP("b2_s11",real!$B$10:$AMM$83,$A16-1947,FALSE)+HLOOKUP("b2_s12",real!$B$10:$AMM$83,$A16-1947,FALSE)+HLOOKUP("b2_s13",real!$B$10:$AMM$83,$A16-1947,FALSE)+HLOOKUP("b2_s14",real!$B$10:$AMM$83,$A16-1947,FALSE),"") -> 10.368 | PL16: 25.085 | PN16: 33.023821 | PO16: 20 | PR16: 0.018555196 | PS16: 0.090729505 | RA16: 0.535438 | RB16: 0.531995 | RL16: =W16 -> 2.758975 | RM16: =CP16 -> 2.309 | RN16: =RL16*100/Q16 -> 10.999661 | RO16: =RM16*100/Q16 -> 9.205671
A17: 1955 | B17: 368.11959 | C17: 21.06072 | D17: =E17+G17 -> 214.81617 | E17: 204.27099 | F17: 86.547875 | G17: 10.545177 | H17: 31.166854 | I17: 0.31952759 | J17: 14.964487 | K17: 27.643658 | L17: 0.23569106 | M17: =K17+L17 -> 27.879349 | N17: 1.8602072 | O17: -6.697994 | P17: 21.944088 | Q17: 26.957607 | R17: 3.229776 | S17: =T17+V17 -> 16.257963 | T17: 15.791272 | U17: 4.130614 | V17: 0.466691 | W17: 3.037998 | X17: 0.052807 | Y17: 0.979503 | Z17: 1.552911 | AA17: 0.044314 | AB17: =Z17+AA17 -> 1.597225 | AC17: 0.027076 | AD17: 0.54181 | AE17: 3.562386 | AF17: =(Q17/B17)/(Q$77/B$77) -> 0.072406404 | AG17: 0.072253504 | AH17: =(R17/C17)/(R$77/C$77) -> 0.15703703 | AI17: =(S17/D17)/(S$77/D$77) -> 0.075468421 | AJ17: =(T17/E17)/(T$77/E$77) -> 0.077102413 | AK17: =(U17/F17)/(U$77/F$77) -> 0.047769205 | AL17: =(V17/G17)/(V$77/G$77) -> 0.043899278 | AM17: =(W17/H17)/(W$77/H$77) -> 0.09762589 | AN17: =(X17/I17)/(X$77/I$77) -> 0.16661392 | AO17: =(Y17/J17)/(Y$77/J$77) -> 0.066389628 | ... AU17: =(AE17/P17)/(AE$77/P$77) -> 0.16109275 | AV17: 33.915 | AW17: 22.878 | AX17: 11.037 | AY17: 6.012 | AZ17: 1.164 | BA17: 0.392 | BB17: 1.556 | BC17: 0.084 | BD17: 0.362 | BE17: 0.446 | BF17: 0.289 | BG17: 3.311 | BH17: 0.177 | BI17: 0.427 | BJ17: 0 | BK17: 0.004 | BL17: 0 | BM17: 0.252 | BN17: 0.759 | BO17: 0 | BP17: 0.058 | BQ17: 0.392 | BR17: 0.057 | BS17: 0.449 | BT17: 0.044 | BU17: 0.008 | BV17: 0.052 | BW17: 0 | BX17: 0.409 | BY17: 0.409 | BZ17: 0.355 | CA17: 0.355 | CB17: 0.09 | CC17: 0.497 | CD17: 0.587 | CE17: =CD17-BV17 -> 0.535 | CF17: 2.005 | CG17: 2.005 | CH17: 0.161 | CI17: 0.146 | CJ17: 0.307 | CK17: =CJ17-CN17 -> 0.207 | CL17: 0 | CM17: 0.1 | CN17: 0.1 | CO17: 0 | CP17: 2.537 | CQ17: 0.37 | CR17: 0 | CS17: -0.695 | CT17: 1.1 | CU17: 0.418 | CV17: 0.682 | CW17: 0.214 | CX17: 0.066 | CY17: 0.008 | CZ17: 0.074 | DA17: 0.024 | DB17: 0.031 | DC17: 0.055 | DD17: 0.011 | DE17: 0.349 | DF17: 0.468 | DG17: =DF17-PH17 -> 0.468 | DH17: 0.04 | DI17: =DH17-PA17 -> 0.04 | DJ17: 0 | DK17: 0 | DL17: 0.012 | DM17: 0.427 | DN17: =DM17-PI17 -> 0.427 | DO17: 0.028 | DP17: =DO17-PB17 -> 0.028 | DQ17: 0 | DR17: 0.062 | DS17: =DR17-DL17 -> 0.05 | DT17: 0 | DU17: 0.008 | DV17: 0.085 | DW17: 0.093 | DX17: 0.362 | DY17: 0.071 | DZ17: 0 | EA17: 0.433 | EB17: 0.044 | EC17: 0 | ED17: 0.044 | EE17: =ED17-PG17 -> 0.044 | EF17: 0.129 | EG17: 0.129 | EH17: 0.071 | EI17: 0.331 | EJ17: 0.004 | EK17: 0.406 | EL17: 0.296 | EM17: 0.296 | EN17: 0 | EO17: 0.016 | EP17: 0.016 | EQ17: =EP17-ET17 -> 0.016 | ER17: 0 | ES17: 0 | ET17: 0 | EU17: 0 | EV17: 0.053 | EW17: 0 | EX17: 0.259 | EY17: 4.481 | EZ17: 1.492 | FA17: 2.989 | FB17: 1.837 | FC17: 0.106 | FD17: 0.445 | FE17: 0.551 | FF17: 0.061 | FG17: 0.004 | FH17: 0.065 | FI17: 0 | FJ17: 0.533 | FK17: 1.782 | FL17: 0.115 | FM17: 1.765 | FN17: 3.662 | FO17: 0.179 | FP17: 0.558 | FQ17: 0.737 | FR17: 0.394 | FS17: 0.364 | FT17: 0.117 | FU17: 0.164 | FV17: 0.004 | FW17: 0.034 | FX17: =FW17-FZ17 -> 0.034 | FY17: 0.314 | FZ17: 0 | GA17: 0 | GB17: 1.014 | GC17: 0.119 | GD17: =GE17-GQ17 -> 1.133 | GE17: 1.133 | GF17: 1.666 | GG17: 0.445 | GH17: 0.561 | GI17: 2.672 | GJ17: 0.008 | GK17: 0 | GL17: 0.289 | GM17: 0.096 | GN17: 0.393 | GO17: 0 | GP17: 0 | GQ17: 0 | GR17: 0 | GS17: 1.659 | GT17: 0.479 | GU17: 0.548 | GV17: 2.686 | GW17: 0.008 | GX17: 0 | GY17: 0.169 | GZ17: 0.226 | HA17: 0 | HB17: 0.403 | HC17: =HB17-GN17 -> 0.01 | HD17: 5.294 | HE17: 2.17 | HF17: 1.961 | HG17: 4.131 | HH17: 1.163 | HI17: -0.045 | HJ17: 0.088 | HK17: 0.382 | HL17: 0.425 | HM17: 0 | HN17: 0.345 | HO17: 0.67 | HP17: 1.015 | HQ17: =HP17-HL17 -> 0.59 | HR17: 0.98 | HS17: 0.009 | HT17: 0 | HU17: -0.327 | HV17: 2.17 | HW17: -0.001 | HX17: 3.124 | HY17: 14.349 | HZ17: 0.554 | IA17: 14.903 | IB17: 5.819 | IC17: 0.103 | ID17: 5.922 | IE17: 8.53 | IF17: 0.45 | IG17: 8.98 | IH17: 1.284 | II17: 0.29 | IJ17: 1.574 | IK17: 0.256 | IL17: 0.073 | IM17: 0.329 | IN17: 0.011 | IO17: 0.161 | IP17: 0.172 | IQ17: 0 | IR17: 0 | IS17: 0 | IT17: 0.172 | IU17: 0.063 | IV17: 0 | IW17: 0.063 | IX17: 6.882 | IY17: 0.086 | IZ17: 6.968 | JA17: 9.657 | JB17: 9.657 | JC17: 1.675 | JD17: 0.846 | JE17: 2.521 | JF17: 0.262 | JG17: 0.012 | JH17: 0.274 | JI17: 0.346 | JJ17: 0.346 | JK17: 0.042 | JL17: 0 | JM17: 0.042 | JN17: 0.174 | JO17: 0.174 | JP17: 0.085 | JQ17: 0 | JR17: 0.085 | JS17: 0.151 | JT17: 0.151 | JU17: 1.632 | JV17: 0.955 | JW17: 0.552 | JX17: 3.139 | JY17: =JX17-KP17 -> 3.135 | JZ17: 0.162 | KA17: 0.787 | KB17: 0.949 | KC17: 0 | KD17: 0.547 | KE17: 0.547 | KF17: 1.496 | KG17: =KF17-KX17 -> 0.527 | KH17: 0.558 | KI17: 0.119 | KJ17: 0.677 | KK17: 1.674 | KL17: 0.846 | KM17: 0.707 | KN17: 3.227 | KO17: 0.004 | KP17: 0.004 | KQ17: 0 | KR17: 0.178 | KS17: 0.761 | KT17: 0.939 | KU17: 0 | KV17: 0.03 | KW17: 0.03 | KX17: 0.969 | KY17: 0 | KZ17: 18.893 | LA17: 0.614 | LB17: 19.507 | LC17: 15.78 | LD17: 0.468 | LE17: 16.248 | LF17: 3.112 | LG17: 0.146 | LH17: 3.258 | LI17: 0.048 | LJ17: 0.259 | LK17: 0.307 | LL17: 0 | LM17: 0.004 | LN17: 0.004 | LO17: 0.311 | LP17: 0 | LQ17: 0.045 | LR17: 0.035 | LS17: 0.08 | LT17: 0 | LU17: 0.08 | LV17: =LU17-LO17 -> -0.231 | LW17: 2.053 | LX17: 0.044 | LY17: 2.097 | LZ17: 0.165 | MA17: 0.165 | MB17: 0.027 | MC17: 0.027 | MD17: 0 | ME17: 0 | MF17: 1.094 | MG17: 0.105 | MH17: 1.199 | MI17: 2.17 | MJ17: 0.467 | MK17: 0.468 | ML17: 21.531 | MM17: 0.146 | MN17: 21.677 | MO17: 3.563 | MP17: 3.221 | MQ17: 0.341 | MR17: 0.036 | MS17: 0.008 | MT17: 0.008 | MU17: 0.028 | MV17: 0.207 | MW17: 0 | MX17: 0 | MY17: 0 | MZ17: 0 | NA17: 0 | NB17: 0.004 | NC17: 0 | ND17: 0.004 | NE17: 0.008 | NF17: 0.008 | NG17: 0.02 | NH17: 0.004 | NI17: 0.289 | NJ17: 0.02 | NK17: 0.333 | NL17: 0 | NM17: 0 | NN17: 0.016 | NO17: 0 | NP17: 0 | NQ17: 0 | NR17: 0 | NS17: 0 | NT17: 0 | NU17: 0 | NV17: 0 | NW17: 0 | NX17: 0 | NY17: 0.069 | NZ17: 0.016 | OA17: 0 | OB17: 0 | OC17: =OB17-MX17 -> 0 | OD17: 0.011 | OE17: 0.004 | OF17: 0.015 | OG17: 0.034 | OH17: 0.008 | OI17: 0 | OJ17: 0.042 | OK17: 0.004 | OL17: 0.053 | OM17: 0.169 | ON17: 0.098 | OO17: 0 | OP17: 0.324 | OQ17: =OP17-NK17 -> -0.009 | OR17: 0.049 | OS17: 0 | OT17: 0.049 | OU17: 0 | OV17: 0 | OW17: 0 | OX17: -0.549 | OY17: 26.956 | PJ17: 23.688 | PK17: =IFERROR(HLOOKUP("b2_s11",real!$B$10:$AMM$83,$A17-1947,FALSE)+HLOOKUP("b2_s12",real!$B$10:$AMM$83,$A17-1947,FALSE)+HLOOKUP("b2_s13",real!$B$10:$AMM$83,$A17-1947,FALSE)+HLOOKUP("b2_s14",real!$B$10:$AMM$83,$A17-1947,FALSE),"") -> 11.161 | PL17: 26.956 | PN17: 33.023821 | PO17: 20.1 | PR17: 0.023011571 | PS17: 0.090512821 | RA17: 0.534819 | RB17: 0.539459 | RL17: =W17 -> 3.037998 | RM17: =CP17 -> 2.537 | RN17: =RL17*100/Q17 -> 11.269539 | RO17: =RM17*100/Q17 -> 9.4110727
A18: 1956 | B18: 386.48086 | C18: 25.039222 | D18: =E18+G18 -> 229.71408 | E18: 218.45459 | F18: 92.618945 | G18: 11.259492 | H18: 34.361653 | I18: 0.34332561 | J18: 16.676316 | K18: 27.808888 | L18: 0.23739834 | M18: =K18+L18 -> 28.046287 | N18: 1.9276737 | O18: -4.960205 | P18: 21.600548 | Q18: 29.713739 | R18: 3.98828 | S18: =T18+V18 -> 18.238878 | T18: 17.706793 | U18: 4.753837 | V18: 0.532085 | W18: 3.482158 | X18: 0.058191 | Y18: 1.130553 | Z18: 1.646496 | AA18: 0.059925 | AB18: =Z18+AA18 -> 1.706421 | AC18: 0.028738 | AD18: 0.6156 | AE18: 3.687642 | AF18: =(Q18/B18)/(Q$77/B$77) -> 0.076017553 | AG18: 0.07646297 | AH18: =(R18/C18)/(R$77/C$77) -> 0.16310516 | AI18: =(S18/D18)/(S$77/D$77) -> 0.079172909 | AJ18: =(T18/E18)/(T$77/E$77) -> 0.080841859 | AK18: =(U18/F18)/(U$77/F$77) -> 0.051372922 | AL18: =(V18/G18)/(V$77/G$77) -> 0.046875296 | AM18: =(W18/H18)/(W$77/H$77) -> 0.10149506 | AN18: =(X18/I18)/(X$77/I$77) -> 0.1708747 | AO18: =(Y18/J18)/(Y$77/J$77) -> 0.068761783 | ... AU18: =(AE18/P18)/(AE$77/P$77) -> 0.16940902 | AV18: 37.506 | AW18: 25.066 | AX18: 12.439 | AY18: 6.725 | AZ18: 1.375 | BA18: 0.498 | BB18: 1.873 | BC18: 0.093 | BD18: 0.405 | BE18: 0.498 | BF18: 0.34 | BG18: 3.684 | BH18: 0.209 | BI18: 0.477 | BJ18: 0 | BK18: 0.005 | BL18: 0 | BM18: 0.331 | BN18: 0.814 | BO18: 0 | BP18: 0.061 | BQ18: 0.498 | BR18: 0.015 | BS18: 0.513 | BT18: 0.05 | BU18: 0.012 | BV18: 0.062 | BW18: 0 | BX18: 0.527 | BY18: 0.527 | BZ18: 0.406 | CA18: 0.406 | CB18: 0.102 | CC18: 0.551 | CD18: 0.653 | CE18: =CD18-BV18 -> 0.591 | CF18: 2.156 | CG18: 2.156 | CH18: 0.165 | CI18: 0.149 | CJ18: 0.314 | CK18: =CJ18-CN18 -> 0.214 | CL18: 0 | CM18: 0.1 | CN18: 0.1 | CO18: 0 | CP18: 2.905 | CQ18: 0.422 | CR18: 0 | CS18: -0.957 | CT18: 1.179 | CU18: 0.446 | CV18: 0.733 | CW18: 0.241 | CX18: 0.072 | CY18: 0.008 | CZ18: 0.08 | DA18: 0.029 | DB18: 0.036 | DC18: 0.065 | DD18: 0.008 | DE18: 0.355 | DF18: 0.562 | DG18: =DF18-PH18 -> 0.562 | DH18: 0.05 | DI18: =DH18-PA18 -> 0.05 | DJ18: 0 | DK18: 0 | DL18: 0.012 | DM18: 0.467 | DN18: =DM18-PI18 -> 0.467 | DO18: 0.032 | DP18: =DO18-PB18 -> 0.032 | DQ18: 0 | DR18: 0.07 | DS18: =DR18-DL18 -> 0.058 | DT18: 0 | DU18: 0.008 | DV18: 0.089 | DW18: 0.097 | DX18: 0.422 | DY18: 0.083 | DZ18: 0 | EA18: 0.505 | EB18: 0.054 | EC18: 0 | ED18: 0.054 | EE18: =ED18-PG18 -> 0.054 | EF18: 0.138 | EG18: 0.138 | EH18: 0.083 | EI18: 0.387 | EJ18: 0.004 | EK18: 0.474 | EL18: 0.344 | EM18: 0.344 | EN18: 0 | EO18: 0.016 | EP18: 0.016 | EQ18: =EP18-ET18 -> 0.016 | ER18: 0 | ES18: 0 | ET18: 0 | EU18: 0 | EV18: 0.059 | EW18: 0 | EX18: 0.303 | EY18: 5.063 | EZ18: 1.601 | FA18: 3.462 | FB18: 2.184 | FC18: 0.139 | FD18: 0.427 | FE18: 0.566 | FF18: 0.07 | FG18: 0.006 | FH18: 0.076 | FI18: 0 | FJ18: 0.637 | FK18: 1.882 | FL18: 0.158 | FM18: 1.96 | FN18: 4 | FO18: 0.202 | FP18: 0.616 | FQ18: 0.818 | FR18: 0.461 | FS18: 0.424 | FT18: 0.129 | FU18: 0.149 | FV18: 0.004 | FW18: 0.037 | FX18: =FW18-FZ18 -> 0.037 | FY18: 0.361 | FZ18: 0 | GA18: 0 | GB18: 1.315 | GC18: 0.122 | GD18: =GE18-GQ18 -> 1.437 | GE18: 1.437 | GF18: 1.938 | GG18: 0.426 | GH18: 0.649 | GI18: 3.013 | GJ18: 0.008 | GK18: 0 | GL18: 0.159 | GM18: 0.11 | GN18: 0.277 | GO18: 0 | GP18: 0 | GQ18: 0 | GR18: 0 | GS18: 1.891 | GT18: 0.492 | GU18: 0.581 | GV18: 2.964 | GW18: 0.008 | GX18: 0 | GY18: 0.171 | GZ18: 0.251 | HA18: 0 | HB18: 0.43 | HC18: =HB18-GN18 -> 0.153 | HD18: 5.868 | HE18: 2.469 | HF18: 2.285 | HG18: 4.754 | HH18: 1.114 | HI18: -0.052 | HJ18: 0.091 | HK18: 0.394 | HL18: 0.433 | HM18: 0 | HN18: 0.366 | HO18: 0.704 | HP18: 1.07 | HQ18: =HP18-HL18 -> 0.637 | HR18: 1.13 | HS18: 0.01 | HT18: 0 | HU18: -0.562 | HV18: 2.468 | HW18: 0 | HX18: 3.4 | HY18: 15.522 | HZ18: 0.599 | IA18: 16.121 | IB18: 6.475 | IC18: 0.112 | ID18: 6.587 | IE18: 9.048 | IF18: 0.486 | IG18: 9.534 | IH18: 1.383 | II18: 0.309 | IJ18: 1.692 | IK18: 0.264 | IL18: 0.09 | IM18: 0.354 | IN18: 0.012 | IO18: 0.168 | IP18: 0.18 | IQ18: 0 | IR18: 0 | IS18: 0 | IT18: 0.18 | IU18: 0.077 | IV18: 0 | IW18: 0.077 | IX18: 7.298 | IY18: 0.088 | IZ18: 7.386 | JA18: 10.862 | JB18: 10.862 | JC18: 1.948 | JD18: 0.931 | JE18: 2.879 | JF18: 0.291 | JG18: 0.012 | JH18: 0.303 | JI18: 0.379 | JJ18: 0.379 | JK18: 0.049 | JL18: 0 | JM18: 0.049 | JN18: 0.18 | JO18: 0.18 | JP18: 0.092 | JQ18: 0 | JR18: 0.092 | JS18: 0.156 | JT18: 0.156 | JU18: 1.859 | JV18: 1.027 | JW18: 0.584 | JX18: 3.47 | JY18: =JX18-KP18 -> 3.466 | JZ18: 0.189 | KA18: 0.853 | KB18: 1.042 | KC18: 0 | KD18: 0.587 | KE18: 0.587 | KF18: 1.629 | KG18: =KF18-KX18 -> 0.561 | KH18: 0.733 | KI18: 0.122 | KJ18: 0.855 | KK18: 1.946 | KL18: 0.931 | KM18: 0.757 | KN18: 3.634 | KO18: 0.004 | KP18: 0.004 | KQ18: 0 | KR18: 0.208 | KS18: 0.828 | KT18: 1.036 | KU18: 0 | KV18: 0.032 | KW18: 0.032 | KX18: 1.068 | KY18: 0 | KZ18: 20.674 | LA18: 0.655 | LB18: 21.329 | LC18: 17.694 | LD18: 0.531 | LE18: 18.225 | LF18: 2.982 | LG18: 0.122 | LH18: 3.104 | LI18: 0.052 | LJ18: 0.283 | LK18: 0.335 | LL18: 0 | LM18: 0.004 | LN18: 0.004 | LO18: 0.339 | LP18: 0 | LQ18: 0.052 | LR18: 0.04 | LS18: 0.092 | LT18: 0 | LU18: 0.092 | LV18: =LU18-LO18 -> -0.247 | LW18: 2.224 | LX18: 0.061 | LY18: 2.285 | LZ18: 0.163 | MA18: 0.163 | MB18: 0.028 | MC18: 0.028 | MD18: 0 | ME18: 0 | MF18: 0.808 | MG18: 0.065 | MH18: 0.873 | MI18: 2.468 | MJ18: 0.531 | MK18: 0.531 | ML18: 23.674 | MM18: 0.122 | MN18: 23.796 | MO18: 3.688 | MP18: 3.959 | MQ18: -0.271 | MR18: 0.04 | MS18: 0.009 | MT18: 0.009 | MU18: 0.043 | MV18: 0.229 | MW18: 0 | MX18: 0 | MY18: 0 | MZ18: 0 | NA18: 0 | NB18: 0.004 | NC18: 0 | ND18: 0.004 | NE18: 0.008 | NF18: 0.008 | NG18: 0.026 | NH18: 0.004 | NI18: 0.159 | NJ18: 0.022 | NK18: 0.211 | NL18: 0 | NM18: 0 | NN18: 0.018 | NO18: 0 | NP18: 0 | NQ18: 0 | NR18: 0 | NS18: 0 | NT18: 0 | NU18: 0 | NV18: 0 | NW18: 0 | NX18: 0 | NY18: 0.092 | NZ18: 0.02 | OA18: 0 | OB18: 0 | OC18: =OB18-MX18 -> 0 | OD18: 0.012 | OE18: 0.004 | OF18: 0.016 | OG18: 0.04 | OH18: 0.008 | OI18: 0 | OJ18: 0.048 | OK18: 0.004 | OL18: 0.061 | OM18: 0.171 | ON18: 0.125 | OO18: 0 | OP18: 0.361 | OQ18: =OP18-NK18 -> 0.15 | OR18: 0.059 | OS18: 0 | OT18: 0.059 | OU18: 0 | OV18: 0 | OW18: 0 | OX18: 0.289 | OY18: 29.709 | PJ18: 26.168 | PK18: =IFERROR(HLOOKUP("b2_s11",real!$B$10:$AMM$83,$A18-1947,FALSE)+HLOOKUP("b2_s12",real!$B$10:$AMM$83,$A18-1947,FALSE)+HLOOKUP("b2_s13",real!$B$10:$AMM$83,$A18-1947,FALSE)+HLOOKUP("b2_s14",real!$B$10:$AMM$83,$A18-1947,FALSE),"") -> 12.062 | PL18: 29.707 | PN18: 33.023821 | PO18: 20.2 | PR18: 0.023678724 | PS18: 0.087202587 | RA18: 0.537816 | RB18: 0.537379 | RL18: =W18 -> 3.482158 | RM18: =CP18 -> 2.905 | RN18: =RL18*100/Q18 -> 11.719017 | RO18: =RM18*100/Q18 -> 9.7766222
A19: 1957 | B19: 407.8019 | C19: 27.199777 | D19: =E19+G19 -> 240.49452 | E19: 228.92384 | F19: 95.12434 | G19: 11.570687 | H19: 37.870231 | I19: 0.38804744 | J19: 18.464706 | K19: 30.171966 | L19: 0.23943856 | M19: =K19+L19 -> 30.411404 | N19: 2.1310528 | O19: -4.459281 | P19: 23.459975 | Q19: 33.544547 | R19: 4.593334 | S19: =T19+V19 -> 20.207416 | T19: 19.62132 | U19: 5.227545 | V19: 0.586096 | W19: 4.212449 | X19: 0.072886 | Y19: 1.349176 | Z19: 1.928491 | AA19: 0.062963 | AB19: =Z19+AA19 -> 1.991454 | AC19: 0.033625 | AD19: 0.78981 | AE19: 4.253519 | AF19: =(Q19/B19)/(Q$77/B$77) -> 0.081331214 | AG19: 0.083399442 | AH19: =(R19/C19)/(R$77/C$77) -> 0.1729281 | AI19: =(S19/D19)/(S$77/D$77) -> 0.083786044 | AJ19: =(T19/E19)/(T$77/E$77) -> 0.085485952 | AK19: =(U19/F19)/(U$77/F$77) -> 0.05500421 | AL19: =(V19/G19)/(V$77/G$77) -> 0.050244835 | AM19: =(W19/H19)/(W$77/H$77) -> 0.11140564 | AN19: =(X19/I19)/(X$77/I$77) -> 0.18935965 | AO19: =(Y19/J19)/(Y$77/J$77) -> 0.074110974 | ... AU19: =(AE19/P19)/(AE$77/P$77) -> 0.17991749 | AV19: 41.969 | AW19: 27.922 | AX19: 14.047 | AY19: 7.652 | AZ19: 1.514 | BA19: 0.507 | BB19: 2.021 | BC19: 0.107 | BD19: 0.459 | BE19: 0.566 | BF19: 0.351 | BG19: 4.157 | BH19: 0.251 | BI19: 0.522 | BJ19: 0 | BK19: 0.008 | BL19: 0 | BM19: 0.471 | BN19: 0.87 | BO19: 0 | BP19: 0.042 | BQ19: 0.507 | BR19: 0.022 | BS19: 0.529 | BT19: 0.071 | BU19: 0.012 | BV19: 0.083 | BW19: 0 | BX19: 0.555 | BY19: 0.555 | BZ19: 0.419 | CA19: 0.419 | CB19: 0.121 | CC19: 0.613 | CD19: 0.734 | CE19: =CD19-BV19 -> 0.651 | CF19: 2.458 | CG19: 2.458 | CH19: 0.18 | CI19: 0.163 | CJ19: 0.343 | CK19: =CJ19-CN19 -> 0.241 | CL19: 0 | CM19: 0.102 | CN19: 0.102 | CO19: 0 | CP19: 3.496 | CQ19: 0.542 | CR19: 0.001 | CS19: -1.34 | CT19: 1.42 | CU19: 0.493 | CV19: 0.926 | CW19: 0.263 | CX19: 0.083 | CY19: 0.008 | CZ19: 0.091 | DA19: 0.038 | DB19: 0.048 | DC19: 0.086 | DD19: 0.029 | DE19: 0.515 | DF19: 0.725 | DG19: =DF19-PH19 -> 0.725 | DH19: 0.052 | DI19: =DH19-PA19 -> 0.052 | DJ19: 0 | DK19: 0 | DL19: 0.012 | DM19: 0.587 | DN19: =DM19-PI19 -> 0.587 | DO19: 0.036 | DP19: =DO19-PB19 -> 0.036 | DQ19: 0 | DR19: 0.082 | DS19: =DR19-DL19 -> 0.07 | DT19: -0.001 | DU19: 0.008 | DV19: 0.098 | DW19: 0.105 | DX19: 0.502 | DY19: 0.098 | DZ19: 0 | EA19: 0.6 | EB19: 0.105 | EC19: 0 | ED19: 0.105 | EE19: =ED19-PG19 -> 0.105 | EF19: 0.149 | EG19: 0.149 | EH19: 0.098 | EI19: 0.46 | EJ19: 0.005 | EK19: 0.563 | EL19: 0.49 | EM19: 0.49 | EN19: 0 | EO19: 0.02 | EP19: 0.02 | EQ19: =EP19-ET19 -> 0.02 | ER19: 0 | ES19: 0 | ET19: 0 | EU19: 0 | EV19: 0.074 | EW19: 0 | EX19: 0.436 | EY19: 5.604 | EZ19: 1.761 | FA19: 3.843 | FB19: 2.413 | FC19: 0.151 | FD19: 0.492 | FE19: 0.643 | FF19: 0.073 | FG19: 0.008 | FH19: 0.081 | FI19: 0 | FJ19: 0.708 | FK19: 2.138 | FL19: 0.175 | FM19: 2.216 | FN19: 4.529 | FO19: 0.233 | FP19: 0.706 | FQ19: 0.939 | FR19: 0.459 | FS19: 0.45 | FT19: 0.142 | FU19: 0.141 | FV19: 0.004 | FW19: 0.019 | FX19: =FW19-FZ19 -> 0.019 | FY19: 0.381 | FZ19: 0 | GA19: 0 | GB19: 1.527 | GC19: 0.141 | GD19: =GE19-GQ19 -> 1.668 | GE19: 1.668 | GF19: 2.137 | GG19: 0.49 | GH19: 0.756 | GI19: 3.383 | GJ19: 0.008 | GK19: 0 | GL19: 0.062 | GM19: 0.126 | GN19: 0.196 | GO19: 0 | GP19: 0 | GQ19: 0 | GR19: 0 | GS19: 2.165 | GT19: 0.555 | GU19: 0.662 | GV19: 3.382 | GW19: 0.011 | GX19: 0 | GY19: 0.172 | GZ19: 0.276 | HA19: 0 | HB19: 0.459 | HC19: =HB19-GN19 -> 0.263 | HD19: 6.6 | HE19: 2.728 | HF19: 2.501 | HG19: 5.229 | HH19: 1.373 | HI19: -0.068 | HJ19: 0.104 | HK19: 0.455 | HL19: 0.491 | HM19: 0 | HN19: 0.385 | HO19: 0.766 | HP19: 1.151 | HQ19: =HP19-HL19 -> 0.66 | HR19: 1.35 | HS19: -0.021 | HT19: -0.001 | HU19: -0.479 | HV19: 2.727 | HW19: 0 | HX19: 3.873 | HY19: 17.248 | HZ19: 0.624 | IA19: 17.872 | IB19: 7.099 | IC19: 0.116 | ID19: 7.215 | IE19: 10.148 | IF19: 0.509 | IG19: 10.657 | IH19: 1.535 | II19: 0.32 | IJ19: 1.855 | IK19: 0.286 | IL19: 0.102 | IM19: 0.388 | IN19: 0.012 | IO19: 0.193 | IP19: 0.205 | IQ19: 0 | IR19: 0 | IS19: 0 | IT19: 0.205 | IU19: 0.068 | IV19: 0 | IW19: 0.068 | IX19: 8.192 | IY19: 0.087 | IZ19: 8.279 | JA19: 12.208 | JB19: 12.208 | JC19: 2.148 | JD19: 1.007 | JE19: 3.155 | JF19: 0.382 | JG19: 0.013 | JH19: 0.395 | JI19: 0.412 | JJ19: 0.412 | JK19: 0.059 | JL19: 0 | JM19: 0.059 | JN19: 0.187 | JO19: 0.187 | JP19: 0.104 | JQ19: 0 | JR19: 0.104 | JS19: 0.164 | JT19: 0.164 | JU19: 2.12 | JV19: 1.115 | JW19: 0.663 | JX19: 3.898 | JY19: =JX19-KP19 -> 3.894 | JZ19: 0.224 | KA19: 0.934 | KB19: 1.158 | KC19: 0 | KD19: 0.615 | KE19: 0.615 | KF19: 1.773 | KG19: =KF19-KX19 -> 0.587 | KH19: 0.867 | KI19: 0.141 | KJ19: 1.008 | KK19: 2.145 | KL19: 1.006 | KM19: 0.879 | KN19: 4.03 | KO19: 0.004 | KP19: 0.004 | KQ19: 0 | KR19: 0.247 | KS19: 0.904 | KT19: 1.151 | KU19: 0 | KV19: 0.035 | KW19: 0.035 | KX19: 1.186 | KY19: 0 | KZ19: 23.184 | LA19: 0.678 | LB19: 23.862 | LC19: 19.631 | LD19: 0.586 | LE19: 20.217 | LF19: 3.554 | LG19: 0.092 | LH19: 3.646 | LI19: 0.052 | LJ19: 0.281 | LK19: 0.333 | LL19: 0 | LM19: 0.004 | LN19: 0.004 | LO19: 0.337 | LP19: 0 | LQ19: 0.068 | LR19: 0.054 | LS19: 0.122 | LT19: 0 | LU19: 0.122 | LV19: =LU19-LO19 -> -0.215 | LW19: 2.644 | LX19: 0.064 | LY19: 2.708 | LZ19: 0.272 | MA19: 0.272 | MB19: 0.034 | MC19: 0.034 | MD19: 0 | ME19: 0 | MF19: 0.815 | MG19: 0.032 | MH19: 0.847 | MI19: 2.727 | MJ19: 0.587 | MK19: 0.586 | ML19: 26.499 | MM19: 0.092 | MN19: 26.591 | MO19: 4.253 | MP19: 4.604 | MQ19: -0.352 | MR19: 0.046 | MS19: 0.011 | MT19: 0.011 | MU19: 0.038 | MV19: 0.242 | MW19: 0 | MX19: 0 | MY19: 0 | MZ19: 0 | NA19: 0 | NB19: 0.006 | NC19: 0 | ND19: 0.006 | NE19: 0.011 | NF19: 0.011 | NG19: 0.03 | NH19: 0.004 | NI19: 0.062 | NJ19: 0.03 | NK19: 0.126 | NL19: 0 | NM19: 0 | NN19: 0.024 | NO19: 0 | NP19: 0 | NQ19: 0 | NR19: 0 | NS19: 0 | NT19: 0 | NU19: 0 | NV19: 0 | NW19: 0 | NX19: 0 | NY19: 0.069 | NZ19: 0.022 | OA19: 0 | OB19: 0 | OC19: =OB19-MX19 -> 0 | OD19: 0.014 | OE19: 0.004 | OF19: 0.018 | OG19: 0.054 | OH19: 0.008 | OI19: 0 | OJ19: 0.062 | OK19: 0.004 | OL19: 0.06 | OM19: 0.172 | ON19: 0.178 | OO19: 0 | OP19: 0.414 | OQ19: =OP19-NK19 -> 0.288 | OR19: 0.05 | OS19: 0 | OT19: 0.05 | OU19: 0 | OV19: 0 | OW19: 0 | OX19: 0.427 | OY19: 33.545 | PJ19: 29.473 | PK19: =IFERROR(HLOOKUP("b2_s11",real!$B$10:$AMM$83,$A19-1947,FALSE)+HLOOKUP("b2_s12",real!$B$10:$AMM$83,$A19-1947,FALSE)+HLOOKUP("b2_s13",real!$B$10:$AMM$83,$A19-1947,FALSE)+HLOOKUP("b2_s14",real!$B$10:$AMM$83,$A19-1947,FALSE),"") -> 13.659 | PL19: 33.543 | PN19: 32.733212 | PO19: 20.3 | PR19: 0.021432294 | PS19: 0.089559877 | RA19: 0.579062 | RB19: 0.640609 | RL19: =W19 -> 4.212449 | RM19: =CP19 -> 3.496 | RN19: =RL19*100/Q19 -> 12.557776 | RO19: =RM19*100/Q19 -> 10.421962
A20: 1958 | B20: 418.79507 | C20: 26.056635 | D20: =E20+G20 -> 241.04391 | E20: 229.55208 | F20: 94.239796 | G20: 11.491838 | H20: 39.564069 | I20: 0.41799513 | J20: 19.036695 | K20: 32.136305 | L20: 0.31543083 | M20: =K20+L20 -> 32.451736 | N20: 2.3048326 | O20: -2.009806 | P20: 23.942498 | Q20: 38.728584 | R20: 4.776734 | S20: =T20+V20 -> 22.799208 | T20: 22.135575 | U20: 5.865952 | V20: 0.663633 | W20: 4.826714 | X20: 0.085689 | Y20: 1.493651 | Z20: 2.281455 | AA20: 0.066319 | AB20: =Z20+AA20 -> 2.347774 | AC20: 0.039783 | AD20: 1.31991 | AE20: 4.726637 | AF20: =(Q20/B20)/(Q$77/B$77) -> 0.091435454 | AG20: 0.091808886 | AH20: =(R20/C20)/(R$77/C$77) -> 0.1877222 | AI20: =(S20/D20)/(S$77/D$77) -> 0.094316937 | AJ20: =(T20/E20)/(T$77/E$77) -> 0.096176094 | AK20: =(U20/F20)/(U$77/F$77) -> 0.062300851 | AL20: =(V20/G20)/(V$77/G$77) -> 0.057282281 | AM20: =(W20/H20)/(W$77/H$77) -> 0.1221859 | AN20: =(X20/I20)/(X$77/I$77) -> 0.20667217 | AO20: =(Y20/J20)/(Y$77/J$77) -> 0.079581825 | ... AU20: =(AE20/P20)/(AE$77/P$77) -> 0.19590041 | AV20: 47.898 | AW20: 31.671 | AX20: 16.226 | AY20: 8.777 | AZ20: 1.773 | BA20: 0.522 | BB20: 2.295 | BC20: 0.125 | BD20: 0.551 | BE20: 0.676 | BF20: 0.371 | BG20: 4.85 | BH20: 0.301 | BI20: 0.514 | BJ20: 0 | BK20: 0.008 | BL20: 0 | BM20: 0.609 | BN20: 0.88 | BO20: 0 | BP20: 0.05 | BQ20: 0.522 | BR20: 0.042 | BS20: 0.564 | BT20: 0.118 | BU20: 0.014 | BV20: 0.132 | BW20: 0 | BX20: 0.758 | BY20: 0.758 | BZ20: 0.447 | CA20: 0.447 | CB20: 0.143 | CC20: 0.691 | CD20: 0.834 | CE20: =CD20-BV20 -> 0.702 | CF20: 2.794 | CG20: 2.794 | CH20: 0.127 | CI20: 0.114 | CJ20: 0.241 | CK20: =CJ20-CN20 -> 0.136 | CL20: 0 | CM20: 0.105 | CN20: 0.105 | CO20: 0 | CP20: 4.079 | CQ20: 1.102 | CR20: 0 | CS20: -2.249 | CT20: 1.722 | CU20: 0.589 | CV20: 1.133 | CW20: 0.319 | CX20: 0.096 | CY20: 0.01 | CZ20: 0.106 | DA20: 0.043 | DB20: 0.054 | DC20: 0.097 | DD20: 0.042 | DE20: 0.651 | DF20: 0.918 | DG20: =DF20-PH20 -> 0.918 | DH20: 0.056 | DI20: =DH20-PA20 -> 0.056 | DJ20: 0 | DK20: 0 | DL20: 0.012 | DM20: 0.746 | DN20: =DM20-PI20 -> 0.746 | DO20: 0.048 | DP20: =DO20-PB20 -> 0.048 | DQ20: 0 | DR20: 0.096 | DS20: =DR20-DL20 -> 0.084 | DT20: -0.001 | DU20: 0.01 | DV20: 0.12 | DW20: 0.129 | DX20: 0.6 | DY20: 0.118 | DZ20: 0 | EA20: 0.718 | EB20: 0.112 | EC20: 0 | ED20: 0.112 | EE20: =ED20-PG20 -> 0.112 | EF20: 0.168 | EG20: 0.168 | EH20: 0.118 | EI20: 0.548 | EJ20: 0.008 | EK20: 0.674 | EL20: 0.641 | EM20: 0.641 | EN20: 0 | EO20: 0.02 | EP20: 0.02 | EQ20: =EP20-ET20 -> 0.02 | ER20: 0 | ES20: 0 | ET20: 0 | EU20: 0 | EV20: 0.086 | EW20: 0 | EX20: 0.576 | EY20: 6.259 | EZ20: 1.796 | FA20: 4.464 | FB20: 2.797 | FC20: 0.17 | FD20: 0.565 | FE20: 0.735 | FF20: 0.09 | FG20: 0.008 | FH20: 0.098 | FI20: 0 | FJ20: 0.832 | FK20: 2.357 | FL20: 0.193 | FM20: 2.611 | FN20: 5.161 | FO20: 0.274 | FP20: 0.845 | FQ20: 1.119 | FR20: 0.444 | FS20: 0.453 | FT20: 0.176 | FU20: 0.186 | FV20: 0.004 | FW20: 0.022 | FX20: =FW20-FZ20 -> 0.022 | FY20: 0.471 | FZ20: 0 | GA20: 0 | GB20: 1.973 | GC20: 0.189 | GD20: =GE20-GQ20 -> 2.162 | GE20: 2.162 | GF20: 2.483 | GG20: 0.565 | GH20: 0.885 | GI20: 3.933 | GJ20: 0.012 | GK20: 0 | GL20: 0.036 | GM20: 0.142 | GN20: 0.19 | GO20: 0 | GP20: 0 | GQ20: 0 | GR20: 0 | GS20: 2.43 | GT20: 0.622 | GU20: 0.755 | GV20: 3.807 | GW20: 0.012 | GX20: 0 | GY20: 0.199 | GZ20: 0.302 | HA20: 0 | HB20: 0.513 | HC20: =HB20-GN20 -> 0.323 | HD20: 8.094 | HE20: 3.078 | HF20: 2.787 | HG20: 5.865 | HH20: 2.227 | HI20: -0.086 | HJ20: 0.103 | HK20: 0.451 | HL20: 0.468 | HM20: 0 | HN20: 0.32 | HO20: 0.692 | HP20: 1.012 | HQ20: =HP20-HL20 -> 0.544 | HR20: 1.493 | HS20: -0.004 | HT20: -0.001 | HU20: 0.369 | HV20: 3.079 | HW20: 0 | HX20: 5.015 | HY20: 19.632 | HZ20: 0.668 | IA20: 20.3 | IB20: 7.977 | IC20: 0.13 | ID20: 8.107 | IE20: 11.654 | IF20: 0.538 | IG20: 12.192 | IH20: 1.686 | II20: 0.337 | IJ20: 2.023 | IK20: 0.328 | IL20: 0.117 | IM20: 0.445 | IN20: 0.013 | IO20: 0.231 | IP20: 0.244 | IQ20: 0 | IR20: 0 | IS20: 0 | IT20: 0.244 | IU20: 0.04 | IV20: 0 | IW20: 0.04 | IX20: 9.436 | IY20: 0.085 | IZ20: 9.521 | JA20: 13.971 | JB20: 13.971 | JC20: 2.503 | JD20: 1.097 | JE20: 3.6 | JF20: 0.478 | JG20: 0.016 | JH20: 0.494 | JI20: 0.41 | JJ20: 0.41 | JK20: 0.069 | JL20: 0 | JM20: 0.069 | JN20: 0.204 | JO20: 0.204 | JP20: 0.12 | JQ20: 0 | JR20: 0.12 | JS20: 0.178 | JT20: 0.178 | JU20: 2.375 | JV20: 1.228 | JW20: 0.759 | JX20: 4.362 | JY20: =JX20-KP20 -> 4.358 | JZ20: 0.268 | KA20: 1.095 | KB20: 1.363 | KC20: 0 | KD20: 0.657 | KE20: 0.657 | KF20: 2.02 | KG20: =KF20-KX20 -> 0.672 | KH20: 1.104 | KI20: 0.189 | KJ20: 1.293 | KK20: 2.501 | KL20: 1.096 | KM20: 1.054 | KN20: 4.651 | KO20: 0.004 | KP20: 0.004 | KQ20: 0 | KR20: 0.294 | KS20: 1.017 | KT20: 1.311 | KU20: 0 | KV20: 0.037 | KW20: 0.037 | KX20: 1.348 | KY20: 0 | KZ20: 26.339 | LA20: 0.72 | LB20: 27.059 | LC20: 22.128 | LD20: 0.664 | LE20: 22.792 | LF20: 4.21 | LG20: 0.057 | LH20: 4.267 | LI20: 0.051 | LJ20: 0.276 | LK20: 0.327 | LL20: 0 | LM20: 0.004 | LN20: 0.004 | LO20: 0.331 | LP20: 0 | LQ20: 0.086 | LR20: 0.069 | LS20: 0.155 | LT20: 0 | LU20: 0.155 | LV20: =LU20-LO20 -> -0.176 | LW20: 3.029 | LX20: 0.066 | LY20: 3.095 | LZ20: 0.255 | MA20: 0.255 | MB20: 0.04 | MC20: 0.04 | MD20: 0.001 | ME20: 0.001 | MF20: 1.057 | MG20: -0.007 | MH20: 1.05 | MI20: 3.079 | MJ20: 0.664 | MK20: 0.664 | ML20: 30.082 | MM20: 0.057 | MN20: 30.139 | MO20: 4.727 | MP20: 4.797 | MQ20: -0.071 | MR20: 0.085 | MS20: 0.021 | MT20: 0.021 | MU20: 0.021 | MV20: 0.258 | MW20: 0 | MX20: 0 | MY20: 0 | MZ20: 0 | NA20: 0 | NB20: 0.008 | NC20: 0 | ND20: 0.008 | NE20: 0.014 | NF20: 0.014 | NG20: 0.037 | NH20: 0.004 | NI20: 0.036 | NJ20: 0.04 | NK20: 0.117 | NL20: 0 | NM20: 0 | NN20: 0.028 | NO20: 0 | NP20: 0 | NQ20: 0 | NR20: 0 | NS20: 0 | NT20: 0 | NU20: 0 | NV20: 0 | NW20: 0 | NX20: 0 | NY20: 0.08 | NZ20: 0.024 | OA20: 0 | OB20: 0 | OC20: =OB20-MX20 -> 0 | OD20: 0.025 | OE20: 0.007 | OF20: 0.032 | OG20: 0.068 | OH20: 0.01 | OI20: 0 | OJ20: 0.078 | OK20: 0.004 | OL20: 0.039 | OM20: 0.199 | ON20: 0.184 | OO20: 0 | OP20: 0.426 | OQ20: =OP20-NK20 -> 0.309 | OR20: 0.039 | OS20: 0 | OT20: 0.039 | OU20: 0 | OV20: 0 | OW20: 0 | OX20: 0.133 | OY20: 38.734 | PJ20: 34.015 | PK20: =IFERROR(HLOOKUP("b2_s11",real!$B$10:$AMM$83,$A20-1947,FALSE)+HLOOKUP("b2_s12",real!$B$10:$AMM$83,$A20-1947,FALSE)+HLOOKUP("b2_s13",real!$B$10:$AMM$83,$A20-1947,FALSE)+HLOOKUP("b2_s14",real!$B$10:$AMM$83,$A20-1947,FALSE),"") -> 15.854 | PL20: 38.732 | PN20: 33.024537 | PO20: 20.4 | PR20: 0.028989888 | PS20: 0.094522889 | RA20: 0.643354 | RB20: 0.747483 | RL20: =W20 -> 4.826714 | RM20: =CP20 -> 4.079 | RN20: =RL20*100/Q20 -> 12.462924 | RO20: =RM20*100/Q20 -> 10.532272
A21: 1959 | B21: 429.98287 | C21: 26.127112 | D21: =E21+G21 -> 246.42134 | E21: 234.76676 | F21: 95.68944 | G21: 11.654579 | H21: 41.185595 | I21: 0.45956098 | J21: 21.370726 | K21: 32.141348 | L21: 0.36050596 | M21: =K21+L21 -> 32.501854 | N21: 2.3273114 | O21: -7.029841 | P21: 26.911636 | Q21: 42.263014 | R21: 5.001581 | S21: =T21+V21 -> 24.742171 | T21: 24.006321 | U21: 6.473243 | V21: 0.73585 | W21: 5.322437 | X21: 0.097607 | Y21: 1.760881 | Z21: 2.470039 | AA21: 0.074278 | AB21: =Z21+AA21 -> 2.544317 | AC21: 0.042422 | AD21: 0.46801 | AE21: 5.813507 | AF21: =(Q21/B21)/(Q$77/B$77) -> 0.097183802 | AG21: 0.096256731 | AH21: =(R21/C21)/(R$77/C$77) -> 0.19602831 | AI21: =(S21/D21)/(S$77/D$77) -> 0.10012109 | AJ21: =(T21/E21)/(T$77/E$77) -> 0.10198741 | AK21: =(U21/F21)/(U$77/F$77) -> 0.067709204 | AL21: =(V21/G21)/(V$77/G$77) -> 0.062628864 | AM21: =(W21/H21)/(W$77/H$77) -> 0.12943021 | AN21: =(X21/I21)/(X$77/I$77) -> 0.2141243 | AO21: =(Y21/J21)/(Y$77/J$77) -> 0.083573201 | ... AU21: =(AE21/P21)/(AE$77/P$77) -> 0.21436341 | AV21: 51.862 | AW21: 33.943 | AX21: 17.918 | AY21: 9.481 | AZ21: 1.932 | BA21: 0.619 | BB21: 2.551 | BC21: 0.132 | BD21: 0.584 | BE21: 0.716 | BF21: 0.289 | BG21: 5.461 | BH21: 0.311 | BI21: 0.547 | BJ21: 0 | BK21: 0.01 | BL21: 0 | BM21: 0.672 | BN21: 0.938 | BO21: 0 | BP21: 0.062 | BQ21: 0.618 | BR21: 0.031 | BS21: 0.649 | BT21: 0.134 | BU21: 0.016 | BV21: 0.15 | BW21: 0 | BX21: 0.821 | BY21: 0.821 | BZ21: 0.511 | CA21: 0.511 | CB21: 0.161 | CC21: 0.757 | CD21: 0.918 | CE21: =CD21-BV21 -> 0.768 | CF21: 3.204 | CG21: 3.204 | CH21: 0.179 | CI21: 0.163 | CJ21: 0.342 | CK21: =CJ21-CN21 -> 0.23 | CL21: 0 | CM21: 0.112 | CN21: 0.112 | CO21: 0 | CP21: 4.545 | CQ21: 0.314 | CR21: -0.032 | CS21: -1.393 | CT21: 1.865 | CU21: 0.647 | CV21: 1.219 | CW21: 0.364 | CX21: 0.12 | CY21: 0.012 | CZ21: 0.132 | DA21: 0.049 | DB21: 0.061 | DC21: 0.11 | DD21: 0.044 | DE21: 0.658 | DF21: 0.954 | DG21: =DF21-PH21 -> 0.954 | DH21: 0.062 | DI21: =DH21-PA21 -> 0.062 | DJ21: 0 | DK21: 0 | DL21: 0.012 | DM21: 0.785 | DN21: =DM21-PI21 -> 0.785 | DO21: 0.048 | DP21: =DO21-PB21 -> 0.048 | DQ21: 0 | DR21: 0.108 | DS21: =DR21-DL21 -> 0.096 | DT21: 0.046 | DU21: 0.012 | DV21: 0.15 | DW21: 0.208 | DX21: 0.686 | DY21: 0.134 | DZ21: 0 | EA21: 0.82 | EB21: 0.112 | EC21: 0 | ED21: 0.112 | EE21: =ED21-PG21 -> 0.112 | EF21: 0.227 | EG21: 0.227 | EH21: 0.134 | EI21: 0.627 | EJ21: 0.004 | EK21: 0.765 | EL21: 0.664 | EM21: 0.664 | EN21: 0 | EO21: 0.024 | EP21: 0.024 | EQ21: =EP21-ET21 -> 0.024 | ER21: 0 | ES21: 0 | ET21: 0 | EU21: 0 | EV21: 0.097 | EW21: 0.004 | EX21: 0.587 | EY21: 6.952 | EZ21: 1.938 | FA21: 5.015 | FB21: 3.147 | FC21: 0.231 | FD21: 0.604 | FE21: 0.835 | FF21: 0.105 | FG21: 0.008 | FH21: 0.113 | FI21: 0 | FJ21: 0.917 | FK21: 2.697 | FL21: 0.196 | FM21: 2.836 | FN21: 5.729 | FO21: 0.301 | FP21: 0.917 | FQ21: 1.218 | FR21: 0.355 | FS21: 0.375 | FT21: 0.197 | FU21: 0.194 | FV21: 0.004 | FW21: 0.043 | FX21: =FW21-FZ21 -> 0.043 | FY21: 0.506 | FZ21: 0 | GA21: 0 | GB21: 2.207 | GC21: 0.217 | GD21: =GE21-GQ21 -> 2.424 | GE21: 2.424 | GF21: 2.737 | GG21: 0.604 | GH21: 1.008 | GI21: 4.349 | GJ21: 0.012 | GK21: 0 | GL21: 0.054 | GM21: 0.162 | GN21: 0.228 | GO21: 0 | GP21: 0 | GQ21: 0 | GR21: 0 | GS21: 2.666 | GT21: 0.688 | GU21: 0.805 | GV21: 4.159 | GW21: 0.015 | GX21: 0 | GY21: 0.315 | GZ21: 0.276 | HA21: 0 | HB21: 0.606 | HC21: =HB21-GN21 -> 0.378 | HD21: 9.305 | HE21: 3.408 | HF21: 3.065 | HG21: 6.473 | HH21: 2.831 | HI21: -0.098 | HJ21: 0.121 | HK21: 0.529 | HL21: 0.552 | HM21: 0 | HN21: 0.388 | HO21: 0.778 | HP21: 1.166 | HQ21: =HP21-HL21 -> 0.614 | HR21: 1.761 | HS21: -0.011 | HT21: 0.044 | HU21: 0.62 | HV21: 2.746 | HW21: 0.663 | HX21: 5.897 | HY21: 20.804 | HZ21: 0.777 | IA21: 21.581 | IB21: 8.652 | IC21: 0.192 | ID21: 8.844 | IE21: 12.153 | IF21: 0.587 | IG21: 12.74 | IH21: 1.848 | II21: 0.375 | IJ21: 2.223 | IK21: 0.384 | IL21: 0.117 | IM21: 0.501 | IN21: 0.016 | IO21: 0.262 | IP21: 0.278 | IQ21: -0.001 | IR21: 0 | IS21: -0.001 | IT21: 0.277 | IU21: 0.041 | IV21: 0 | IW21: 0.041 | IX21: 9.684 | IY21: 0.094 | IZ21: 9.778 | JA21: 15.273 | JB21: 15.273 | JC21: 2.803 | JD21: 1.233 | JE21: 4.036 | JF21: 0.464 | JG21: 0.018 | JH21: 0.482 | JI21: 0.434 | JJ21: 0.434 | JK21: 0.081 | JL21: 0 | JM21: 0.081 | JN21: 0.212 | JO21: 0.212 | JP21: 0.085 | JQ21: 0 | JR21: 0.085 | JS21: 0.193 | JT21: 0.193 | JU21: 2.614 | JV21: 1.413 | JW21: 0.809 | JX21: 4.836 | JY21: =JX21-KP21 -> 4.832 | JZ21: 0.307 | KA21: 1.208 | KB21: 1.515 | KC21: 0 | KD21: 0.568 | KE21: 0.568 | KF21: 2.083 | KG21: =KF21-KX21 -> 0.706 | KH21: 1.27 | KI21: 0.217 | KJ21: 1.487 | KK21: 2.803 | KL21: 1.232 | KM21: 1.195 | KN21: 5.23 | KO21: 0.004 | KP21: 0.004 | KQ21: 0 | KR21: 0.336 | KS21: 1.02 | KT21: 1.356 | KU21: 0 | KV21: 0.021 | KW21: 0.021 | KX21: 1.377 | KY21: 0 | KZ21: 28.183 | LA21: 0.656 | LB21: 28.839 | LC21: 24.011 | LD21: 0.736 | LE21: 24.747 | LF21: 4.172 | LG21: -0.08 | LH21: 4.092 | LI21: 0.047 | LJ21: 0.252 | LK21: 0.299 | LL21: 0 | LM21: 0 | LN21: 0 | LO21: 0.299 | LP21: 0 | LQ21: 0.098 | LR21: 0.077 | LS21: 0.175 | LT21: 0 | LU21: 0.175 | LV21: =LU21-LO21 -> -0.124 | LW21: 3.248 | LX21: 0.074 | LY21: 3.322 | LZ21: 0.176 | MA21: 0.176 | MB21: 0.042 | MC21: 0.042 | MD21: -0.015 | ME21: -0.015 | MF21: 0.845 | MG21: -0.154 | MH21: 0.691 | MI21: 2.746 | MJ21: 1.4 | MK21: 0.736 | ML21: 32.327 | MM21: -0.08 | MN21: 32.247 | MO21: 5.813 | MP21: 5.016 | MQ21: 0.797 | MR21: 0.084 | MS21: 0.02 | MT21: 0.02 | MU21: 0.028 | MV21: 0.275 | MW21: 0 | MX21: 0 | MY21: 0 | MZ21: 0.003 | NA21: 0.003 | NB21: 0.008 | NC21: 0 | ND21: 0.008 | NE21: 0.012 | NF21: 0.012 | NG21: 0.042 | NH21: 0.004 | NI21: 0.054 | NJ21: 0.062 | NK21: 0.162 | NL21: 0 | NM21: 0 | NN21: 0.028 | NO21: 0 | NP21: 0 | NQ21: 0 | NR21: 0 | NS21: 0 | NT21: 0 | NU21: 0 | NV21: 0 | NW21: 0 | NX21: 0 | NY21: 0.134 | NZ21: 0.026 | OA21: 0 | OB21: 0 | OC21: =OB21-MX21 -> 0 | OD21: 0.024 | OE21: 0.004 | OF21: 0.028 | OG21: 0.064 | OH21: 0.013 | OI21: 0 | OJ21: 0.077 | OK21: 0.004 | OL21: 0.044 | OM21: 0.315 | ON21: 0.184 | OO21: 0 | OP21: 0.547 | OQ21: =OP21-NK21 -> 0.385 | OR21: 0.04 | OS21: 0 | OT21: 0.04 | OU21: 0 | OV21: 0 | OW21: 0 | OX21: -0.642 | OY21: 42.265 | PJ21: 36.892 | PK21: =IFERROR(HLOOKUP("b2_s11",real!$B$10:$AMM$83,$A21-1947,FALSE)+HLOOKUP("b2_s12",real!$B$10:$AMM$83,$A21-1947,FALSE)+HLOOKUP("b2_s13",real!$B$10:$AMM$83,$A21-1947,FALSE)+HLOOKUP("b2_s14",real!$B$10:$AMM$83,$A21-1947,FALSE),"") -> 16.814 | PL21: 42.266 | PN21: 33.024537 | PO21: 20.6 | PR21: 0.030246013 | PS21: 0.098939344 | RA21: 0.747611 | RB21: 0.748513 | RL21: =W21 -> 5.322437 | RM21: =CP21 -> 4.545 | RN21: =RL21*100/Q21 -> 12.593605 | RO21: =RM21*100/Q21 -> 10.754084
A22: 1960 | B22: 464.34689 | C22: 29.780993 | D22: =E22+G22 -> 258.57289 | E22: 246.48133 | F22: 97.853303 | G22: 12.091556 | H22: 44.592971 | I22: 0.49730725 | J22: 22.662086 | K22: 33.387775 | L22: 0.38845709 | M22: =K22+L22 -> 33.776232 | N22: 2.1715063 | O22: 1.940535 | P22: 31.673187 | Q22: 46.834132 | R22: 5.797558 | S22: =T22+V22 -> 26.803018 | T22: 26.002938 | U22: 6.911545 | V22: 0.80008 | W22: 5.894082 | X22: 0.108639 | Y22: 1.921858 | Z22: 2.567898 | AA22: 0.080383 | AB22: =Z22+AA22 -> 2.648281 | AC22: 0.047204 | AD22: 1.35922 | AE22: 6.937843 | AF22: =(Q22/B22)/(Q$77/B$77) -> 0.099725105 | AG22: 0.098225302 | AH22: =(R22/C22)/(R$77/C$77) -> 0.19934659 | AI22: =(S22/D22)/(S$77/D$77) -> 0.1033634 | AJ22: =(T22/E22)/(T$77/E$77) -> 0.10521943 | AK22: =(U22/F22)/(U$77/F$77) -> 0.070695124 | AL22: =(V22/G22)/(V$77/G$77) -> 0.065634629 | AM22: =(W22/H22)/(W$77/H$77) -> 0.13237935 | AN22: =(X22/I22)/(X$77/I$77) -> 0.22023641 | AO22: =(Y22/J22)/(Y$77/J$77) -> 0.0860157 | ... AU22: =(AE22/P22)/(AE$77/P$77) -> 0.21736282 | AV22: 58.464 | AW22: 38.245 | AX22: 20.219 | AY22: 10.496 | AZ22: 2.163 | BA22: 0.674 | BB22: 2.837 | BC22: 0.154 | BD22: 0.682 | BE22: 0.836 | BF22: 0.333 | BG22: 6.383 | BH22: 0.347 | BI22: 0.636 | BJ22: 0 | BK22: 0.014 | BL22: 0 | BM22: 0.725 | BN22: 1.08 | BO22: 0 | BP22: 0.076 | BQ22: 0.674 | BR22: 0.032 | BS22: 0.706 | BT22: 0.147 | BU22: 0.016 | BV22: 0.163 | BW22: 0 | BX22: 0.908 | BY22: 0.908 | BZ22: 0.556 | CA22: 0.556 | CB22: 0.173 | CC22: 0.837 | CD22: 1.01 | CE22: =CD22-BV22 -> 0.847 | CF22: 3.893 | CG22: 3.893 | CH22: 0.202 | CI22: 0.183 | CJ22: 0.385 | CK22: =CJ22-CN22 -> 0.267 | CL22: 0 | CM22: 0.118 | CN22: 0.118 | CO22: 0 | CP22: 4.981 | CQ22: 0.927 | CR22: -0.035 | CS22: -1.713 | CT22: 2.002 | CU22: 0.715 | CV22: 1.287 | CW22: 0.385 | CX22: 0.128 | CY22: 0.012 | CZ22: 0.14 | DA22: 0.053 | DB22: 0.066 | DC22: 0.119 | DD22: 0.051 | DE22: 0.694 | DF22: 1.085 | DG22: =DF22-PH22 -> 1.085 | DH22: 0.07 | DI22: =DH22-PA22 -> 0.07 | DJ22: 0 | DK22: 0 | DL22: 0.015 | DM22: 0.899 | DN22: =DM22-PI22 -> 0.899 | DO22: 0.055 | DP22: =DO22-PB22 -> 0.055 | DQ22: 0 | DR22: 0.146 | DS22: =DR22-DL22 -> 0.131 | DT22: 0.056 | DU22: 0.012 | DV22: 0.157 | DW22: 0.225 | DX22: 0.757 | DY22: 0.148 | DZ22: 0 | EA22: 0.905 | EB22: 0.113 | EC22: 0 | ED22: 0.113 | EE22: =ED22-PG22 -> 0.113 | EF22: 0.251 | EG22: 0.251 | EH22: 0.149 | EI22: 0.692 | EJ22: 0.004 | EK22: 0.845 | EL22: 0.686 | EM22: 0.686 | EN22: 0 | EO22: 0.024 | EP22: 0.024 | EQ22: =EP22-ET22 -> 0.024 | ER22: 0 | ES22: 0 | ET22: 0 | EU22: 0 | EV22: 0.11 | EW22: 0.004 | EX22: 0.598 | EY22: 7.389 | EZ22: 2.013 | FA22: 5.375 | FB22: 3.363 | FC22: 0.25 | FD22: 0.647 | FE22: 0.897 | FF22: 0.108 | FG22: 0.008 | FH22: 0.116 | FI22: 0 | FJ22: 0.998 | FK22: 2.999 | FL22: 0.239 | FM22: 2.925 | FN22: 6.163 | FO22: 0.335 | FP22: 1.057 | FQ22: 1.392 | FR22: 0.406 | FS22: 0.432 | FT22: 0.217 | FU22: 0.198 | FV22: 0.004 | FW22: 0.044 | FX22: =FW22-FZ22 -> 0.044 | FY22: 0.522 | FZ22: 0 | GA22: 0 | GB22: 2.305 | GC22: 0.252 | GD22: =GE22-GQ22 -> 2.557 | GE22: 2.557 | GF22: 3.017 | GG22: 0.646 | GH22: 1.093 | GI22: 4.756 | GJ22: 0.013 | GK22: 0 | GL22: 0.032 | GM22: 0.178 | GN22: 0.223 | GO22: 0 | GP22: 0 | GQ22: 0 | GR22: 0 | GS22: 2.971 | GT22: 0.73 | GU22: 0.855 | GV22: 4.556 | GW22: 0.016 | GX22: 0 | GY22: 0.334 | GZ22: 0.381 | HA22: 0 | HB22: 0.731 | HC22: =HB22-GN22 -> 0.508 | HD22: 9.91 | HE22: 3.695 | HF22: 3.217 | HG22: 6.912 | HH22: 2.999 | HI22: -0.101 | HJ22: 0.117 | HK22: 0.505 | HL22: 0.521 | HM22: 0 | HN22: 0.414 | HO22: 0.77 | HP22: 1.184 | HQ22: =HP22-HL22 -> 0.663 | HR22: 1.922 | HS22: 0.016 | HT22: 0.049 | HU22: 0.552 | HV22: 2.942 | HW22: 0.753 | HX22: 6.214 | HY22: 22.611 | HZ22: 0.841 | IA22: 23.452 | IB22: 9.059 | IC22: 0.201 | ID22: 9.26 | IE22: 13.55 | IF22: 0.641 | IG22: 14.191 | IH22: 1.949 | II22: 0.408 | IJ22: 2.357 | IK22: 0.403 | IL22: 0.127 | IM22: 0.53 | IN22: 0.016 | IO22: 0.298 | IP22: 0.314 | IQ22: 0 | IR22: 0.001 | IS22: 0.001 | IT22: 0.315 | IU22: 0.048 | IV22: 0 | IW22: 0.048 | IX22: 10.931 | IY22: 0.104 | IZ22: 11.035 | JA22: 16.664 | JB22: 16.664 | JC22: 3.093 | JD22: 1.33 | JE22: 4.423 | JF22: 0.496 | JG22: 0.02 | JH22: 0.516 | JI22: 0.499 | JJ22: 0.499 | JK22: 0.112 | JL22: 0 | JM22: 0.112 | JN22: 0.236 | JO22: 0.236 | JP22: 0.097 | JQ22: 0 | JR22: 0.097 | JS22: 0.204 | JT22: 0.204 | JU22: 2.919 | JV22: 1.521 | JW22: 0.859 | JX22: 5.299 | JY22: =JX22-KP22 -> 5.295 | JZ22: 0.339 | KA22: 1.306 | KB22: 1.645 | KC22: 0 | KD22: 0.68 | KE22: 0.68 | KF22: 2.325 | KG22: =KF22-KX22 -> 0.866 | KH22: 1.282 | KI22: 0.252 | KJ22: 1.534 | KK22: 3.091 | KL22: 1.33 | KM22: 1.286 | KN22: 5.707 | KO22: 0.004 | KP22: 0.004 | KQ22: 0 | KR22: 0.372 | KS22: 1.064 | KT22: 1.436 | KU22: 0 | KV22: 0.023 | KW22: 0.023 | KX22: 1.459 | KY22: 0 | KZ22: 31.324 | LA22: 0.776 | LB22: 32.1 | LC22: 25.978 | LD22: 0.8 | LE22: 26.778 | LF22: 5.343 | LG22: -0.025 | LH22: 5.318 | LI22: 0.047 | LJ22: 0.254 | LK22: 0.301 | LL22: 0 | LM22: 0 | LN22: 0 | LO22: 0.301 | LP22: 0 | LQ22: 0.101 | LR22: 0.08 | LS22: 0.181 | LT22: 0 | LU22: 0.181 | LV22: =LU22-LO22 -> -0.12 | LW22: 3.481 | LX22: 0.08 | LY22: 3.561 | LZ22: 0.411 | MA22: 0.411 | MB22: 0.047 | MC22: 0.047 | MD22: -0.016 | ME22: -0.016 | MF22: 1.542 | MG22: -0.103 | MH22: 1.439 | MI22: 2.942 | MJ22: 1.553 | MK22: 0.8 | ML22: 35.816 | MM22: -0.025 | MN22: 35.791 | MO22: 6.938 | MP22: 5.772 | MQ22: 1.165 | MR22: 0.091 | MS22: 0.022 | MT22: 0.022 | MU22: 0.038 | MV22: 0.298 | MW22: 0 | MX22: 0 | MY22: 0 | MZ22: 0.004 | NA22: 0.004 | NB22: 0.008 | NC22: 0 | ND22: 0.008 | NE22: 0.016 | NF22: 0.016 | NG22: 0.051 | NH22: 0.004 | NI22: 0.032 | NJ22: 0.067 | NK22: 0.154 | NL22: 0 | NM22: 0 | NN22: 0.03 | NO22: 0 | NP22: 0 | NQ22: 0 | NR22: 0 | NS22: 0 | NT22: 0 | NU22: 0 | NV22: 0 | NW22: 0 | NX22: 0 | NY22: 0.113 | NZ22: 0.031 | OA22: 0 | OB22: 0 | OC22: =OB22-MX22 -> 0 | OD22: 0.027 | OE22: 0.007 | OF22: 0.034 | OG22: 0.067 | OH22: 0.016 | OI22: 0 | OJ22: 0.083 | OK22: 0.004 | OL22: 0.049 | OM22: 0.334 | ON22: 0.195 | OO22: 0 | OP22: 0.582 | OQ22: =OP22-NK22 -> 0.428 | OR22: 0.048 | OS22: 0 | OT22: 0.048 | OU22: 0 | OV22: 0 | OW22: 0 | OX22: -1.08 | OY22: 46.83 | PC22: 5.49 | PF22: =PC22-($PC$48-$PF$48) -> 4.0499083 | PJ22: 41.072 | PK22: =IFERROR(HLOOKUP("b2_s11",real!$B$10:$AMM$83,$A22-1947,FALSE)+HLOOKUP("b2_s12",real!$B$10:$AMM$83,$A22-1947,FALSE)+HLOOKUP("b2_s13",real!$B$10:$AMM$83,$A22-1947,FALSE)+HLOOKUP("b2_s14",real!$B$10:$AMM$83,$A22-1947,FALSE),"") -> 19.11 | PL22: 46.829 | PN22: 33.024537 | PO22: 20.8 | PR22: 0.031126863 | PS22: 0.096993504 | QS22: 28.965834 | QT22: 1.980385 | QW22: 5.663333 | QX22: 3.682948 | RA22: 0.747557 | RB22: 0.747461 | RC22: 10903.082 | RJ22: 10903.082 | RL22: =W22 -> 5.894082 | RM22: =CP22 -> 4.981 | RN22: =RL22*100/Q22 -> 12.585014 | RO22: =RM22*100/Q22 -> 10.635406
A23: 1961 | B23: 487.47199 | C23: 32.001809 | D23: =E23+G23 -> 272.90086 | E23: 260.8356 | F23: 103.95006 | G23: 12.065259 | H23: 49.993298 | I23: 0.55229811 | J23: 25.141704 | K23: 37.118305 | L23: 0.41861238 | M23: =K23+L23 -> 37.536917 | N23: 2.0165696 | O23: -4.646003 | P23: 33.356346 | Q23: 50.774534 | R23: 6.227343 | S23: =T23+V23 -> 29.175514 | T23: 28.326964 | U23: 7.680745 | V23: 0.84855 | W23: 6.796213 | X23: 0.1244 | Y23: 2.236145 | Z23: 2.899277 | AA23: 0.088858 | AB23: =Z23+AA23 -> 2.988135 | AC23: 0.051706 | AD23: 0.6325 | AE23: 7.31652 | AF23: =(Q23/B23)/(Q$77/B$77) -> 0.10298663 | AG23: 0.10199988 | AH23: =(R23/C23)/(R$77/C$77) -> 0.19926506 | AI23: =(S23/D23)/(S$77/D$77) -> 0.10660552 | AJ23: =(T23/E23)/(T$77/E$77) -> 0.10831553 | AK23: =(U23/F23)/(U$77/F$77) -> 0.073955151 | AL23: =(V23/G23)/(V$77/G$77) -> 0.069762588 | AM23: =(W23/H23)/(W$77/H$77) -> 0.13615252 | AN23: =(X23/I23)/(X$77/I$77) -> 0.22707795 | AO23: =(Y23/J23)/(Y$77/J$77) -> 0.090211429 | ... AU23: =(AE23/P23)/(AE$77/P$77) -> 0.21766001 | AV23: 64.087 | AW23: 41.796 | AX23: 22.291 | AY23: 11.643 | AZ23: 2.627 | BA23: 0.745 | BB23: 3.372 | BC23: 0.162 | BD23: 0.739 | BE23: 0.901 | BF23: 0.429 | BG23: 6.806 | BH23: 0.392 | BI23: 0.674 | BJ23: 0 | BK23: 0.016 | BL23: 0 | BM23: 0.838 | BN23: 1.195 | BO23: 0 | BP23: 0.086 | BQ23: 0.745 | BR23: 0.034 | BS23: 0.779 | BT23: 0.179 | BU23: 0.02 | BV23: 0.199 | BW23: 0 | BX23: 0.938 | BY23: 0.938 | BZ23: 0.613 | CA23: 0.613 | CB23: 0.207 | CC23: 0.91 | CD23: 1.117 | CE23: =CD23-BV23 -> 0.918 | CF23: 4.076 | CG23: 4.076 | CH23: 0.24 | CI23: 0.217 | CJ23: 0.457 | CK23: =CJ23-CN23 -> 0.327 | CL23: 0 | CM23: 0.13 | CN23: 0.13 | CO23: 0 | CP23: 5.681 | CQ23: 0.6 | CR23: -0.056 | CS23: -1.821 | CT23: 2.238 | CU23: 0.809 | CV23: 1.43 | CW23: 0.435 | CX23: 0.143 | CY23: 0.012 | CZ23: 0.155 | DA23: 0.059 | DB23: 0.074 | DC23: 0.133 | DD23: 0.066 | DE23: 0.772 | DF23: 1.168 | DG23: =DF23-PH23 -> 1.168 | DH23: 0.076 | DI23: =DH23-PA23 -> 0.076 | DJ23: 0 | DK23: 0 | DL23: 0.016 | DM23: 0.967 | DN23: =DM23-PI23 -> 0.967 | DO23: 0.057 | DP23: =DO23-PB23 -> 0.057 | DQ23: 0 | DR23: 0.169 | DS23: =DR23-DL23 -> 0.153 | DT23: 0.058 | DU23: 0.012 | DV23: 0.166 | DW23: 0.236 | DX23: 0.897 | DY23: 0.176 | DZ23: 0 | EA23: 1.073 | EB23: 0.122 | EC23: 0 | ED23: 0.122 | EE23: =ED23-PG23 -> 0.122 | EF23: 0.277 | EG23: 0.277 | EH23: 0.176 | EI23: 0.821 | EJ23: 0.004 | EK23: 1.001 | EL23: 0.75 | EM23: 0.75 | EN23: 0 | EO23: 0.025 | EP23: 0.025 | EQ23: =EP23-ET23 -> 0.025 | ER23: 0 | ES23: 0 | ET23: 0 | EU23: 0 | EV23: 0.125 | EW23: 0.004 | EX23: 0.647 | EY23: 8.194 | EZ23: 2.251 | FA23: 5.942 | FB23: 3.704 | FC23: 0.308 | FD23: 0.717 | FE23: 1.025 | FF23: 0.115 | FG23: 0.009 | FH23: 0.124 | FI23: 0 | FJ23: 1.09 | FK23: 3.295 | FL23: 0.269 | FM23: 3.209 | FN23: 6.773 | FO23: 0.386 | FP23: 1.147 | FQ23: 1.533 | FR23: 0.528 | FS23: 0.557 | FT23: 0.256 | FU23: 0.236 | FV23: 0.004 | FW23: 0.051 | FX23: =FW23-FZ23 -> 0.051 | FY23: 0.544 | FZ23: 0 | GA23: 0 | GB23: 2.465 | GC23: 0.285 | GD23: =GE23-GQ23 -> 2.75 | GE23: 2.75 | GF23: 3.633 | GG23: 0.716 | GH23: 1.297 | GI23: 5.646 | GJ23: 0.016 | GK23: 0 | GL23: 0.031 | GM23: 0.206 | GN23: 0.253 | GO23: 0 | GP23: 0 | GQ23: 0 | GR23: 0 | GS23: 3.355 | GT23: 0.808 | GU23: 0.954 | GV23: 5.117 | GW23: 0.019 | GX23: 0 | GY23: 0.37 | GZ23: 0.42 | HA23: 0 | HB23: 0.809 | HC23: =HB23-GN23 -> 0.556 | HD23: 11.043 | HE23: 4.17 | HF23: 3.509 | HG23: 7.679 | HH23: 3.361 | HI23: -0.108 | HJ23: 0.119 | HK23: 0.52 | HL23: 0.531 | HM23: 0 | HN23: 0.448 | HO23: 0.78 | HP23: 1.228 | HQ23: =HP23-HL23 -> 0.697 | HR23: 2.236 | HS23: -0.01 | HT23: 0.076 | HU23: 0.579 | HV23: 3.293 | HW23: 0.878 | HX23: 6.871 | HY23: 23.995 | HZ23: 0.916 | IA23: 24.911 | IB23: 9.818 | IC23: 0.23 | ID23: 10.048 | IE23: 14.177 | IF23: 0.687 | IG23: 14.864 | IH23: 2.096 | II23: 0.442 | IJ23: 2.538 | IK23: 0.47 | IL23: 0.145 | IM23: 0.615 | IN23: 0.017 | IO23: 0.317 | IP23: 0.334 | IQ23: 0.033 | IR23: 0.007 | IS23: 0.04 | IT23: 0.374 | IU23: 0.063 | IV23: 0 | IW23: 0.063 | IX23: 11.337 | IY23: 0.059 | IZ23: 11.396 | JA23: 18.391 | JB23: 18.391 | JC23: 3.715 | JD23: 1.475 | JE23: 5.19 | JF23: 0.542 | JG23: 0.02 | JH23: 0.562 | JI23: 0.527 | JJ23: 0.527 | JK23: 0.133 | JL23: 0 | JM23: 0.133 | JN23: 0.248 | JO23: 0.248 | JP23: 0.11 | JQ23: 0.001 | JR23: 0.111 | JS23: 0.214 | JT23: 0.214 | JU23: 3.303 | JV23: 1.681 | JW23: 0.959 | JX23: 5.943 | JY23: =JX23-KP23 -> 5.939 | JZ23: 0.402 | KA23: 1.364 | KB23: 1.766 | KC23: 0 | KD23: 0.736 | KE23: 0.736 | KF23: 2.502 | KG23: =KF23-KX23 -> 0.906 | KH23: 1.402 | KI23: 0.285 | KJ23: 1.687 | KK23: 3.713 | KL23: 1.474 | KM23: 1.504 | KN23: 6.691 | KO23: 0.004 | KP23: 0.004 | KQ23: 0 | KR23: 0.441 | KS23: 1.127 | KT23: 1.568 | KU23: 0 | KV23: 0.028 | KW23: 0.028 | KX23: 1.596 | KY23: 0 | KZ23: 33.798 | LA23: 0.786 | LB23: 34.584 | LC23: 28.337 | LD23: 0.848 | LE23: 29.185 | LF23: 5.462 | LG23: -0.063 | LH23: 5.399 | LI23: 0.042 | LJ23: 0.23 | LK23: 0.272 | LL23: 0 | LM23: 0.002 | LN23: 0.002 | LO23: 0.274 | LP23: 0 | LQ23: 0.108 | LR23: 0.086 | LS23: 0.194 | LT23: 0 | LU23: 0.194 | LV23: =LU23-LO23 -> -0.08 | LW23: 4.014 | LX23: 0.089 | LY23: 4.103 | LZ23: 0.013 | MA23: 0.013 | MB23: 0.052 | MC23: 0.052 | MD23: -0.024 | ME23: -0.024 | MF23: 1.487 | MG23: -0.15 | MH23: 1.337 | MI23: 3.293 | MJ23: 1.725 | MK23: 0.848 | ML23: 38.818 | MM23: -0.063 | MN23: 38.755 | MO23: 7.316 | MP23: 6.21 | MQ23: 1.107 | MR23: 0.102 | MS23: 0.025 | MT23: 0.025 | MU23: 0.05 | MV23: 0.294 | MW23: 0 | MX23: 0 | MY23: 0 | MZ23: 0.004 | NA23: 0.004 | NB23: 0.008 | NC23: 0 | ND23: 0.008 | NE23: 0.016 | NF23: 0.016 | NG23: 0.059 | NH23: 0.004 | NI23: 0.031 | NJ23: 0.083 | NK23: 0.177 | NL23: 0 | NM23: 0 | NN23: 0.032 | NO23: 0 | NP23: 0 | NQ23: 0 | NR23: 0 | NS23: 0 | NT23: 0 | NU23: 0 | NV23: 0 | NW23: 0 | NX23: 0 | NY23: 0.13 | NZ23: 0.033 | OA23: 0 | OB23: 0 | OC23: =OB23-MX23 -> 0 | OD23: 0.03 | OE23: 0.008 | OF23: 0.038 | OG23: 0.068 | OH23: 0.016 | OI23: 0 | OJ23: 0.084 | OK23: 0.008 | OL23: 0.055 | OM23: 0.37 | ON23: 0.246 | OO23: 0 | OP23: 0.679 | OQ23: =OP23-NK23 -> 0.502 | OR23: 0.045 | OS23: 0 | OT23: 0.045 | OU23: 0 | OV23: 0 | OW23: 0 | OX23: -0.98 | OY23: 50.772 | PC23: 5.56 | PF23: =PC23-($PC$48-$PF$48) -> 4.1199083 | PJ23: 44.527 | PK23: =IFERROR(HLOOKUP("b2_s11",real!$B$10:$AMM$83,$A23-1947,FALSE)+HLOOKUP("b2_s12",real!$B$10:$AMM$83,$A23-1947,FALSE)+HLOOKUP("b2_s13",real!$B$10:$AMM$83,$A23-1947,FALSE)+HLOOKUP("b2_s14",real!$B$10:$AMM$83,$A23-1947,FALSE),"") -> 20.064 | PL23: 50.772 | PN23: 33.024537 | PO23: 21.1 | PR23: 0.036000208 | PS23: 0.10269568 | QS23: 29.23869 | QT23: 2.015706 | QW23: 5.519166 | QX23: 3.50346 | RA23: 0.747766 | RB23: 0.746737 | RC23: 11316.307 | RJ23: 11316.307 | RL23: =W23 -> 6.796213 | RM23: =CP23 -> 5.681 | RN23: =RL23*100/Q23 -> 13.385082 | RO23: =RM23*100/Q23 -> 11.18868
A24: 1962 | B24: 520.8323 | C24: 34.289691 | D24: =E24+G24 -> 292.49051 | E24: 280.06808 | F24: 111.24615 | G24: 12.422433 | H24: 53.163646 | I24: 0.58180877 | J24: 28.38782 | K24: 38.022886 | L24: 0.45443031 | M24: =K24+L24 -> 38.477316 | N24: 1.8629459 | O24: -1.487109 | P24: 33.745415 | Q24: 56.906088 | R24: 6.805709 | S24: =T24+V24 -> 32.646897 | T24: 31.703727 | U24: 8.785885 | V24: 0.94317 | W24: 7.509607 | X24: 0.137445 | Y24: 2.646187 | Z24: 3.095172 | AA24: 0.099216 | AB24: =Z24+AA24 -> 3.194388 | AC24: 0.057185 | AD24: 1.2377 | AE24: 7.496503 | AF24: =(Q24/B24)/(Q$77/B$77) -> 0.10803025 | AG24: 0.10757516 | AH24: =(R24/C24)/(R$77/C$77) -> 0.20324164 | AI24: =(S24/D24)/(S$77/D$77) -> 0.11130027 | AJ24: =(T24/E24)/(T$77/E$77) -> 0.11290268 | AK24: =(U24/F24)/(U$77/F$77) -> 0.079047896 | AL24: =(V24/G24)/(V$77/G$77) -> 0.075312166 | AM24: =(W24/H24)/(W$77/H$77) -> 0.14147279 | AN24: =(X24/I24)/(X$77/I$77) -> 0.23816439 | AO24: =(Y24/J24)/(Y$77/J$77) -> 0.094546355 | ... AU24: =(AE24/P24)/(AE$77/P$77) -> 0.2204431 | AV24: 70.745 | AW24: 46.152 | AX24: 24.592 | AY24: 13.076 | AZ24: 3.018 | BA24: 0.851 | BB24: 3.869 | BC24: 0.188 | BD24: 0.855 | BE24: 1.043 | BF24: 0.509 | BG24: 7.114 | BH24: 0.48 | BI24: 0.758 | BJ24: 0 | BK24: 0.02 | BL24: 0 | BM24: 0.978 | BN24: 1.302 | BO24: 0 | BP24: 0.104 | BQ24: 0.851 | BR24: 0.038 | BS24: 0.889 | BT24: 0.204 | BU24: 0.022 | BV24: 0.226 | BW24: 0 | BX24: 0.888 | BY24: 0.888 | BZ24: 0.699 | CA24: 0.699 | CB24: 0.235 | CC24: 1.015 | CD24: 1.25 | CE24: =CD24-BV24 -> 1.024 | CF24: 4.265 | CG24: 4.265 | CH24: 0.232 | CI24: 0.209 | CJ24: 0.441 | CK24: =CJ24-CN24 -> 0.305 | CL24: 0 | CM24: 0.136 | CN24: 0.136 | CO24: 0 | CP24: 6.4 | CQ24: 0.754 | CR24: -0.072 | CS24: -2.513 | CT24: 2.432 | CU24: 0.921 | CV24: 1.511 | CW24: 0.517 | CX24: 0.168 | CY24: 0.016 | CZ24: 0.184 | DA24: 0.07 | DB24: 0.089 | DC24: 0.159 | DD24: 0.078 | DE24: 0.731 | DF24: 1.302 | DG24: =DF24-PH24 -> 1.302 | DH24: 0.095 | DI24: =DH24-PA24 -> 0.095 | DJ24: 0 | DK24: 0 | DL24: 0.019 | DM24: 1.098 | DN24: =DM24-PI24 -> 1.098 | DO24: 0.064 | DP24: =DO24-PB24 -> 0.064 | DQ24: 0 | DR24: 0.218 | DS24: =DR24-DL24 -> 0.199 | DT24: 0.066 | DU24: 0.016 | DV24: 0.174 | DW24: 0.256 | DX24: 1.05 | DY24: 0.205 | DZ24: 0 | EA24: 1.255 | EB24: 0.132 | EC24: 0 | ED24: 0.132 | EE24: =ED24-PG24 -> 0.132 | EF24: 0.29 | EG24: 0.29 | EH24: 0.208 | EI24: 0.961 | EJ24: 0.008 | EK24: 1.177 | EL24: 0.68 | EM24: 0.68 | EN24: 0 | EO24: 0.028 | EP24: 0.028 | EQ24: =EP24-ET24 -> 0.028 | ER24: 0 | ES24: 0 | ET24: 0 | EU24: 0 | EV24: 0.138 | EW24: 0.004 | EX24: 0.567 | EY24: 9.341 | EZ24: 2.55 | FA24: 6.792 | FB24: 4.218 | FC24: 0.362 | FD24: 0.823 | FE24: 1.185 | FF24: 0.13 | FG24: 0.012 | FH24: 0.142 | FI24: 0 | FJ24: 1.247 | FK24: 3.709 | FL24: 0.338 | FM24: 3.576 | FN24: 7.623 | FO24: 0.443 | FP24: 1.319 | FQ24: 1.762 | FR24: 0.624 | FS24: 0.662 | FT24: 0.311 | FU24: 0.261 | FV24: 0.004 | FW24: 0.064 | FX24: =FW24-FZ24 -> 0.064 | FY24: 0.625 | FZ24: 0 | GA24: 0 | GB24: 2.536 | GC24: 0.328 | GD24: =GE24-GQ24 -> 2.864 | GE24: 2.864 | GF24: 4.18 | GG24: 0.823 | GH24: 1.523 | GI24: 6.526 | GJ24: 0.019 | GK24: 0 | GL24: 0.032 | GM24: 0.23 | GN24: 0.281 | GO24: 0 | GP24: 0 | GQ24: 0 | GR24: 0 | GS24: 3.961 | GT24: 0.924 | GU24: 1.238 | GV24: 6.123 | GW24: 0.022 | GX24: 0 | GY24: 0.348 | GZ24: 0.42 | HA24: 0 | HB24: 0.79 | HC24: =HB24-GN24 -> 0.509 | HD24: 12.121 | HE24: 4.76 | HF24: 4.026 | HG24: 8.786 | HH24: 3.334 | HI24: -0.116 | HJ24: 0.136 | HK24: 0.594 | HL24: 0.614 | HM24: 0 | HN24: 0.481 | HO24: 0.868 | HP24: 1.349 | HQ24: =HP24-HL24 -> 0.735 | HR24: 2.647 | HS24: -0.015 | HT24: 0.101 | HU24: 0.1 | HV24: 3.74 | HW24: 1.021 | HX24: 7.36 | HY24: 26.937 | HZ24: 1.008 | IA24: 27.945 | IB24: 10.682 | IC24: 0.253 | ID24: 10.935 | IE24: 16.255 | IF24: 0.754 | IG24: 17.009 | IH24: 2.321 | II24: 0.487 | IJ24: 2.808 | IK24: 0.537 | IL24: 0.16 | IM24: 0.697 | IN24: 0.02 | IO24: 0.357 | IP24: 0.377 | IQ24: 0.033 | IR24: 0.008 | IS24: 0.041 | IT24: 0.418 | IU24: 0.075 | IV24: 0 | IW24: 0.075 | IX24: 13.095 | IY24: 0.066 | IZ24: 13.161 | JA24: 20.709 | JB24: 20.709 | JC24: 4.273 | JD24: 1.689 | JE24: 5.962 | JF24: 0.66 | JG24: 0.024 | JH24: 0.684 | JI24: 0.592 | JJ24: 0.592 | JK24: 0.174 | JL24: 0 | JM24: 0.174 | JN24: 0.272 | JO24: 0.272 | JP24: 0.116 | JQ24: 0.007 | JR24: 0.123 | JS24: 0.232 | JT24: 0.232 | JU24: 3.907 | JV24: 1.895 | JW24: 1.243 | JX24: 7.045 | JY24: =JX24-KP24 -> 7.041 | JZ24: 0.469 | KA24: 1.519 | KB24: 1.988 | KC24: 0 | KD24: 0.789 | KE24: 0.789 | KF24: 2.777 | KG24: =KF24-KX24 -> 0.953 | KH24: 1.51 | KI24: 0.328 | KJ24: 1.838 | KK24: 4.273 | KL24: 1.689 | KM24: 1.741 | KN24: 7.703 | KO24: 0.004 | KP24: 0.004 | KQ24: 0 | KR24: 0.515 | KS24: 1.278 | KT24: 1.793 | KU24: 0 | KV24: 0.031 | KW24: 0.031 | KX24: 1.824 | KY24: 0 | KZ24: 38.809 | LA24: 0.837 | LB24: 39.646 | LC24: 31.696 | LD24: 0.944 | LE24: 32.64 | LF24: 7.114 | LG24: -0.106 | LH24: 7.008 | LI24: 0.048 | LJ24: 0.263 | LK24: 0.311 | LL24: 0 | LM24: 0.004 | LN24: 0.004 | LO24: 0.315 | LP24: 0 | LQ24: 0.116 | LR24: 0.092 | LS24: 0.208 | LT24: 0 | LU24: 0.208 | LV24: =LU24-LO24 -> -0.107 | LW24: 4.205 | LX24: 0.1 | LY24: 4.305 | LZ24: 0.485 | MA24: 0.485 | MB24: 0.057 | MC24: 0.057 | MD24: -0.034 | ME24: -0.034 | MF24: 2.502 | MG24: -0.202 | MH24: 2.3 | MI24: 3.74 | MJ24: 1.964 | MK24: 0.944 | ML24: 44.514 | MM24: -0.106 | MN24: 44.408 | MO24: 7.496 | MP24: 6.79 | MQ24: 0.707 | MR24: 0.122 | MS24: 0.03 | MT24: 0.03 | MU24: 0.084 | MV24: 0.378 | MW24: 0 | MX24: 0 | MY24: 0 | MZ24: 0.004 | NA24: 0.004 | NB24: 0.008 | NC24: 0 | ND24: 0.008 | NE24: 0.019 | NF24: 0.019 | NG24: 0.077 | NH24: 0.007 | NI24: 0.032 | NJ24: 0.091 | NK24: 0.207 | NL24: 0 | NM24: 0 | NN24: 0.032 | NO24: 0 | NP24: 0 | NQ24: 0 | NR24: 0 | NS24: 0 | NT24: 0 | NU24: 0 | NV24: 0 | NW24: 0 | NX24: 0 | NY24: 0.131 | NZ24: 0.039 | OA24: 0 | OB24: 0 | OC24: =OB24-MX24 -> 0 | OD24: 0.037 | OE24: 0.008 | OF24: 0.045 | OG24: 0.071 | OH24: 0.018 | OI24: 0 | OJ24: 0.089 | OK24: 0.008 | OL24: 0.07 | OM24: 0.348 | ON24: 0.28 | OO24: 0 | OP24: 0.706 | OQ24: =OP24-NK24 -> 0.499 | OR24: 0.064 | OS24: 0 | OT24: 0.064 | OU24: 0 | OV24: 0 | OW24: 0 | OX24: -0.829 | OY24: 56.902 | PC24: 5.31 | PF24: =PC24-($PC$48-$PF$48) -> 3.8699083 | PJ24: 49.904 | PK24: =IFERROR(HLOOKUP("b2_s11",real!$B$10:$AMM$83,$A24-1947,FALSE)+HLOOKUP("b2_s12",real!$B$10:$AMM$83,$A24-1947,FALSE)+HLOOKUP("b2_s13",real!$B$10:$AMM$83,$A24-1947,FALSE)+HLOOKUP("b2_s14",real!$B$10:$AMM$83,$A24-1947,FALSE),"") -> 22.253 | PL24: 56.903 | PN24: 33.024537 | PO24: 21.4 | PR24: 0.033910143 | PS24: 0.10615206 | QS24: 29.614124 | QT24: 1.973025 | QW24: 5.434166 | QX24: 3.461141 | RA24: 0.746987 | RB24: 0.746925 | RC24: 11917.886 | RJ24: 11917.886 | RL24: =W24 -> 7.509607 | RM24: =CP24 -> 6.4 | RN24: =RL24*100/Q24 -> 13.196491 | RO24: =RM24*100/Q24 -> 11.2466
A25: 1963 | B25: 553.29868 | C25: 38.728582 | D25: =E25+G25 -> 312.77615 | E25: 300.32987 | F25: 117.38615 | G25: 12.446272 | H25: 56.880773 | I25: 0.67297553 | J25: 31.151114 | K25: 42.169312 | L25: 0.46685184 | M25: =K25+L25 -> 42.636164 | N25: 1.7994197 | O25: -2.466669 | P25: 36.576135 | Q25: 63.79364 | R25: 7.803303 | S25: =T25+V25 -> 36.672406 | T25: 35.628266 | U25: 10.086429 | V25: 1.04414 | W25: 8.535456 | X25: 0.172924 | Y25: 3.106394 | Z25: 3.733916 | AA25: 0.107692 | AB25: =Z25+AA25 -> 3.841608 | AC25: 0.066954 | AD25: 0.86781 | AE25: 8.246961 | AF25: =(Q25/B25)/(Q$77/B$77) -> 0.11399934 | AG25: 0.11364577 | AH25: =(R25/C25)/(R$77/C$77) -> 0.20632401 | AI25: =(S25/D25)/(S$77/D$77) -> 0.11691544 | AJ25: =(T25/E25)/(T$77/E$77) -> 0.11831879 | AK25: =(U25/F25)/(U$77/F$77) -> 0.086002366 | AL25: =(V25/G25)/(V$77/G$77) -> 0.08321493 | AM25: =(W25/H25)/(W$77/H$77) -> 0.15029057 | AN25: =(X25/I25)/(X$77/I$77) -> 0.25905033 | AO25: =(Y25/J25)/(Y$77/J$77) -> 0.1011438 | ... AU25: =(AE25/P25)/(AE$77/P$77) -> 0.2237426 | AV25: 79.569 | AW25: 51.607 | AX25: 27.961 | AY25: 15.054 | AZ25: 3.461 | BA25: 0.964 | BB25: 4.425 | BC25: 0.221 | BD25: 0.988 | BE25: 1.209 | BF25: 0.569 | BG25: 7.84 | BH25: 0.503 | BI25: 0.805 | BJ25: 0 | BK25: 0.025 | BL25: 0 | BM25: 1.202 | BN25: 1.368 | BO25: 0 | BP25: 0.108 | BQ25: 0.964 | BR25: 0.043 | BS25: 1.007 | BT25: 0.244 | BU25: 0.024 | BV25: 0.268 | BW25: 0 | BX25: 0.916 | BY25: 0.916 | BZ25: 0.792 | CA25: 0.792 | CB25: 0.288 | CC25: 1.144 | CD25: 1.432 | CE25: =CD25-BV25 -> 1.164 | CF25: 4.632 | CG25: 4.632 | CH25: 0.25 | CI25: 0.225 | CJ25: 0.475 | CK25: =CJ25-CN25 -> 0.349 | CL25: 0 | CM25: 0.126 | CN25: 0.126 | CO25: 0 | CP25: 7.223 | CQ25: 0.6 | CR25: -0.086 | CS25: -2.756 | CT25: 2.837 | CU25: 1.148 | CV25: 1.688 | CW25: 0.596 | CX25: 0.19 | CY25: 0.019 | CZ25: 0.209 | DA25: 0.081 | DB25: 0.102 | DC25: 0.183 | DD25: 0.087 | DE25: 0.788 | DF25: 1.457 | DG25: =DF25-PH25 -> 1.457 | DH25: 0.12 | DI25: =DH25-PA25 -> 0.12 | DJ25: 0 | DK25: 0 | DL25: 0.02 | DM25: 1.155 | DN25: =DM25-PI25 -> 1.155 | DO25: 0.075 | DP25: =DO25-PB25 -> 0.075 | DQ25: 0 | DR25: 0.265 | DS25: =DR25-DL25 -> 0.245 | DT25: 0.074 | DU25: 0.019 | DV25: 0.182 | DW25: 0.275 | DX25: 1.257 | DY25: 0.246 | DZ25: 0 | EA25: 1.503 | EB25: 0.146 | EC25: 0 | ED25: 0.146 | EE25: =ED25-PG25 -> 0.146 | EF25: 0.306 | EG25: 0.306 | EH25: 0.247 | EI25: 1.15 | EJ25: 0.008 | EK25: 1.405 | EL25: 0.811 | EM25: 0.811 | EN25: 0 | EO25: 0.032 | EP25: 0.032 | EQ25: =EP25-ET25 -> 0.032 | ER25: 0 | ES25: 0 | ET25: 0 | EU25: 0 | EV25: 0.173 | EW25: 0.004 | EX25: 0.667 | EY25: 10.685 | EZ25: 2.912 | FA25: 7.774 | FB25: 4.73 | FC25: 0.51 | FD25: 0.968 | FE25: 1.478 | FF25: 0.146 | FG25: 0.012 | FH25: 0.158 | FI25: 0 | FJ25: 1.407 | FK25: 4.325 | FL25: 0.404 | FM25: 3.954 | FN25: 8.683 | FO25: 0.504 | FP25: 1.508 | FQ25: 2.012 | FR25: 0.7 | FS25: 0.738 | FT25: 0.406 | FU25: 0.311 | FV25: 0.004 | FW25: 0.06 | FX25: =FW25-FZ25 -> 0.06 | FY25: 0.628 | FZ25: 0 | GA25: 0 | GB25: 2.812 | GC25: 0.362 | GD25: =GE25-GQ25 -> 3.174 | GE25: 3.174 | GF25: 4.871 | GG25: 0.968 | GH25: 1.881 | GI25: 7.72 | GJ25: 0.022 | GK25: 0 | GL25: 0.032 | GM25: 0.26 | GN25: 0.314 | GO25: 0 | GP25: 0 | GQ25: 0 | GR25: 0 | GS25: 4.713 | GT25: 1.083 | GU25: 1.481 | GV25: 7.277 | GW25: 0.026 | GX25: 0 | GY25: 0.304 | GZ25: 0.401 | HA25: 0 | HB25: 0.731 | HC25: =HB25-GN25 -> 0.417 | HD25: 14.017 | HE25: 5.506 | HF25: 4.58 | HG25: 10.086 | HH25: 3.931 | HI25: -0.126 | HJ25: 0.158 | HK25: 0.692 | HL25: 0.724 | HM25: 0 | HN25: 0.525 | HO25: 0.915 | HP25: 1.44 | HQ25: =HP25-HL25 -> 0.716 | HR25: 3.107 | HS25: -0.009 | HT25: 0.122 | HU25: 0.248 | HV25: 4.306 | HW25: 1.2 | HX25: 8.511 | HY25: 29.534 | HZ25: 1.144 | IA25: 30.678 | IB25: 12.007 | IC25: 0.285 | ID25: 12.292 | IE25: 17.528 | IF25: 0.858 | IG25: 18.386 | IH25: 2.567 | II25: 0.554 | IJ25: 3.121 | IK25: 0.598 | IL25: 0.187 | IM25: 0.785 | IN25: 0.023 | IO25: 0.396 | IP25: 0.419 | IQ25: 0.032 | IR25: 0.008 | IS25: 0.04 | IT25: 0.459 | IU25: 0.083 | IV25: 0 | IW25: 0.083 | IX25: 14.027 | IY25: 0.078 | IZ25: 14.105 | JA25: 23.602 | JB25: 23.602 | JC25: 4.976 | JD25: 1.95 | JE25: 6.926 | JF25: 0.676 | JG25: 0.028 | JH25: 0.704 | JI25: 0.626 | JJ25: 0.626 | JK25: 0.214 | JL25: 0 | JM25: 0.214 | JN25: 0.29 | JO25: 0.29 | JP25: 0.13 | JQ25: 0.008 | JR25: 0.138 | JS25: 0.244 | JT25: 0.244 | JU25: 4.664 | JV25: 2.161 | JW25: 1.489 | JX25: 8.314 | JY25: =JX25-KP25 -> 8.306 | JZ25: 0.562 | KA25: 1.66 | KB25: 2.222 | KC25: 0 | KD25: 0.843 | KE25: 0.843 | KF25: 3.065 | KG25: =KF25-KX25 -> 0.979 | KH25: 1.745 | KI25: 0.362 | KJ25: 2.107 | KK25: 4.977 | KL25: 1.95 | KM25: 2.115 | KN25: 9.042 | KO25: 0.008 | KP25: 0.008 | KQ25: 0 | KR25: 0.617 | KS25: 1.434 | KT25: 2.051 | KU25: 0 | KV25: 0.035 | KW25: 0.035 | KX25: 2.086 | KY25: 0 | KZ25: 43.323 | LA25: 0.901 | LB25: 44.224 | LC25: 35.627 | LD25: 1.045 | LE25: 36.672 | LF25: 7.696 | LG25: -0.143 | LH25: 7.553 | LI25: 0.035 | LJ25: 0.188 | LK25: 0.223 | LL25: 0 | LM25: 0.004 | LN25: 0.004 | LO25: 0.227 | LP25: 0 | LQ25: 0.126 | LR25: 0.099 | LS25: 0.225 | LT25: 0 | LU25: 0.225 | LV25: =LU25-LO25 -> -0.002 | LW25: 5.045 | LX25: 0.108 | LY25: 5.153 | LZ25: 0.277 | MA25: 0.277 | MB25: 0.068 | MC25: 0.068 | MD25: -0.039 | ME25: -0.039 | MF25: 2.341 | MG25: -0.248 | MH25: 2.093 | MI25: 4.306 | MJ25: 2.244 | MK25: 1.045 | ML25: 49.874 | MM25: -0.143 | MN25: 49.731 | MO25: 8.247 | MP25: 7.803 | MQ25: 0.444 | MR25: 0.134 | MS25: 0.032 | MT25: 0.032 | MU25: 0.078 | MV25: 0.46 | MW25: 0 | MX25: 0 | MY25: 0 | MZ25: 0.004 | NA25: 0.004 | NB25: 0.008 | NC25: 0 | ND25: 0.008 | NE25: 0.018 | NF25: 0.018 | NG25: 0.086 | NH25: 0.008 | NI25: 0.032 | NJ25: 0.104 | NK25: 0.23 | NL25: 0 | NM25: 0 | NN25: 0.032 | NO25: 0 | NP25: 0 | NQ25: 0 | NR25: 0 | NS25: 0 | NT25: 0 | NU25: 0 | NV25: 0 | NW25: 0 | NX25: 0 | NY25: 0.132 | NZ25: 0.041 | OA25: 0 | OB25: 0 | OC25: =OB25-MX25 -> 0 | OD25: 0.04 | OE25: 0.008 | OF25: 0.048 | OG25: 0.067 | OH25: 0.02 | OI25: 0 | OJ25: 0.087 | OK25: 0.008 | OL25: 0.083 | OM25: 0.304 | ON25: 0.337 | OO25: 0 | OP25: 0.732 | OQ25: =OP25-NK25 -> 0.502 | OR25: 0.082 | OS25: 0 | OT25: 0.082 | OU25: 0 | OV25: 0 | OW25: 0 | OX25: -0.861 | OY25: 63.794 | PC25: 5.36 | PF25: =PC25-($PC$48-$PF$48) -> 3.9199083 | PJ25: 55.809 | PK25: =IFERROR(HLOOKUP("b2_s11",real!$B$10:$AMM$83,$A25-1947,FALSE)+HLOOKUP("b2_s12",real!$B$10:$AMM$83,$A25-1947,FALSE)+HLOOKUP("b2_s13",real!$B$10:$AMM$83,$A25-1947,FALSE)+HLOOKUP("b2_s14",real!$B$10:$AMM$83,$A25-1947,FALSE),"") -> 24.14 | PL25: 63.792 | PN25: 33.024537 | PO25: 21.7 | PR25: 0.039846763 | PS25: 0.11272708 | QS25: 30.008256 | QT25: 1.9315733 | QW25: 5.338333 | QX25: 3.4067597 | RA25: 0.747037 | RB25: 0.747383 | RC25: 12535.875 | RJ25: 12535.875 | RL25: =W25 -> 8.535456 | RM25: =CP25 -> 7.223 | RN25: =RL25*100/Q25 -> 13.379791 | RO25: =RM25*100/Q25 -> 11.322445
A26: 1964 | B26: 590.10522 | C26: 44.643854 | D26: =E26+G26 -> 329.74845 | E26: 316.83383 | F26: 124.59132 | G26: 12.914613 | H26: 61.377752 | I26: 0.76296038 | J26: 35.714233 | K26: 47.268209 | L26: 0.4748327 | M26: =K26+L26 -> 47.743042 | N26: 1.6684287 | O26: 1.555692 | P26: 39.60736 | Q26: 70.755218 | R26: 9.135217 | S26: =T26+V26 -> 39.972351 | T26: 38.817061 | U26: 11.205626 | V26: 1.15529 | W26: 9.551308 | X26: 0.204029 | Y26: 3.716806 | Z26: 4.425138 | AA26: 0.113987 | AB26: =Z26+AA26 -> 4.539125 | AC26: 0.074366 | AD26: 1.36229 | AE26: 9.264534 | AF26: =(Q26/B26)/(Q$77/B$77) -> 0.11855328 | AG26: 0.11823605 | AH26: =(R26/C26)/(R$77/C$77) -> 0.20953669 | AI26: =(S26/D26)/(S$77/D$77) -> 0.12087682 | AJ26: =(T26/E26)/(T$77/E$77) -> 0.12219365 | AK26: =(U26/F26)/(U$77/F$77) -> 0.090019822 | AL26: =(V26/G26)/(V$77/G$77) -> 0.088734276 | AM26: =(W26/H26)/(W$77/H$77) -> 0.15585558 | AN26: =(X26/I26)/(X$77/I$77) -> 0.26959887 | AO26: =(Y26/J26)/(Y$77/J$77) -> 0.10555647 | ... AU26: =(AE26/P26)/(AE$77/P$77) -> 0.23211341 | AV26: 87.309 | AW26: 55.711 | AX26: 31.597 | AY26: 16.894 | AZ26: 3.907 | BA26: 1.04 | BB26: 4.947 | BC26: 0.26 | BD26: 1.137 | BE26: 1.397 | BF26: 0.586 | BG26: 8.945 | BH26: 0.574 | BI26: 0.859 | BJ26: 0 | BK26: 0.03 | BL26: 0 | BM26: 1.396 | BN26: 1.448 | BO26: 0 | BP26: 0.114 | BQ26: 1.04 | BR26: 0.047 | BS26: 1.087 | BT26: 0.31 | BU26: 0.028 | BV26: 0.338 | BW26: 0 | BX26: 1.078 | BY26: 1.078 | BZ26: 0.864 | CA26: 0.864 | CB26: 0.357 | CC26: 1.241 | CD26: 1.598 | CE26: =CD26-BV26 -> 1.26 | CF26: 5.333 | CG26: 5.333 | CH26: 0.297 | CI26: 0.267 | CJ26: 0.564 | CK26: =CJ26-CN26 -> 0.427 | CL26: 0 | CM26: 0.137 | CN26: 0.137 | CO26: 0 | CP26: 7.99 | CQ26: 0.988 | CR26: -0.092 | CS26: -3.125 | CT26: 3.277 | CU26: 1.402 | CV26: 1.874 | CW26: 0.66 | CX26: 0.209 | CY26: 0.02 | CZ26: 0.229 | DA26: 0.091 | DB26: 0.115 | DC26: 0.206 | DD26: 0.089 | DE26: 0.871 | DF26: 1.699 | DG26: =DF26-PH26 -> 1.699 | DH26: 0.136 | DI26: =DH26-PA26 -> 0.136 | DJ26: 0 | DK26: 0 | DL26: 0.022 | DM26: 1.346 | DN26: =DM26-PI26 -> 1.346 | DO26: 0.035 | DP26: =DO26-PB26 -> 0.035 | DQ26: 0 | DR26: 0.311 | DS26: =DR26-DL26 -> 0.289 | DT26: 0.082 | DU26: 0.02 | DV26: 0.205 | DW26: 0.307 | DX26: 1.519 | DY26: 0.298 | DZ26: 0 | EA26: 1.817 | EB26: 0.172 | EC26: 0 | ED26: 0.172 | EE26: =ED26-PG26 -> 0.172 | EF26: 0.325 | EG26: 0.325 | EH26: 0.298 | EI26: 1.39 | EJ26: 0.008 | EK26: 1.696 | EL26: 0.964 | EM26: 0.964 | EN26: 0 | EO26: 0.039 | EP26: 0.039 | EQ26: =EP26-ET26 -> 0.039 | ER26: 0 | ES26: 0 | ET26: 0 | EU26: 0 | EV26: 0.204 | EW26: 0.004 | EX26: 0.796 | EY26: 11.809 | EZ26: 3.261 | FA26: 8.548 | FB26: 5.087 | FC26: 0.634 | FD26: 1.089 | FE26: 1.723 | FF26: 0.16 | FG26: 0.013 | FH26: 0.173 | FI26: 0 | FJ26: 1.563 | FK26: 4.919 | FL26: 0.461 | FM26: 4.326 | FN26: 9.706 | FO26: 0.571 | FP26: 1.722 | FQ26: 2.293 | FR26: 0.72 | FS26: 0.761 | FT26: 0.414 | FU26: 0.264 | FV26: 0.004 | FW26: 0.064 | FX26: =FW26-FZ26 -> 0.064 | FY26: 0.598 | FZ26: 0 | GA26: 0 | GB26: 3.507 | GC26: 0.4 | GD26: =GE26-GQ26 -> 3.907 | GE26: 3.907 | GF26: 5.544 | GG26: 1.089 | GH26: 2.123 | GI26: 8.756 | GJ26: 0.027 | GK26: 0 | GL26: 0.036 | GM26: 0.295 | GN26: 0.358 | GO26: 0 | GP26: 0 | GQ26: 0 | GR26: 0 | GS26: 5.471 | GT26: 1.211 | GU26: 1.535 | GV26: 8.217 | GW26: 0.031 | GX26: 0 | GY26: 0.326 | GZ26: 0.51 | HA26: 0 | HB26: 0.867 | HC26: =HB26-GN26 -> 0.509 | HD26: 16.171 | HE26: 6.247 | HF26: 4.959 | HG26: 11.206 | HH26: 4.965 | HI26: -0.139 | HJ26: 0.178 | HK26: 0.776 | HL26: 0.815 | HM26: 0 | HN26: 0.578 | HO26: 1.035 | HP26: 1.613 | HQ26: =HP26-HL26 -> 0.798 | HR26: 3.717 | HS26: 0.007 | HT26: 0.131 | HU26: 0.591 | HV26: 4.82 | HW26: 1.427 | HX26: 9.925 | HY26: 31.537 | HZ26: 1.284 | IA26: 32.821 | IB26: 12.744 | IC26: 0.327 | ID26: 13.071 | IE26: 18.793 | IF26: 0.956 | IG26: 19.749 | IH26: 2.844 | II26: 0.621 | IJ26: 3.465 | IK26: 0.668 | IL26: 0.209 | IM26: 0.877 | IN26: 0.025 | IO26: 0.449 | IP26: 0.474 | IQ26: 0.032 | IR26: 0.008 | IS26: 0.04 | IT26: 0.514 | IU26: 0.084 | IV26: 0 | IW26: 0.084 | IX26: 14.894 | IY26: 0.087 | IZ26: 14.981 | JA26: 26.209 | JB26: 26.209 | JC26: 5.658 | JD26: 2.148 | JE26: 7.806 | JF26: 0.776 | JG26: 0.03 | JH26: 0.806 | JI26: 0.645 | JJ26: 0.645 | JK26: 0.252 | JL26: 0 | JM26: 0.252 | JN26: 0.305 | JO26: 0.305 | JP26: 0.182 | JQ26: 0.008 | JR26: 0.19 | JS26: 0.256 | JT26: 0.256 | JU26: 5.406 | JV26: 2.376 | JW26: 1.541 | JX26: 9.323 | JY26: =JX26-KP26 -> 9.315 | JZ26: 0.679 | KA26: 1.744 | KB26: 2.423 | KC26: 0 | KD26: 0.975 | KE26: 0.975 | KF26: 3.398 | KG26: =KF26-KX26 -> 1.1 | KH26: 2.252 | KI26: 0.4 | KJ26: 2.652 | KK26: 5.659 | KL26: 2.148 | KM26: 2.384 | KN26: 10.191 | KO26: 0.008 | KP26: 0.008 | KQ26: 0 | KR26: 0.747 | KS26: 1.511 | KT26: 2.258 | KU26: 0 | KV26: 0.04 | KW26: 0.04 | KX26: 2.298 | KY26: 0 | KZ26: 47.094 | LA26: 1.038 | LB26: 48.132 | LC26: 38.817 | LD26: 1.155 | LE26: 39.972 | LF26: 8.277 | LG26: -0.118 | LH26: 8.159 | LI26: 0.036 | LJ26: 0.195 | LK26: 0.231 | LL26: 0 | LM26: 0.004 | LN26: 0.004 | LO26: 0.235 | LP26: 0 | LQ26: 0.139 | LR26: 0.11 | LS26: 0.249 | LT26: 0 | LU26: 0.249 | LV26: =LU26-LO26 -> 0.014 | LW26: 5.986 | LX26: 0.114 | LY26: 6.1 | LZ26: 0.367 | MA26: 0.367 | MB26: 0.074 | MC26: 0.074 | MD26: -0.043 | ME26: -0.043 | MF26: 1.875 | MG26: -0.228 | MH26: 1.647 | MI26: 4.82 | MJ26: 2.582 | MK26: 1.155 | ML26: 54.496 | MM26: -0.118 | MN26: 54.378 | MO26: 9.264 | MP26: 9.135 | MQ26: 0.13 | MR26: 0.14 | MS26: 0.035 | MT26: 0.035 | MU26: 0.126 | MV26: 0.471 | MW26: 0 | MX26: 0 | MY26: 0 | MZ26: 0.004 | NA26: 0.004 | NB26: 0.008 | NC26: 0 | ND26: 0.008 | NE26: 0.02 | NF26: 0.02 | NG26: 0.094 | NH26: 0.008 | NI26: 0.036 | NJ26: 0.11 | NK26: 0.248 | NL26: 0 | NM26: 0 | NN26: 0.036 | NO26: 0 | NP26: 0 | NQ26: 0 | NR26: 0 | NS26: 0 | NT26: 0 | NU26: 0 | NV26: 0 | NW26: 0 | NX26: 0 | NY26: 0.164 | NZ26: 0.05 | OA26: 0 | OB26: 0 | OC26: =OB26-MX26 -> 0 | OD26: 0.04 | OE26: 0.008 | OF26: 0.048 | OG26: 0.086 | OH26: 0.024 | OI26: 0 | OJ26: 0.11 | OK26: 0.011 | OL26: 0.084 | OM26: 0.326 | ON26: 0.379 | OO26: 0 | OP26: 0.8 | OQ26: =OP26-NK26 -> 0.552 | OR26: 0.067 | OS26: 0 | OT26: 0.067 | OU26: 0 | OV26: 0 | OW26: 0 | OX26: -0.623 | OY26: 70.755 | PC26: 5.45 | PF26: =PC26-($PC$48-$PF$48) -> 4.0099083 | PJ26: 61.768 | PK26: =IFERROR(HLOOKUP("b2_s11",real!$B$10:$AMM$83,$A26-1947,FALSE)+HLOOKUP("b2_s12",real!$B$10:$AMM$83,$A26-1947,FALSE)+HLOOKUP("b2_s13",real!$B$10:$AMM$83,$A26-1947,FALSE)+HLOOKUP("b2_s14",real!$B$10:$AMM$83,$A26-1947,FALSE),"") -> 26.36 | PL26: 70.754 | PN26: 33.024537 | PO26: 22.1 | PR26: 0.044886897 | PS26: 0.11346877 | QS26: 30.403202 | QT26: 1.864567 | QW26: 5.449167 | QX26: 3.5846 | RA26: 0.747063 | RB26: 0.746938 | RC26: 13358.014 | RF26: 128.52 | RG26: 124.71 | RH26: =RF26*100/RF$77 -> 131.00917 | RI26: =RG26*100/RG$77 -> 126.03335 | RJ26: 13358.014 | RL26: =W26 -> 9.551308 | RM26: =CP26 -> 7.99 | RN26: =RL26*100/Q26 -> 13.499086 | RO26: =RM26*100/Q26 -> 11.292453
A27: 1965 | B27: 618.79275 | C27: 45.77483 | D27: =E27+G27 -> 342.41794 | E27: 329.06568 | F27: 130.5067 | G27: 13.352259 | H27: 62.45604 | I27: 0.80947939 | J27: 38.919832 | K27: 52.728313 | L27: 0.48752134 | M27: =K27+L27 -> 53.215834 | N27: 1.5193681 | O27: -1.528934 | P27: 43.887444 | Q27: 76.421995 | R27: 9.464525 | S27: =T27+V27 -> 42.619656 | T27: 41.367756 | U27: 12.123612 | V27: 1.2519 | W27: 10.024126 | X27: 0.223548 | Y27: 4.200427 | Z27: 5.17133 | AA27: 0.120852 | AB27: =Z27+AA27 -> 5.292182 | AC27: 0.081616 | AD27: 0.95131 | AE27: 10.370043 | AF27: =(Q27/B27)/(Q$77/B$77) -> 0.12211183 | AG27: 0.12093443 | AH27: =(R27/C27)/(R$77/C$77) -> 0.21172638 | AI27: =(S27/D27)/(S$77/D$77) -> 0.12411364 | AJ27: =(T27/E27)/(T$77/E$77) -> 0.1253825 | AK27: =(U27/F27)/(U$77/F$77) -> 0.092979889 | AL27: =(V27/G27)/(V$77/G$77) -> 0.093002947 | AM27: =(W27/H27)/(W$77/H$77) -> 0.16074688 | AN27: =(X27/I27)/(X$77/I$77) -> 0.27841533 | AO27: =(Y27/J27)/(Y$77/J$77) -> 0.10946588 | ... AU27: =(AE27/P27)/(AE$77/P$77) -> 0.23447299 | AV27: 92.989 | AW27: 58.581 | AX27: 34.407 | AY27: 18.208 | AZ27: 4.371 | BA27: 1.124 | BB27: 5.495 | BC27: 0.285 | BD27: 1.241 | BE27: 1.526 | BF27: 0.667 | BG27: 9.845 | BH27: 0.645 | BI27: 0.938 | BJ27: 0 | BK27: 0.035 | BL27: 0 | BM27: 1.539 | BN27: 1.582 | BO27: 0 | BP27: 0.121 | BQ27: 1.124 | BR27: 0.052 | BS27: 1.176 | BT27: 0.361 | BU27: 0.032 | BV27: 0.393 | BW27: 0 | BX27: 1.161 | BY27: 1.161 | BZ27: 0.935 | CA27: 0.935 | CB27: 0.42 | CC27: 1.316 | CD27: 1.736 | CE27: =CD27-BV27 -> 1.343 | CF27: 5.957 | CG27: 5.957 | CH27: 0.34 | CI27: 0.307 | CJ27: 0.647 | CK27: =CJ27-CN27 -> 0.504 | CL27: 0 | CM27: 0.143 | CN27: 0.143 | CO27: 0 | CP27: 8.526 | CQ27: 0.49 | CR27: -0.093 | CS27: -2.462 | CT27: 3.64 | CU27: 1.553 | CV27: 2.087 | CW27: 0.718 | CX27: 0.228 | CY27: 0.02 | CZ27: 0.248 | DA27: 0.099 | DB27: 0.125 | DC27: 0.224 | DD27: 0.102 | DE27: 0.997 | DF27: 1.931 | DG27: =DF27-PH27 -> 1.931 | DH27: 0.137 | DI27: =DH27-PA27 -> 0.137 | DJ27: 0 | DK27: 0 | DL27: 0.024 | DM27: 1.522 | DN27: =DM27-PI27 -> 1.522 | DO27: 0.034 | DP27: =DO27-PB27 -> 0.034 | DQ27: 0 | DR27: 0.364 | DS27: =DR27-DL27 -> 0.34 | DT27: 0.088 | DU27: 0.02 | DV27: 0.224 | DW27: 0.332 | DX27: 1.735 | DY27: 0.34 | DZ27: 0 | EA27: 2.075 | EB27: 0.216 | EC27: 0 | ED27: 0.216 | EE27: =ED27-PG27 -> 0.216 | EF27: 0.363 | EG27: 0.363 | EH27: 0.342 | EI27: 1.588 | EJ27: 0.008 | EK27: 1.938 | EL27: 1.062 | EM27: 1.062 | EN27: 0 | EO27: 0.045 | EP27: 0.045 | EQ27: =EP27-ET27 -> 0.045 | ER27: 0 | ES27: 0 | ET27: 0 | EU27: 0 | EV27: 0.224 | EW27: 0.004 | EX27: 0.879 | EY27: 12.736 | EZ27: 3.578 | FA27: 9.157 | FB27: 5.404 | FC27: 0.602 | FD27: 1.234 | FE27: 1.836 | FF27: 0.183 | FG27: 0.016 | FH27: 0.199 | FI27: 0 | FJ27: 1.719 | FK27: 5.169 | FL27: 0.476 | FM27: 4.693 | FN27: 10.338 | FO27: 0.629 | FP27: 1.874 | FQ27: 2.503 | FR27: 0.817 | FS27: 0.865 | FT27: 0.467 | FU27: 0.295 | FV27: 0.004 | FW27: 0.071 | FX27: =FW27-FZ27 -> 0.071 | FY27: 0.672 | FZ27: 0 | GA27: 0 | GB27: 3.943 | GC27: 0.431 | GD27: =GE27-GQ27 -> 4.374 | GE27: 4.374 | GF27: 6.079 | GG27: 1.234 | GH27: 2.334 | GI27: 9.647 | GJ27: 0.031 | GK27: 0 | GL27: 0.043 | GM27: 0.338 | GN27: 0.412 | GO27: 0 | GP27: 0 | GQ27: 0 | GR27: 0 | GS27: 6.139 | GT27: 1.371 | GU27: 1.509 | GV27: 9.019 | GW27: 0.036 | GX27: 0 | GY27: 0.332 | GZ27: 0.634 | HA27: 0 | HB27: 1.002 | HC27: =HB27-GN27 -> 0.59 | HD27: 17.458 | HE27: 6.835 | HF27: 5.288 | HG27: 12.123 | HH27: 5.335 | HI27: -0.147 | HJ27: 0.199 | HK27: 0.866 | HL27: 0.918 | HM27: 0 | HN27: 0.629 | HO27: 1.147 | HP27: 1.776 | HQ27: =HP27-HL27 -> 0.858 | HR27: 4.2 | HS27: 0.012 | HT27: 0.131 | HU27: 0.429 | HV27: 5.19 | HW27: 1.646 | HX27: 10.622 | HY27: 34.03 | HZ27: 1.374 | IA27: 35.404 | IB27: 13.803 | IC27: 0.354 | ID27: 14.157 | IE27: 20.229 | IF27: 1.021 | IG27: 21.25 | IH27: 3.051 | II27: 0.666 | IJ27: 3.717 | IK27: 0.74 | IL27: 0.226 | IM27: 0.966 | IN27: 0.028 | IO27: 0.484 | IP27: 0.512 | IQ27: 0.032 | IR27: 0.008 | IS27: 0.04 | IT27: 0.552 | IU27: 0.096 | IV27: 0 | IW27: 0.096 | IX27: 16.019 | IY27: 0.091 | IZ27: 16.11 | JA27: 28.154 | JB27: 28.154 | JC27: 6.199 | JD27: 2.378 | JE27: 8.577 | JF27: 0.828 | JG27: 0.032 | JH27: 0.86 | JI27: 0.68 | JJ27: 0.68 | JK27: 0.298 | JL27: 0 | JM27: 0.298 | JN27: 0.318 | JO27: 0.318 | JP27: 0.202 | JQ27: 0.008 | JR27: 0.21 | JS27: 0.267 | JT27: 0.267 | JU27: 6.076 | JV27: 2.642 | JW27: 1.517 | JX27: 10.235 | JY27: =JX27-KP27 -> 10.227 | JZ27: 0.775 | KA27: 1.833 | KB27: 2.608 | KC27: 0 | KD27: 1.086 | KE27: 1.086 | KF27: 3.694 | KG27: =KF27-KX27 -> 1.196 | KH27: 2.561 | KI27: 0.431 | KJ27: 2.992 | KK27: 6.201 | KL27: 2.378 | KM27: 2.618 | KN27: 11.197 | KO27: 0.008 | KP27: 0.008 | KQ27: 0 | KR27: 0.852 | KS27: 1.599 | KT27: 2.451 | KU27: 0 | KV27: 0.047 | KW27: 0.047 | KX27: 2.498 | KY27: 0 | KZ27: 50.607 | LA27: 1.148 | LB27: 51.755 | LC27: 41.368 | LD27: 1.253 | LE27: 42.621 | LF27: 9.239 | LG27: -0.104 | LH27: 9.135 | LI27: 0.034 | LJ27: 0.184 | LK27: 0.218 | LL27: 0 | LM27: 0.004 | LN27: 0.004 | LO27: 0.222 | LP27: 0 | LQ27: 0.147 | LR27: 0.116 | LS27: 0.263 | LT27: 0 | LU27: 0.263 | LV27: =LU27-LO27 -> 0.041 | LW27: 6.67 | LX27: 0.121 | LY27: 6.791 | LZ27: 0.449 | MA27: 0.449 | MB27: 0.082 | MC27: 0.082 | MD27: -0.043 | ME27: -0.043 | MF27: 2.036 | MG27: -0.221 | MH27: 1.815 | MI27: 5.19 | MJ27: 2.899 | MK27: 1.253 | ML27: 58.694 | MM27: -0.104 | MN27: 58.59 | MO27: 10.371 | MP27: 9.465 | MQ27: 0.906 | MR27: 0.145 | MS27: 0.036 | MT27: 0.036 | MU27: 0.155 | MV27: 0.49 | MW27: 0 | MX27: 0 | MY27: 0 | MZ27: 0.004 | NA27: 0.004 | NB27: 0.008 | NC27: 0 | ND27: 0.008 | NE27: 0.02 | NF27: 0.02 | NG27: 0.093 | NH27: 0.01 | NI27: 0.043 | NJ27: 0.117 | NK27: 0.263 | NL27: 0 | NM27: 0 | NN27: 0.036 | NO27: 0 | NP27: 0 | NQ27: 0 | NR27: 0 | NS27: 0 | NT27: 0 | NU27: 0 | NV27: 0 | NW27: 0 | NX27: 0 | NY27: 0.193 | NZ27: 0.056 | OA27: 0 | OB27: 0 | OC27: =OB27-MX27 -> 0 | OD27: 0.043 | OE27: 0.009 | OF27: 0.052 | OG27: 0.085 | OH27: 0.027 | OI27: 0 | OJ27: 0.112 | OK27: 0.012 | OL27: 0.089 | OM27: 0.332 | ON27: 0.434 | OO27: 0 | OP27: 0.867 | OQ27: =OP27-NK27 -> 0.604 | OR27: 0.056 | OS27: 0 | OT27: 0.056 | OU27: 0 | OV27: 0 | OW27: 0 | OX27: -1.494 | OY27: 76.421 | PC27: 6.28 | PF27: =PC27-($PC$48-$PF$48) -> 4.8399083 | PJ27: 66.901 | PK27: =IFERROR(HLOOKUP("b2_s11",real!$B$10:$AMM$83,$A27-1947,FALSE)+HLOOKUP("b2_s12",real!$B$10:$AMM$83,$A27-1947,FALSE)+HLOOKUP("b2_s13",real!$B$10:$AMM$83,$A27-1947,FALSE)+HLOOKUP("b2_s14",real!$B$10:$AMM$83,$A27-1947,FALSE),"") -> 28.671 | PL27: 76.422 | PN27: 33.024537 | PO27: 22.4 | PR27: 0.048639633 | PS27: 0.11570905 | QS27: 30.785218 | QT27: 2.4899304 | QW27: 6.2025 | QX27: 3.7125696 | RA27: 0.747129 | RB27: 0.746881 | RC27: 14099.267 | RF27: 128.8 | RG27: 122.84 | RH27: =RF27*100/RF$77 -> 131.2946 | RI27: =RG27*100/RG$77 -> 124.14351 | RJ27: 14099.267 | RL27: =W27 -> 10.024126 | RM27: =CP27 -> 8.526 | RN27: =RL27*100/Q27 -> 13.116808 | RO27: =RM27*100/Q27 -> 11.156474
A28: 1966 | B28: 651.29071 | C28: 51.011211 | D28: =E28+G28 -> 358.13653 | E28: 344.85242 | F28: 136.64863 | G28: 13.284105 | H28: 67.536088 | I28: 0.86078248 | J28: 40.029064 | K28: 58.310958 | L28: 0.51720781 | M28: =K28+L28 -> 58.828166 | N28: 1.3227639 | O28: 0.883106 | P28: 46.920689 | Q28: 82.825593 | R28: 10.759117 | S28: =T28+V28 -> 45.960777 | T28: 44.646617 | U28: 13.201387 | V28: 1.31416 | W28: 10.992506 | X28: 0.24648 | Y28: 4.44407 | Z28: 5.842386 | AA28: 0.129244 | AB28: =Z28+AA28 -> 5.97163 | AC28: 0.085521 | AD28: 1.4231 | AE28: 11.259239 | AF28: =(Q28/B28)/(Q$77/B$77) -> 0.12574023 | AG28: 0.12560399 | AH28: =(R28/C28)/(R$77/C$77) -> 0.21598018 | AI28: =(S28/D28)/(S$77/D$77) -> 0.12796902 | AJ28: =(T28/E28)/(T$77/E$77) -> 0.12912574 | AK28: =(U28/F28)/(U$77/F$77) -> 0.096695019 | AL28: =(V28/G28)/(V$77/G$77) -> 0.098129082 | AM28: =(W28/H28)/(W$77/H$77) -> 0.1630164 | AN28: =(X28/I28)/(X$77/I$77) -> 0.28867981 | AO28: =(Y28/J28)/(Y$77/J$77) -> 0.11260606 | ... AU28: =(AE28/P28)/(AE$77/P$77) -> 0.23812073 | AV28: 101.438 | AW28: 64.207 | AX28: 37.232 | AY28: 19.619 | AZ28: 4.703 | BA28: 1.205 | BB28: 5.908 | BC28: 0.313 | BD28: 1.349 | BE28: 1.662 | BF28: 0.734 | BG28: 10.777 | BH28: 0.681 | BI28: 0.99 | BJ28: 0 | BK28: 0.039 | BL28: 0 | BM28: 1.693 | BN28: 1.707 | BO28: 0 | BP28: 0.13 | BQ28: 1.206 | BR28: 0.054 | BS28: 1.26 | BT28: 0.413 | BU28: 0.035 | BV28: 0.448 | BW28: 0 | BX28: 1.1 | BY28: 1.1 | BZ28: 1.003 | CA28: 1.003 | CB28: 0.48 | CC28: 1.433 | CD28: 1.913 | CE28: =CD28-BV28 -> 1.465 | CF28: 6.649 | CG28: 6.649 | CH28: 0.532 | CI28: 0.481 | CJ28: 1.013 | CK28: =CJ28-CN28 -> 0.855 | CL28: 0 | CM28: 0.158 | CN28: 0.158 | CO28: 0 | CP28: 9.322 | CQ28: 0.896 | CR28: -0.127 | CS28: -2.589 | CT28: 3.95 | CU28: 1.706 | CV28: 2.242 | CW28: 0.788 | CX28: 0.25 | CY28: 0.023 | CZ28: 0.273 | DA28: 0.128 | DB28: 0.16 | DC28: 0.288 | DD28: 0.111 | DE28: 1.007 | DF28: 2.165 | DG28: =DF28-PH28 -> 2.165 | DH28: 0.175 | DI28: =DH28-PA28 -> 0.175 | DJ28: 0 | DK28: 0 | DL28: 0.028 | DM28: 1.715 | DN28: =DM28-PI28 -> 1.715 | DO28: 0.036 | DP28: =DO28-PB28 -> 0.036 | DQ28: 0 | DR28: 0.408 | DS28: =DR28-DL28 -> 0.38 | DT28: 0.098 | DU28: 0.023 | DV28: 0.246 | DW28: 0.367 | DX28: 1.936 | DY28: 0.38 | DZ28: 0 | EA28: 2.316 | EB28: 0.188 | EC28: 0 | ED28: 0.188 | EE28: =ED28-PG28 -> 0.188 | EF28: 0.403 | EG28: 0.403 | EH28: 0.381 | EI28: 1.772 | EJ28: 0.008 | EK28: 2.161 | EL28: 1.144 | EM28: 1.144 | EN28: 0 | EO28: 0.051 | EP28: 0.051 | EQ28: =EP28-ET28 -> 0.051 | ER28: 0 | ES28: 0 | ET28: 0 | EU28: 0 | EV28: 0.247 | EW28: 0.004 | EX28: 0.943 | EY28: 13.754 | EZ28: 3.894 | FA28: 9.86 | FB28: 5.767 | FC28: 0.665 | FD28: 1.323 | FE28: 1.988 | FF28: 0.201 | FG28: 0.016 | FH28: 0.217 | FI28: 0 | FJ28: 1.886 | FK28: 5.721 | FL28: 0.484 | FM28: 4.961 | FN28: 11.166 | FO28: 0.706 | FP28: 2.071 | FQ28: 2.777 | FR28: 0.9 | FS28: 0.952 | FT28: 0.472 | FU28: 0.296 | FV28: 0.008 | FW28: 0.077 | FX28: =FW28-FZ28 -> 0.077 | FY28: 0.665 | FZ28: 0 | GA28: 0 | GB28: 4.12 | GC28: 0.482 | GD28: =GE28-GQ28 -> 4.602 | GE28: 4.602 | GF28: 6.577 | GG28: 1.323 | GH28: 2.604 | GI28: 10.504 | GJ28: 0.035 | GK28: 0 | GL28: 0.049 | GM28: 0.36 | GN28: 0.444 | GO28: 0 | GP28: 0 | GQ28: 0 | GR28: 0 | GS28: 6.81 | GT28: 1.469 | GU28: 1.524 | GV28: 9.803 | GW28: 0.041 | GX28: 0 | GY28: 0.336 | GZ28: 0.646 | HA28: 0 | HB28: 1.023 | HC28: =HB28-GN28 -> 0.579 | HD28: 18.879 | HE28: 7.513 | HF28: 5.688 | HG28: 13.201 | HH28: 5.678 | HI28: -0.18 | HJ28: 0.206 | HK28: 0.899 | HL28: 0.925 | HM28: 0 | HN28: 0.824 | HO28: 1.308 | HP28: 2.132 | HQ28: =HP28-HL28 -> 1.207 | HR28: 4.443 | HS28: 0.024 | HT28: 0.182 | HU28: 0.179 | HV28: 5.616 | HW28: 1.898 | HX28: 11.366 | HY28: 36.373 | HZ28: 1.473 | IA28: 37.846 | IB28: 14.245 | IC28: 0.373 | ID28: 14.618 | IE28: 22.127 | IF28: 1.101 | IG28: 23.228 | IH28: 3.344 | II28: 0.714 | IJ28: 4.058 | IK28: 0.816 | IL28: 0.242 | IM28: 1.058 | IN28: 0.032 | IO28: 0.536 | IP28: 0.568 | IQ28: 0.032 | IR28: 0.008 | IS28: 0.04 | IT28: 0.608 | IU28: 0.107 | IV28: 0 | IW28: 0.107 | IX28: 17.506 | IY28: 0.105 | IZ28: 17.611 | JA28: 30.358 | JB28: 30.358 | JC28: 6.712 | JD28: 2.552 | JE28: 9.264 | JF28: 0.908 | JG28: 0.034 | JH28: 0.942 | JI28: 0.721 | JJ28: 0.721 | JK28: 0.335 | JL28: 0 | JM28: 0.335 | JN28: 0.337 | JO28: 0.337 | JP28: 0.258 | JQ28: 0.008 | JR28: 0.266 | JS28: 0.284 | JT28: 0.284 | JU28: 6.746 | JV28: 2.847 | JW28: 1.533 | JX28: 11.126 | JY28: =JX28-KP28 -> 11.118 | JZ28: 0.865 | KA28: 1.952 | KB28: 2.817 | KC28: 0 | KD28: 1.132 | KE28: 1.132 | KF28: 3.949 | KG28: =KF28-KX28 -> 1.245 | KH28: 2.827 | KI28: 0.482 | KJ28: 3.309 | KK28: 6.714 | KL28: 2.552 | KM28: 2.913 | KN28: 12.179 | KO28: 0.008 | KP28: 0.008 | KQ28: 0 | KR28: 0.951 | KS28: 1.702 | KT28: 2.653 | KU28: 0.002 | KV28: 0.049 | KW28: 0.051 | KX28: 2.704 | KY28: 0 | KZ28: 54.686 | LA28: 1.209 | LB28: 55.895 | LC28: 44.647 | LD28: 1.314 | LE28: 45.961 | LF28: 10.04 | LG28: -0.105 | LH28: 9.935 | LI28: 0.032 | LJ28: 0.172 | LK28: 0.204 | LL28: 0 | LM28: 0.004 | LN28: 0.004 | LO28: 0.208 | LP28: 0 | LQ28: 0.18 | LR28: 0.14 | LS28: 0.32 | LT28: 0 | LU28: 0.32 | LV28: =LU28-LO28 -> 0.112 | LW28: 7.512 | LX28: 0.13 | LY28: 7.642 | LZ28: 0.502 | MA28: 0.502 | MB28: 0.085 | MC28: 0.085 | MD28: -0.058 | ME28: -0.058 | MF28: 1.883 | MG28: -0.231 | MH28: 1.652 | MI28: 5.616 | MJ28: 3.212 | MK28: 1.314 | ML28: 63.514 | MM28: -0.105 | MN28: 63.409 | MO28: 11.26 | MP28: 10.76 | MQ28: 0.5 | MR28: 0.16 | MS28: 0.04 | MT28: 0.04 | MU28: 0.151 | MV28: 0.499 | MW28: 0 | MX28: 0 | MY28: 0 | MZ28: 0.004 | NA28: 0.004 | NB28: 0.008 | NC28: 0 | ND28: 0.008 | NE28: 0.02 | NF28: 0.02 | NG28: 0.093 | NH28: 0.012 | NI28: 0.049 | NJ28: 0.119 | NK28: 0.273 | NL28: 0 | NM28: 0 | NN28: 0.033 | NO28: 0 | NP28: 0 | NQ28: 0 | NR28: 0 | NS28: 0 | NT28: 0 | NU28: 0 | NV28: 0 | NW28: 0 | NX28: 0 | NY28: 0.232 | NZ28: 0.061 | OA28: 0 | OB28: 0 | OC28: =OB28-MX28 -> 0 | OD28: 0.048 | OE28: 0.012 | OF28: 0.06 | OG28: 0.084 | OH28: 0.028 | OI28: 0 | OJ28: 0.112 | OK28: 0.012 | OL28: 0.089 | OM28: 0.336 | ON28: 0.479 | OO28: 0 | OP28: 0.916 | OQ28: =OP28-NK28 -> 0.643 | OR28: 0.054 | OS28: 0 | OT28: 0.054 | OU28: 0 | OV28: 0 | OW28: 0 | OX28: -1.25 | OY28: 82.826 | PC28: 6.79 | PE28: 3 | PF28: =PC28-($PC$48-$PF$48) -> 5.3499083 | PJ28: 72.562 | PK28: =IFERROR(HLOOKUP("b2_s11",real!$B$10:$AMM$83,$A28-1947,FALSE)+HLOOKUP("b2_s12",real!$B$10:$AMM$83,$A28-1947,FALSE)+HLOOKUP("b2_s13",real!$B$10:$AMM$83,$A28-1947,FALSE)+HLOOKUP("b2_s14",real!$B$10:$AMM$83,$A28-1947,FALSE),"") -> 31.281 | PL28: 82.828 | PN28: 33.024537 | PO28: 22.7 | PR28: 0.04401647 | PS28: 0.11914981 | QS28: 31.13622 | QT28: 2.4557078 | QW28: 6.579167 | QX28: 4.1234592 | QY28: 3 | RA28: 0.749031 | RB28: 0.75443 | RC28: 14904.707 | RF28: 127.48 | RG28: 120.77 | RH28: =RF28*100/RF$77 -> 129.94903 | RI28: =RG28*100/RG$77 -> 122.05154 | RJ28: 14904.707 | RL28: =W28 -> 10.992506 | RM28: =CP28 -> 9.322 | RN28: =RL28*100/Q28 -> 13.271871 | RO28: =RM28*100/Q28 -> 11.254975
